Workbook
Name ___nit1: #REF!
Name ___nit1: #REF!
Name ___nit1: #REF!
Name __nit1: #REF!
Name __nit1: #REF!
Name _nit1: #REF!
Name _nit1: #REF!
Name A_2018: [1]Comprobacion!#REF!
Name A_2018: [1]Comprobacion!#REF!
Name A_impresión_IM: #REF!
Name A_impresión_IM: #REF!
Name A_impresión_IM: #REF!
Name aaa: MATCH(0.01,'26. solvencia'!End_Bal,-1)+1
Name aaa: MATCH(0.01,End_Bal,-1)+1
Name aaa: MATCH(0.01,End_Bal,-1)+1
Name aaa: MATCH(0.01,End_Bal,-1)+1
Name aaa: MATCH(0.01,End_Bal,-1)+1
Name aaa: MATCH(0.01,End_Bal,-1)+1
Name agencias: [2]Listas!$U$2:$U$10
Name avvillas: #REF!
Name avvillas: #REF!
Name avvillas: #REF!
Name BANCOS: [3]BANCOS!$A$2:$A$25
Name BASE_DATOS_ESTUDIO_CRED: #REF!
Name BASE_DATOS_ESTUDIO_CRED: #REF!
Name BASE_DATOS_ESTUDIO_CRED: #REF!
Name BASE1F: #REF!
Name BASE1F: #REF!
Name BASE1F: #REF!
Name BASE1F: #REF!
Name Beg_Bal: #REF!
Name Beg_Bal: #REF!
Name cartera: #REF!
Name cartera: #REF!
Name clientes: #REF!
Name clientes: #REF!
Name CODENTIDAD: '[4]+DATOS'!$F$52:$F$231
Name contador1: 5
Name contador2: 5
Name COOPERATIVAS: [5]COOPERATIVAS!$C$4:$C$191
Name COORDINACION: '[4]DATOS COORDINACION SEGUIMIENTO'!$O$4:$O$6
Name Data: #REF!
Name Data: #REF!
Name Data: #REF!
Name depositos: #REF!
Name depositos: #REF!
Name DINERS: #REF!
Name DINERS: #REF!
Name End_Bal: #REF!
Name End_Bal: #REF!
Name ESCENARIOS: '[6]DATOS CALIFICACION'!$T$36:$T$39
Name Extra_Pay: #REF!
Name Extra_Pay: #REF!
Name Extra_Pay: #REF!
Name FECHA: #REF!
Name FECHA: #REF!
Name Fecha_de_Corte: #REF!
Name Fecha_de_Corte: #REF!
Name Fecha_de_Corte: #REF!
Name Fecha_de_Corte: #REF!

Sheet CAPACIDAD PATRIMONIAL
A1: CUC | B1: Posición | C1: RIESGO | D1: Vr contable | E1: % Var | F1: Vr Riesgo | G1: Vr poliza / Deterioro | H1: Deducible | I1: VaR | J1: Observacion
A2: 100000 | B2: =PROPER(VLOOKUP(A2,cuc!A4:B2090,2,FALSE)) -> Activo | C2: SARO | D2: =VLOOKUP(A2,cuc!$A$4:$H$2090,8,FALSE) -> 3.5741855e+10 | E2: 0.01 | F2: =+D2*E2 -> 3.5741855e+08 | G2: 0 | H2: 0 | I2: =IF(+F2+G2+H2>0,+F2+G2+H2,0) -> 3.5741855e+08 | J2: Demandas, multas
A3: 110500 | B3: =PROPER(VLOOKUP(A3,cuc!A5:B2091,2,FALSE)) -> Caja | C3: SARO | D3: =VLOOKUP(A3,cuc!$A$4:$H$2090,8,FALSE) -> 1970000 | E3: 0.2 | F3: =+D3*E3 -> 394000 | G3: =-F3 -> -394000 | H3: =-G3*10% -> 39400 | I3: =IF(+F3+G3+H3>0,+F3+G3+H3,0) -> 39400 | J3: Sustracción
A4: 111000 | B4: =PROPER(VLOOKUP(A4,cuc!A6:B2092,2,FALSE)) -> Bancos Y Otras Entidades Con Actividad Financiera | C4: SARO | D4: =VLOOKUP(A4,cuc!$A$4:$H$2090,8,FALSE) -> 1.792398e+09 | E4: 0.1 | F4: =+D4*E4 -> 1.792398e+08 | G4: =-F4 -> -1.792398e+08 | H4: =-G4*10% -> 17923980 | I4: =IF(+F4+G4+H4>0,+F4+G4+H4,0) -> 17923980 | J4: Fraude
A5: 111500 | B5: =PROPER(VLOOKUP(A5,cuc!A7:B2093,2,FALSE)) -> Equivalentes Al Efectivo (Compromiso De Pago) | C5: SARM | D5: =VLOOKUP(A5,cuc!$A$4:$H$2090,8,FALSE) -> 5.1652189e+08 | E5: 0.1 | F5: =+D5*E5 -> 51652189 | G5: 0 | H5: =+G5*-10% -> 0 | I5: =IF(+F5+G5+H5>0,+F5+G5+H5,0) -> 51652189 | J5: Desvalorización
A6: 120000 | B6: =PROPER(VLOOKUP(A6,cuc!A8:B2094,2,FALSE)) -> Inversiones | C6: SARM | D6: =VLOOKUP(A6,cuc!$A$4:$H$2090,8,FALSE) -> 6878610012 | E6: 0.1 | F6: =+D6*E6 -> 6.87861e+08 | G6: 0 | H6: =+G6*-10% -> 0 | I6: =IF(+F6+G6+H6>0,+F6+G6+H6,0) -> 6.87861e+08 | J6: Desvalorización
A7: 140000 | B7: =PROPER(VLOOKUP(A7,cuc!A11:B2097,2,FALSE)) -> Cartera De CrÉditos | C7: SARC | D7: =VLOOKUP(A7,cuc!$A$4:$H$2090,8,FALSE) -> 2.5213472e+10 | E7: 0.04 | F7: =+D7*E7 -> 1.0085389e+09 | G7: =-D7*1% -> -2.5213472e+08 | H7: 0 | I7: =IF(+F7+G7+H7>0,+F7+G7+H7,0) -> 7.5640415e+08 | J7: Deterioro
A8: 160000 | B8: =PROPER(VLOOKUP(A8,cuc!A12:B2098,2,FALSE)) -> Cuentas Por Cobrar Y Otras | C8: SARC | D8: =VLOOKUP(A8,cuc!$A$4:$H$2090,8,FALSE) -> 1.0527325e+08 | E8: 0.2 | F8: =+D8*E8 -> 21054651 | G8: 0 | H8: 0 | I8: =IF(+F8+G8+H8>0,+F8+G8+H8,0) -> 21054651 | J8: Deterioro
A9: 170000 | B9: =PROPER(VLOOKUP(A9,cuc!A15:B2101,2,FALSE)) -> Activos Materiales | C9: SARO | D9: =VLOOKUP(A9,cuc!$A$4:$H$2090,8,FALSE) -> 8.0756462e+08 | E9: 1 | F9: =+SUM(D9:D9) -> 8.0756462e+08 | G9: =-F9 -> -8.0756462e+08 | H9: =-G9*10% -> 80756462 | I9: =IF(+F9+G9+H9>0,+F9+G9+H9,0) -> 80756462 | J9: Destrucción, Robo
A10: 190000 | B10: =PROPER(VLOOKUP(A10,cuc!A21:B2107,2,FALSE)) -> Otros Activos | C10: SARO | D10: =VLOOKUP(A10,cuc!$A$4:$H$2090,8,FALSE) -> 0 | E10: 1 | F10: =+SUM(D10:D15) -> 0 | I10: =IF(+F10+G10+H10>0,+F10+G10+H10,0) -> 0
B11: Total Exposicion Riesgos | I11: =+SUM(I2:I10) -> 1.9731104e+09
B12: Patrimonio sin aportes | I12: =+cuc!H1070-cuc!H1071+cuc!H1077 -> 1.5527361e+09 | J12: =+I12/I11 -> 0.78694841

Sheet indicadores propios
H1: Meses | I1: 3 | T1: Fondos Nivel 1 sin Cavipetrol
A2: 1 | B2: 2 | C2: 3 | D2: 4 | E2: 5 | F2: 6 | G2: 7 | H2: 8 | I2: 9
A3: CTA | B3: descripcion | C3: 42705 | D3: 43070 | E3: 43435 | F3: 43800 | G3: 44166 | H3: 44561 | I3: =EOMONTH(H3,I1) -> 44651 | P3: PERFIL DE RIESGO | T3: Promedio | U3: Mediana | V3: Percentil 80
A4: 100000 | B4: ACTIVO | C4: 1.3432005e+10 | D4: 1.6989378e+10 | E4: 2.0962315e+10 | F4: 2.5012206e+10 | G4: 2.9996957e+10 | H4: 3.4948819e+10 | I4: 3.5741855e+10 | T4: 7.0314175e+10 | U4: 4.2446207e+10 | V4: 9.1008307e+10
A5: 110000 | B5: EFECTIVO Y EQUIVALENTE AL EFECTIVO | C5: 1.5516286e+09 | D5: 2.6367019e+09 | E5: 4.153756e+09 | F5: 3.1558533e+09 | G5: 5.0505811e+09 | H5: 4.1074775e+09 | I5: 2.7369351e+09 | T5: 6.8439637e+09 | U5: 4.0355578e+09 | V5: 1.0593817e+10
A6: 110500 | B6: CAJA | C6: 2519849.8 | D6: 2726118.8 | E6: 4476455 | F6: 6368466 | G6: 300000 | H6: 21836296 | I6: 1970000 | T6: 80009796 | U6: 600000 | V6: 12362220
A7: 110505 | B7: CAJA GENERAL | C7: 0 | D7: 0 | E7: 0 | F7: 0 | G7: 0 | H7: 21536296 | I7: 1670000 | T7: 78308516 | U7: 0 | V7: 8632763.7
A8: 110510 | B8: CAJA MENOR | C8: 200000 | D8: 200000 | E8: 200000 | F8: 300000 | G8: 300000 | H8: 300000 | I8: 300000 | T8: 1701279.4 | U8: 127250 | V8: 1360231.2
A9: 111000 | B9: BANCOS Y OTRAS ENTIDADES CON ACTIVIDAD FINANCIERA | C9: 4.4053779e+08 | D9: 5.0076678e+08 | E9: 3.4570131e+08 | F9: 8.913255e+08 | G9: 9.1273321e+08 | H9: 3.5277226e+09 | I9: 1.792398e+09 | T9: 4.0358447e+09 | U9: 2.3249349e+09 | V9: 4.87045e+09
A10: 111005 | B10: BANCOS COMERCIALES | C10: 4.3949421e+08 | D10: 4.9972319e+08 | E10: 3.4465773e+08 | F10: 4.6813696e+08 | G10: 3.6557792e+08 | H10: 3.3195779e+09 | I10: 1.4370079e+09 | T10: 3.92512e+09 | U10: 2.1099079e+09 | V10: 4.7398851e+09
A11: 111010 | B11: BANCOS COOPERATIVOS | C11: 1043587 | D11: 1043587 | E11: 1043587 | F11: 423188540 | G11: 547155299 | H11: 208144721 | I11: 3.5539003e+08 | T11: 79486155 | U11: 0 | V11: 2425194.8
A12: 111015 | B12: ENTIDADES SECTOR SOLIDARIO | C12: 0 | D12: 0 | E12: 0 | F12: 0 | G12: 0 | H12: 0 | I12: 0 | T12: 15916725 | U12: 0 | V12: 0
A13: 111020 | B13: ENTIDADES DEL EXTERIOR | C13: 0 | D13: 0 | E13: 0 | F13: 0 | G13: 0 | H13: 0 | I13: 0 | T13: 0 | U13: 0 | V13: 0
A14: 111025 | B14: OTRAS ENTIDADES | C14: 0 | D14: 0 | E14: 0 | F14: 0 | G14: 0 | H14: 0 | I14: 0 | T14: 15321909 | U14: 0 | V14: 0
A15: 111500 | B15: EQUIVALENTES AL EFECTIVO (compromiso de pago) | C15: 3.7595174e+08 | D15: 3.8917127e+08 | E15: 2.3379408e+09 | F15: 2.1588602e+09 | G15: 4.1375479e+09 | H15: 1652945.7 | I15: 5.1652189e+08 | T15: 1.4793e+09 | U15: 5152853.3 | V15: 2.3122517e+09
... A2026: 980000 | B2026: ACREEDORAS DE CONTROL POR CONTRA (CR) | C2026: 0 | D2026: 0 | E2026: 0 | F2026: 0 | G2026: 0 | H2026: 0 | I2026: 0 | T2026: 2.7361404e+09 | U2026: 0 | V2026: 500000000
B2029: ESTADISTICA | D2029: =+D3 -> 43070 | E2029: =+E3 -> 43435 | F2029: =+F3 -> 43800 | G2029: =+G3 -> 44166 | H2029: =+H3 -> 44561 | I2029: =+I3 -> 44651
B2030: N° Asociados | C2030: 981 | D2030: 1201 | E2030: 1260 | F2030: 1405 | G2030: 1413 | H2030: 1402 | I2030: 1370
B2031: Empleados | C2031: 10 | D2031: 11 | E2031: 11 | F2031: 14 | G2031: 12 | H2031: 12 | I2031: 12
B2032: SMLMV | C2032: 689455 | D2032: 737717 | E2032: 781242 | F2032: 828116 | G2032: 878000 | H2032: 908000 | I2032: 1000000
B2033: IPC | C2033: 0.0575 | D2033: 0.0409 | E2033: 0.0318 | F2033: 0.038 | G2033: 0.0161 | H2033: 0.0562 | I2033: 0.07
B2034: Tasa Usura | C2034: 0.32985 | D2034: 0.3116 | E2034: 0.291 | F2034: 0.2837 | G2034: 0.26 | H2034: 0.2649 | I2034: 0.2771
B2035: IBR efectiva anual (3 meses) | C2035: 0.07204 | D2035: 0.04655 | E2035: 0.04267 | F2035: 0.0427 | G2035: 0.0175 | H2035: 0.035 | I2035: 0.062
B2036: Gasto NETO de provisiones | C2036: =+C1522-C1345 -> 13082450 | D2036: =+D1522-D1345 -> 59935867 | E2036: =+E1522-E1345 -> 49141574 | F2036: =+F1522-F1345 -> 1.1630502e+08 | G2036: =+G1522-G1345 -> 1.7630399e+08 | H2036: =+H1522-H1345 -> 2.6947753e+08 | I2036: =+I1522-I1345 -> 48809491 | T2036: =+T1522-T1345 -> 1.5105154e+08 | U2036: =+U1522-U1345 -> 58613894 | V2036: =+V1522-V1345 -> 1.9757952e+08
B2037: Cartera Bruta | C2037: =+C250+C256+C262+C292+C298+C304+C310+C351+C387+C393+C434+C440+C268+C322+C363+C357+C399+C405+C452+C482+C493+C526+C535 -> 11573646351 | D2037: =+D250+D256+D262+D292+D298+D304+D310+D351+D387+D393+D434+D440+D268+D322+D363+D357+D399+D405+D452+D482+D493+D526+D535 -> 14223627136 | E2037: =+E250+E256+E262+E292+E298+E304+E310+E351+E387+E393+E434+E440+E268+E322+E363+E357+E399+E405+E452+E482+E493+E526+E535 -> 1.6391983e+10 | F2037: =+F250+F256+F262+F292+F298+F304+F310+F351+F387+F393+F434+F440+F268+F322+F363+F357+F399+F405+F452+F482+F493+F526+F535 -> 19733192401 | G2037: =+G250+G256+G262+G292+G298+G304+G310+G351+G387+G393+G434+G440+G268+G322+G363+G357+G399+G405+G452+G482+G493+G526+G535 -> 21952888136 | H2037: =+H250+H256+H262+H292+H298+H304+H310+H351+H387+H393+H434+H440+H268+H322+H363+H357+H399+H405+H452+H482+H493+H526+H535 -> 2.4630709e+10 | I2037: =+I250+I256+I262+I292+I298+I304+I310+I351+I387+I393+I434+I440+I268+I322+I363+I357+I399+I405+I452+I482+I493+I526+I535 -> 2.5742356e+10 | T2037: =+T250+T256+T262+T292+T298+T304+T310+T351+T387+T393+T434+T440+T268+T322+T363+T357+T399+T405+T452+T482+T493+T526+T535 -> 4.9948296e+10 | U2037: =+U250+U256+U262+U292+U298+U304+U310+U351+U387+U393+U434+U440+U268+U322+U363+U357+U399+U405+U452+U482+U493+U526+U535 -> 19740426899 | V2037: =+V250+V256+V262+V292+V298+V304+V310+V351+V387+V393+V434+V440+V268+V322+V363+V357+V399+V405+V452+V482+V493+V526+V535 -> 6.7541094e+10
B2038: Depositos + Aportes | C2038: =+(C741+C1035) -> 1.1700458e+10 | D2038: =+(D741+D1035) -> 1.4531204e+10 | E2038: =+(E741+E1035) -> 1.7522214e+10 | F2038: =+(F741+F1035) -> 2.0982474e+10 | G2038: =+(G741+G1035) -> 25146513494 | H2038: =+(H741+H1035) -> 2.9252076e+10 | I2038: =+(I741+I1035) -> 2.9813957e+10 | T2038: =+(T741+T1035) -> 4.9642039e+10 | U2038: =+(U741+U1035) -> 31310527391 | V2038: =+(V741+V1035) -> 6.7313389e+10
B2039: Cartera Vigente | C2039: =+C251+C257+C293+C299+C305+C311+C352+C388+C394+C435+C441+C269+C323+C364+C358+C400+C406+C447+C453+C483+C494+C526+C536+C263+C488+C499 -> 11515738722 | D2039: =+D251+D257+D293+D299+D305+D311+D352+D388+D394+D435+D441+D269+D323+D364+D358+D400+D406+D447+D453+D483+D494+D526+D536+D263+D488+D499 -> 14193380603 | E2039: =+E251+E257+E293+E299+E305+E311+E352+E388+E394+E435+E441+E269+E323+E364+E358+E400+E406+E447+E453+E483+E494+E526+E536+E263+E488+E499 -> 1.6277861e+10 | F2039: =+F251+F257+F293+F299+F305+F311+F352+F388+F394+F435+F441+F269+F323+F364+F358+F400+F406+F447+F453+F483+F494+F526+F536+F263+F488+F499 -> 19500244468 | G2039: =+G251+G257+G293+G299+G305+G311+G352+G388+G394+G435+G441+G269+G323+G364+G358+G400+G406+G447+G453+G483+G494+G526+G536+G263+G488+G499 -> 21658060628 | H2039: =+H251+H257+H293+H299+H305+H311+H352+H388+H394+H435+H441+H269+H323+H364+H358+H400+H406+H447+H453+H483+H494+H526+H536+H263+H488+H499 -> 2.428582e+10 | I2039: =+I251+I257+I293+I299+I305+I311+I352+I388+I394+I435+I441+I269+I323+I364+I358+I400+I406+I447+I453+I483+I494+I526+I536+I263+I488+I499 -> 2.5192031e+10 | T2039: =+T251+T257+T293+T299+T305+T311+T352+T388+T394+T435+T441+T269+T323+T364+T358+T400+T406+T447+T453+T483+T494+T526+T536+T263+T488+T499 -> 4.8349844e+10 | U2039: =+U251+U257+U293+U299+U305+U311+U352+U388+U394+U435+U441+U269+U323+U364+U358+U400+U406+U447+U453+U483+U494+U526+U536+U263+U488+U499 -> 19116131145 | V2039: =+V251+V257+V293+V299+V305+V311+V352+V388+V394+V435+V441+V269+V323+V364+V358+V400+V406+V447+V453+V483+V494+V526+V536+V263+V488+V499 -> 6.5619352e+10
B2040: Cartera MORA | C2040: =+C2037-C2039 -> 57907629 | D2040: =+D2037-D2039 -> 30246533 | E2040: =+E2037-E2039 -> 114121628 | F2040: =+F2037-F2039 -> 232947933 | G2040: =+G2037-G2039 -> 294827508 | H2040: =+H2037-H2039 -> 344889466 | I2040: =+I2037-I2039 -> 550324632 | T2040: =+T2037-T2039 -> 1.5984525e+09 | U2040: =+U2037-U2039 -> 624295754 | V2040: =+V2037-V2039 -> 1.9217416e+09
B2041: Cartera improductiva | C2041: =+C2040-C252-C258-C264-C270-C294-C300-C306-C312-C318-C353-C359-C365-C389-C395-C401-C407-C436-C442-C448-C454-C484-C495-C324-C489 -> 55277289 | D2041: =+D2040-D252-D258-D264-D270-D294-D300-D306-D312-D318-D353-D359-D365-D389-D395-D401-D407-D436-D442-D448-D454-D484-D495-D324-D489 -> 26915387 | E2041: =+E2040-E252-E258-E264-E270-E294-E300-E306-E312-E318-E353-E359-E365-E389-E395-E401-E407-E436-E442-E448-E454-E484-E495-E324-E489 -> 105963901 | F2041: =+F2040-F252-F258-F264-F270-F294-F300-F306-F312-F318-F353-F359-F365-F389-F395-F401-F407-F436-F442-F448-F454-F484-F495-F324-F489 -> 191803627 | G2041: =+G2040-G252-G258-G264-G270-G294-G300-G306-G312-G318-G353-G359-G365-G389-G395-G401-G407-G436-G442-G448-G454-G484-G495-G324-G489 -> 285968988 | H2041: =+H2040-H252-H258-H264-H270-H294-H300-H306-H312-H318-H353-H359-H365-H389-H395-H401-H407-H436-H442-H448-H454-H484-H495-H324-H489 -> 278737001 | I2041: =+I2040-I252-I258-I264-I270-I294-I300-I306-I312-I318-I353-I359-I365-I389-I395-I401-I407-I436-I442-I448-I454-I484-I495-I324-I489 -> 460920754 | T2041: =+T2040-T252-T258-T264-T270-T294-T300-T306-T312-T318-T353-T359-T365-T389-T395-T401-T407-T436-T442-T448-T454-T484-T495-T324-T489 -> 8.8477397e+08 | U2041: =+U2040-U252-U258-U264-U270-U294-U300-U306-U312-U318-U353-U359-U365-U389-U395-U401-U407-U436-U442-U448-U454-U484-U495-U324-U489 -> 577621620 | V2041: =+V2040-V252-V258-V264-V270-V294-V300-V306-V312-V318-V353-V359-V365-V389-V395-V401-V407-V436-V442-V448-V454-V484-V495-V324-V489 -> 1.5302338e+09
B2042: % improducitva | C2042: =+C2041/C2037 -> 0.0047761343 | D2042: =+D2041/D2037 -> 0.0018923012 | E2042: =+E2041/E2037 -> 0.0064643737 | F2042: =+F2041/F2037 -> 0.0097198478 | G2042: =+G2041/G2037 -> 0.013026486 | H2042: =+H2041/H2037 -> 0.011316645 | I2042: =+I2041/I2037 -> 0.017905151 | T2042: =+T2041/T2037 -> 0.017713797 | U2042: =+U2041/U2037 -> 0.029260847 | V2042: =+V2041/V2037 -> 0.022656338
B2043: Provisiones | C2043: =+C274+C280+C286+C328+C339+C345+C369+C375+C381+C411+C422+C428+C458+C469+C475+C481+C504+C515 -> 135273635 | D2043: =+D274+D280+D286+D328+D339+D345+D369+D375+D381+D411+D422+D428+D458+D469+D475+D481+D504+D515 -> 193528551 | E2043: =+E274+E280+E286+E328+E339+E345+E369+E375+E381+E411+E422+E428+E458+E469+E475+E481+E504+E515 -> 239778993 | F2043: =+F274+F280+F286+F328+F339+F345+F369+F375+F381+F411+F422+F428+F458+F469+F475+F481+F504+F515 -> 332828461 | G2043: =+G274+G280+G286+G328+G339+G345+G369+G375+G381+G411+G422+G428+G458+G469+G475+G481+G504+G515 -> 456374602 | H2043: =+H274+H280+H286+H328+H339+H345+H369+H375+H381+H411+H422+H428+H458+H469+H475+H481+H504+H515 -> 511900318 | I2043: =+I274+I280+I286+I328+I339+I345+I369+I375+I381+I411+I422+I428+I458+I469+I475+I481+I504+I515 -> 561199673 | T2043: =+T274+T280+T286+T328+T339+T345+T369+T375+T381+T411+T422+T428+T458+T469+T475+T481+T504+T515 -> 1.3117696e+09 | U2043: =+U274+U280+U286+U328+U339+U345+U369+U375+U381+U411+U422+U428+U458+U469+U475+U481+U504+U515 -> 561794205 | V2043: =+V274+V280+V286+V328+V339+V345+V369+V375+V381+V411+V422+V428+V458+V469+V475+V481+V504+V515 -> 1.6498097e+09
B2044: Cartera Libranza / Bruta | C2044: =+(C250+C292+C304)/C2037 -> 0.68271525 | D2044: =+(D250+D292+D304)/D2037 -> 0.69866764 | E2044: =+(E250+E292+E304)/E2037 -> 0.69552918 | F2044: =+(F250+F292+F304)/F2037 -> 0.66558695 | G2044: =+(G250+G292+G304)/G2037 -> 0.67431934 | H2044: =+(H250+H292+H304)/H2037 -> 0.70179029 | I2044: =+(I250+I292+I304)/I2037 -> 0.69295241 | T2044: =+(T250+T292+T304)/T2037 -> 0.77775219 | U2044: =+(U250+U292+U304)/U2037 -> 0.88237948 | V2044: =+(V250+V292+V304)/V2037 -> 0.82993757
B2045: Inversiones / Activos | C2045: =+C33/C4 -> 0.015611936 | D2045: =+D33/D4 -> 0.0063879207 | E2045: =+E33/E4 -> 0.0057661551 | F2045: =+F33/F4 -> 0.058132061 | G2045: =+G33/G4 -> 0.08392231 | H2045: =+H33/H4 -> 0.16776945 | I2045: =+I33/I4 -> 0.19245252 | T2045: =+T33/T4 -> 0.1537639 | U2045: =+U33/U4 -> 0.073437015 | V2045: =+V33/V4 -> 0.14164604
Q2046: Perfil RIESGO
B2047: INDICADOR | C2047: =+C3 -> 42705 | D2047: =+D3 -> 43070 | E2047: =+E3 -> 43435 | F2047: =+F3 -> 43800 | G2047: =+G3 -> 44166 | H2047: =+H3 -> 44561 | I2047: =+I3 -> 44651 | K2047: =+D2047 -> 43070 | L2047: =+E2047 -> 43435 | M2047: =+F2047 -> 43800 | N2047: =+G2047 -> 44166 | O2047: =+H2047 -> 44561 | P2047: =+I2047 -> 44651 | Q2047: Bajo | R2047: Alto | T2047: Promedio | U2047: Mediana | V2047: Percentil 80
A2048: SARC | B2048: Calidad de Cartera | C2048: =+C2040/C2037 -> 0.005003404 | D2048: =+D2040/D2037 -> 0.0021264993 | E2048: =+E2040/E2037 -> 0.0069620393 | F2048: =+F2040/F2037 -> 0.011804878 | G2048: =+G2040/G2037 -> 0.01343001 | H2048: =+H2040/H2037 -> 0.014002417 | I2048: =+I2040/I2037 -> 0.021378177 | K2048: =+IF(AND(D2048>$Q2048,D2048<$R2048),3,IF(D2048>$R2048,0,5)) -> 5 | L2048: =+IF(AND(E2048>$Q2048,E2048<$R2048),3,IF(E2048>$R2048,0,5)) -> 5 | M2048: =+IF(AND(F2048>$Q2048,F2048<$R2048),3,IF(F2048>$R2048,0,5)) -> 5 | N2048: =+IF(AND(G2048>$Q2048,G2048<$R2048),3,IF(G2048>$R2048,0,5)) -> 5 | O2048: =+IF(AND(H2048>$Q2048,H2048<$R2048),3,IF(H2048>$R2048,0,5)) -> 5 | P2048: =+IF(AND(I2048>$Q2048,I2048<$R2048),3,IF(I2048>$R2048,0,5)) -> 3 | Q2048: 0.02 | R2048: 0.04 | T2048: 0.031252399 | U2048: 0.020186849 | V2048: 0.048139678
B2049: Cartera improductiva (>=c) | C2049: =+C2042 -> 0.0047761343 | D2049: =+D2042 -> 0.0018923012 | E2049: =+E2042 -> 0.0064643737 | F2049: =+F2042 -> 0.0097198478 | G2049: =+G2042 -> 0.013026486 | H2049: =+H2042 -> 0.011316645 | I2049: =+I2042 -> 0.017905151 | K2049: =+IF(AND(D2049>$Q2049,D2049<$R2049),3,IF(D2049>$R2049,0,5)) -> 5 | L2049: =+IF(AND(E2049>$Q2049,E2049<$R2049),3,IF(E2049>$R2049,0,5)) -> 5 | M2049: =+IF(AND(F2049>$Q2049,F2049<$R2049),3,IF(F2049>$R2049,0,5)) -> 5 | N2049: =+IF(AND(G2049>$Q2049,G2049<$R2049),3,IF(G2049>$R2049,0,5)) -> 5 | O2049: =+IF(AND(H2049>$Q2049,H2049<$R2049),3,IF(H2049>$R2049,0,5)) -> 5 | P2049: =+IF(AND(I2049>$Q2049,I2049<$R2049),3,IF(I2049>$R2049,0,5)) -> 3 | Q2049: 0.015 | R2049: 0.03 | T2049: 0.021319026 | U2049: 0.012167505 | V2049: 0.030283763
B2050: Patrimonio sin aportes / PPE + Improductiva | C2050: =IFERROR(+(C1034-C1035)/(+C225+C635+C$253+C$254+C$255+C$259+C$260+C$261+C$265+C$266+C$267+C$271+C$272+C$273+C$295+C$296+C$297+C$301+C$302+C$303+C$307+C$308+C$309+C$313+C$314+C$315+C$319+C$320+C$321+C$325+C$326+C$327+C$354+C$355+C$356+C$360+C$361+C$362+C$366+C$367+C$368+C$390+C$391+C$392+C$396+C$397+C$398+C$402+C$403+C$404+C$408+C$409+C$410+C$437+C$438+C$439+C$443+C$444+C$445+C$449+C$450+C$451+C$455+C$456+C$457+C$485+C$486+C$487+C$490+C$491+C$492+C$496+C$497+C$498+C$501+C$502+C$503+C$538+C$539+C$540),9999%) -> 4.0212879 | D2050: =IFERROR(+(D1034-D1035)/(+D225+D635+D$253+D$254+D$255+D$259+D$260+D$261+D$265+D$266+D$267+D$271+D$272+D$273+D$295+D$296+D$297+D$301+D$302+D$303+D$307+D$308+D$309+D$313+D$314+D$315+D$319+D$320+D$321+D$325+D$326+D$327+D$354+D$355+D$356+D$360+D$361+D$362+D$366+D$367+D$368+D$390+D$391+D$392+D$396+D$397+D$398+D$402+D$403+D$404+D$408+D$409+D$410+D$437+D$438+D$439+D$443+D$444+D$445+D$449+D$450+D$451+D$455+D$456+D$457+D$485+D$486+D$487+D$490+D$491+D$492+D$496+D$497+D$498+D$501+D$502+D$503+D$538+D$539+D$540),9999%) -> 5.2009747 | E2050: =IFERROR(+(E1034-E1035)/(+E225+E635+E$253+E$254+E$255+E$259+E$260+E$261+E$265+E$266+E$267+E$271+E$272+E$273+E$295+E$296+E$297+E$301+E$302+E$303+E$307+E$308+E$309+E$313+E$314+E$315+E$319+E$320+E$321+E$325+E$326+E$327+E$354+E$355+E$356+E$360+E$361+E$362+E$366+E$367+E$368+E$390+E$391+E$392+E$396+E$397+E$398+E$402+E$403+E$404+E$408+E$409+E$410+E$437+E$438+E$439+E$443+E$444+E$445+E$449+E$450+E$451+E$455+E$456+E$457+E$485+E$486+E$487+E$490+E$491+E$492+E$496+E$497+E$498+E$501+E$502+E$503+E$538+E$539+E$540),9999%) -> 2.3158515 | F2050: =IFERROR(+(F1034-F1035)/(+F225+F635+F$253+F$254+F$255+F$259+F$260+F$261+F$265+F$266+F$267+F$271+F$272+F$273+F$295+F$296+F$297+F$301+F$302+F$303+F$307+F$308+F$309+F$313+F$314+F$315+F$319+F$320+F$321+F$325+F$326+F$327+F$354+F$355+F$356+F$360+F$361+F$362+F$366+F$367+F$368+F$390+F$391+F$392+F$396+F$397+F$398+F$402+F$403+F$404+F$408+F$409+F$410+F$437+F$438+F$439+F$443+F$444+F$445+F$449+F$450+F$451+F$455+F$456+F$457+F$485+F$486+F$487+F$490+F$491+F$492+F$496+F$497+F$498+F$501+F$502+F$503+F$538+F$539+F$540),9999%) -> 1.2848639 | G2050: =IFERROR(+(G1034-G1035)/(+G225+G635+G$253+G$254+G$255+G$259+G$260+G$261+G$265+G$266+G$267+G$271+G$272+G$273+G$295+G$296+G$297+G$301+G$302+G$303+G$307+G$308+G$309+G$313+G$314+G$315+G$319+G$320+G$321+G$325+G$326+G$327+G$354+G$355+G$356+G$360+G$361+G$362+G$366+G$367+G$368+G$390+G$391+G$392+G$396+G$397+G$398+G$402+G$403+G$404+G$408+G$409+G$410+G$437+G$438+G$439+G$443+G$444+G$445+G$449+G$450+G$451+G$455+G$456+G$457+G$485+G$486+G$487+G$490+G$491+G$492+G$496+G$497+G$498+G$501+G$502+G$503+G$538+G$539+G$540),9999%) -> 1.3991468 | H2050: =IFERROR(+(H1034-H1035)/(+H225+H635+H$253+H$254+H$255+H$259+H$260+H$261+H$265+H$266+H$267+H$271+H$272+H$273+H$295+H$296+H$297+H$301+H$302+H$303+H$307+H$308+H$309+H$313+H$314+H$315+H$319+H$320+H$321+H$325+H$326+H$327+H$354+H$355+H$356+H$360+H$361+H$362+H$366+H$367+H$368+H$390+H$391+H$392+H$396+H$397+H$398+H$402+H$403+H$404+H$408+H$409+H$410+H$437+H$438+H$439+H$443+H$444+H$445+H$449+H$450+H$451+H$455+H$456+H$457+H$485+H$486+H$487+H$490+H$491+H$492+H$496+H$497+H$498+H$501+H$502+H$503+H$538+H$539+H$540),9999%) -> 1.5477325 | I2050: =IFERROR(+(I1034-I1035)/(+I225+I635+I$253+I$254+I$255+I$259+I$260+I$261+I$265+I$266+I$267+I$271+I$272+I$273+I$295+I$296+I$297+I$301+I$302+I$303+I$307+I$308+I$309+I$313+I$314+I$315+I$319+I$320+I$321+I$325+I$326+I$327+I$354+I$355+I$356+I$360+I$361+I$362+I$366+I$367+I$368+I$390+I$391+I$392+I$396+I$397+I$398+I$402+I$403+I$404+I$408+I$409+I$410+I$437+I$438+I$439+I$443+I$444+I$445+I$449+I$450+I$451+I$455+I$456+I$457+I$485+I$486+I$487+I$490+I$491+I$492+I$496+I$497+I$498+I$501+I$502+I$503+I$538+I$539+I$540),9999%) -> 1.2093882 | K2050: =+IF(AND(D2050<$Q2050,D2050>$R2050),3,IF(D2050<$R2050,0,5)) -> 5 | L2050: =+IF(AND(E2050<$Q2050,E2050>$R2050),3,IF(E2050<$R2050,0,5)) -> 5 | M2050: =+IF(AND(F2050<$Q2050,F2050>$R2050),3,IF(F2050<$R2050,0,5)) -> 3 | N2050: =+IF(AND(G2050<$Q2050,G2050>$R2050),3,IF(G2050<$R2050,0,5)) -> 3 | O2050: =+IF(AND(H2050<$Q2050,H2050>$R2050),3,IF(H2050<$R2050,0,5)) -> 5 | P2050: =+IF(AND(I2050<$Q2050,I2050>$R2050),3,IF(I2050<$R2050,0,5)) -> 3 | Q2050: 1.5 | R2050: 1 | T2050: 5.5859339 | U2050: 3.167396 | V2050: 7.1015618
B2051: Provisiones / Cartera en MORA (cobertura total) | C2051: =IFERROR(+C2043/C2040,9999%) -> 2.3360244 | D2051: =IFERROR(+D2043/D2040,9999%) -> 6.3983714 | E2051: =IFERROR(+E2043/E2040,9999%) -> 2.1010828 | F2051: =IFERROR(+F2043/F2040,9999%) -> 1.4287676 | G2051: =IFERROR(+G2043/G2040,9999%) -> 1.5479377 | H2051: =IFERROR(+H2043/H2040,9999%) -> 1.4842446 | I2051: =IFERROR(+I2043/I2040,9999%) -> 1.0197611 | K2051: =+IF(AND(D2051<$Q2051,D2051>$R2051),3,IF(D2051<$R2051,0,5)) -> 5 | L2051: =+IF(AND(E2051<$Q2051,E2051>$R2051),3,IF(E2051<$R2051,0,5)) -> 5 | M2051: =+IF(AND(F2051<$Q2051,F2051>$R2051),3,IF(F2051<$R2051,0,5)) -> 3 | N2051: =+IF(AND(G2051<$Q2051,G2051>$R2051),3,IF(G2051<$R2051,0,5)) -> 5 | O2051: =+IF(AND(H2051<$Q2051,H2051>$R2051),3,IF(H2051<$R2051,0,5)) -> 3 | P2051: =+IF(AND(I2051<$Q2051,I2051>$R2051),3,IF(I2051<$R2051,0,5)) -> 3 | Q2051: 1.5 | R2051: 1 | T2051: 2.52128 | U2051: 1.1415664 | V2051: 3.5366991
B2052: Quebranto Patrimonial (Patrimonio / Aportes) | C2052: =+C1034/(C1035-C1041) -> 1.9014967 | D2052: =+D1034/(D1035-D1041) -> 1.9591742 | E2052: =+E1034/(E1035-E1041) -> 1.9836831 | F2052: =+F1034/(F1035-F1041) -> 1.8595797 | G2052: =+G1034/(G1035-G1041) -> 1.8388535 | H2052: =+H1034/(H1035-H1041) -> 1.792183 | I2052: =+I1034/(I1035-I1041) -> 1.7009605 | K2052: =+IF(AND(D2052<$Q2052,D2052>$R2052),3,IF(D2052<$R2052,0,5)) -> 5 | L2052: =+IF(AND(E2052<$Q2052,E2052>$R2052),3,IF(E2052<$R2052,0,5)) -> 5 | M2052: =+IF(AND(F2052<$Q2052,F2052>$R2052),3,IF(F2052<$R2052,0,5)) -> 5 | N2052: =+IF(AND(G2052<$Q2052,G2052>$R2052),3,IF(G2052<$R2052,0,5)) -> 5 | O2052: =+IF(AND(H2052<$Q2052,H2052>$R2052),3,IF(H2052<$R2052,0,5)) -> 5 | P2052: =+IF(AND(I2052<$Q2052,I2052>$R2052),3,IF(I2052<$R2052,0,5)) -> 5 | Q2052: 1.6 | R2052: 1.2 | T2052: 2.1436862 | U2052: 1.5918279 | V2052: 2.3213087
A2053: ESTRUCTURA | B2053: Inv. + Fiducias y Cartera / Depositos + Oblig. + Aportes | C2053: =+(C15+C19+C33-C144+C249)/(C741+C769+C1035-C1041) -> 1.0200594 | D2053: =+(D15+D19+D33-D144+D249)/(D741+D769+D1035-D1041) -> 0.99279977 | E2053: =+(E15+E19+E33-E144+E249)/(E741+E769+E1035-E1041) -> 1.0557675 | F2053: =+(F15+F19+F33-F144+F249)/(F741+F769+F1035-F1041) -> 1.0901585 | G2053: =+(G15+G19+G33-G144+G249)/(G741+G769+G1035-G1041) -> 1.1138016 | H2053: =+(H15+H19+H33-H144+H249)/(H741+H769+H1035-H1041) -> 1.0389031 | I2053: =+(I15+I19+I33-I144+I249)/(I741+I769+I1035-I1041) -> 1.1023486 | K2053: =+IF(AND(D2053<$Q2053,D2053>$R2053),3,IF(D2053<$R2053,0,5)) -> 0 | L2053: =+IF(AND(E2053<$Q2053,E2053>$R2053),3,IF(E2053<$R2053,0,5)) -> 5 | M2053: =+IF(AND(F2053<$Q2053,F2053>$R2053),3,IF(F2053<$R2053,0,5)) -> 5 | N2053: =+IF(AND(G2053<$Q2053,G2053>$R2053),3,IF(G2053<$R2053,0,5)) -> 5 | O2053: =+IF(AND(H2053<$Q2053,H2053>$R2053),3,IF(H2053<$R2053,0,5)) -> 3 | P2053: =+IF(AND(I2053<$Q2053,I2053>$R2053),3,IF(I2053<$R2053,0,5)) -> 5 | Q2053: 1.05 | R2053: 1 | T2053: 1.175198 | U2053: 1.0482097 | V2053: 1.2120771
B2054: Activos productivos / Pasivos con costo | C2054: =+(C15+C19+C33+C2037-C2041)/(C741+C769) -> 1.1201889 | D2054: =+(D15+D19+D33+D2037-D2041)/(D741+D769) -> 1.0970207 | E2054: =+(E15+E19+E33+E2037-E2041)/(E741+E769) -> 1.1614869 | F2054: =+(F15+F19+F33+F2037-F2041)/(F741+F769) -> 1.1960437 | G2054: =+(G15+G19+G33+G2037-G2041)/(G741+G769) -> 1.2184221 | H2054: =+(H15+H19+H33+H2037-H2041)/(H741+H769) -> 1.1361978 | I2054: =+(I15+I19+I33+I2037-I2041)/(I741+I769) -> 1.199422 | K2054: =+IF(AND(D2054<$Q2054,D2054>$R2054),3,IF(D2054<$R2054,0,5)) -> 0 | L2054: =+IF(AND(E2054<$Q2054,E2054>$R2054),3,IF(E2054<$R2054,0,5)) -> 3 | M2054: =+IF(AND(F2054<$Q2054,F2054>$R2054),3,IF(F2054<$R2054,0,5)) -> 3 | N2054: =+IF(AND(G2054<$Q2054,G2054>$R2054),3,IF(G2054<$R2054,0,5)) -> 5 | O2054: =+IF(AND(H2054<$Q2054,H2054>$R2054),3,IF(H2054<$R2054,0,5)) -> 3 | P2054: =+IF(AND(I2054<$Q2054,I2054>$R2054),3,IF(I2054<$R2054,0,5)) -> 3 | Q2054: 1.2 | R2054: 1.1 | T2054: 1.7563738 | U2054: 1.3229983 | V2054: 1.7708802
B2055: Activos productivos / Contractual y CDAT | D2055: =+'CDAT y volunt a activos prod'!C27 -> 2.7561661 | E2055: =+'CDAT y volunt a activos prod'!D27 -> 2.7878985 | F2055: =+'CDAT y volunt a activos prod'!E27 -> 3.3053937 | G2055: =+'CDAT y volunt a activos prod'!F27 -> 3.3287971 | H2055: =+'CDAT y volunt a activos prod'!G27 -> 2.8282225 | I2055: =+'CDAT y volunt a activos prod'!H27 -> 2.9749656 | K2055: =+IF(AND(D2055<$Q2055,D2055>$R2055),3,IF(D2055<$R2055,0,5)) -> 3 | L2055: =+IF(AND(E2055<$Q2055,E2055>$R2055),3,IF(E2055<$R2055,0,5)) -> 3 | M2055: =+IF(AND(F2055<$Q2055,F2055>$R2055),3,IF(F2055<$R2055,0,5)) -> 5 | N2055: =+IF(AND(G2055<$Q2055,G2055>$R2055),3,IF(G2055<$R2055,0,5)) -> 5 | O2055: =+IF(AND(H2055<$Q2055,H2055>$R2055),3,IF(H2055<$R2055,0,5)) -> 3 | P2055: =+IF(AND(I2055<$Q2055,I2055>$R2055),3,IF(I2055<$R2055,0,5)) -> 3 | Q2055: 3 | R2055: 2.5
B2056: Activos Fijos a Activos | C2056: =+C635/C4 -> 0.013809797 | D2056: =+D635/D4 -> 0.010681977 | E2056: =+E635/E4 -> 0.023704106 | F2056: =+F635/F4 -> 0.036357174 | G2056: =+G635/G4 -> 0.029102691 | H2056: =+H635/H4 -> 0.023505518 | I2056: =+I635/I4 -> 0.022594368 | K2056: =+IF(AND(D2056>$Q2056,D2056<$R2056),3,IF(D2056>$R2056,0,5)) -> 5 | L2056: =+IF(AND(E2056>$Q2056,E2056<$R2056),3,IF(E2056>$R2056,0,5)) -> 5 | M2056: =+IF(AND(F2056>$Q2056,F2056<$R2056),3,IF(F2056>$R2056,0,5)) -> 3 | N2056: =+IF(AND(G2056>$Q2056,G2056<$R2056),3,IF(G2056>$R2056,0,5)) -> 5 | O2056: =+IF(AND(H2056>$Q2056,H2056<$R2056),3,IF(H2056>$R2056,0,5)) -> 5 | P2056: =+IF(AND(I2056>$Q2056,I2056<$R2056),3,IF(I2056>$R2056,0,5)) -> 5 | Q2056: 0.03 | R2056: 0.04 | T2056: 0.038658554 | U2056: 0.017866466 | V2056: 0.055155269
B2057: Depositos / Cartera | C2057: =+C741/C249 -> 0.94407279 | D2057: =+D741/D249 -> 0.95422435 | E2057: =+E741/E249 -> 0.99858972 | F2057: =+F741/F249 -> 0.99707464 | G2057: =+G741/G249 -> 1.0803652 | H2057: =+H741/H249 -> 1.1220813 | I2057: =+I741/I249 -> 1.0946054 | K2057: =+IF(AND(D2057>$Q2057,D2057<$R2057),3,IF(D2057>$R2057,0,5)) -> 3 | L2057: =+IF(AND(E2057>$Q2057,E2057<$R2057),3,IF(E2057>$R2057,0,5)) -> 3 | M2057: =+IF(AND(F2057>$Q2057,F2057<$R2057),3,IF(F2057>$R2057,0,5)) -> 3 | N2057: =+IF(AND(G2057>$Q2057,G2057<$R2057),3,IF(G2057>$R2057,0,5)) -> 0 | O2057: =+IF(AND(H2057>$Q2057,H2057<$R2057),3,IF(H2057>$R2057,0,5)) -> 0 | P2057: =+IF(AND(I2057>$Q2057,I2057<$R2057),3,IF(I2057>$R2057,0,5)) -> 0 | Q2057: 0.95 | R2057: 1.05 | T2057: 0.95030396 | U2057: 0.90803203 | V2057: 1.2377204
B2058: Endeudamiento Bancario | C2058: =(+C769)/C4 -> 0 | D2058: =(+D769)/D4 -> 0 | E2058: =(+E769)/E4 -> 0 | F2058: =(+F769)/F4 -> 0 | G2058: =(+G769)/G4 -> 0 | H2058: =(+H769)/H4 -> 0 | I2058: =(+I769)/I4 -> 0 | K2058: =+IF(AND(D2058>$Q2058,D2058<$R2058),3,IF(D2058>$R2058,0,5)) -> 5 | L2058: =+IF(AND(E2058>$Q2058,E2058<$R2058),3,IF(E2058>$R2058,0,5)) -> 5 | M2058: =+IF(AND(F2058>$Q2058,F2058<$R2058),3,IF(F2058>$R2058,0,5)) -> 5 | N2058: =+IF(AND(G2058>$Q2058,G2058<$R2058),3,IF(G2058>$R2058,0,5)) -> 5 | O2058: =+IF(AND(H2058>$Q2058,H2058<$R2058),3,IF(H2058>$R2058,0,5)) -> 5 | P2058: =+IF(AND(I2058>$Q2058,I2058<$R2058),3,IF(I2058>$R2058,0,5)) -> 5 | Q2058: 0.05 | R2058: 0.1 | T2058: 0.027006644 | U2058: 0 | V2058: 0.0064368983
B2059: Cartera / Activos | C2059: =+C249/C4 -> 0.8521029 | D2059: =+D249/D4 -> 0.82624593 | E2059: =+E249/E4 -> 0.77097606 | F2059: =+F249/F4 -> 0.77625461 | G2059: =+G249/G4 -> 0.71725987 | H2059: =+H249/H4 -> 0.69065695 | I2059: =+I249/I4 -> 0.70543266 | K2059: =+IF(AND(D2059<$Q2059,D2059>$R2059),3,IF(D2059<$R2059,0,5)) -> 5 | L2059: =+IF(AND(E2059<$Q2059,E2059>$R2059),3,IF(E2059<$R2059,0,5)) -> 3 | M2059: =+IF(AND(F2059<$Q2059,F2059>$R2059),3,IF(F2059<$R2059,0,5)) -> 3 | N2059: =+IF(AND(G2059<$Q2059,G2059>$R2059),3,IF(G2059<$R2059,0,5)) -> 3 | O2059: =+IF(AND(H2059<$Q2059,H2059>$R2059),3,IF(H2059<$R2059,0,5)) -> 0 | P2059: =+IF(AND(I2059<$Q2059,I2059>$R2059),3,IF(I2059<$R2059,0,5)) -> 3 | Q2059: 0.8 | R2059: 0.7 | T2059: 0.70481013 | U2059: 0.74897306 | V2059: 0.84280406
B2060: Efectivo y Eq. + Inver. + patronales / Depósitos y aportes | C2060: =+(C5+C33+C611)/(C741+C1035) -> 0.15053499 | D2060: =+(D5+D33+D611)/(D741+D1035) -> 0.18891956 | E2060: =+(E5+E33+E611)/(E741+E1035) -> 0.24395479 | F2060: =+(F5+F33+F611)/(F741+F1035) -> 0.21970071 | G2060: =+(G5+G33+G611)/(G741+G1035) -> 0.30095603 | H2060: =+(H5+H33+H611)/(H741+H1035) -> 0.34085859 | I2060: =+(I5+I33+I611)/(I741+I1035) -> 0.32251824 | K2060: =+IF(AND(D2060<$Q2060,D2060>$R2060),3,IF(D2060<$R2060,0,5)) -> 3 | L2060: =+IF(AND(E2060<$Q2060,E2060>$R2060),3,IF(E2060<$R2060,0,5)) -> 5 | M2060: =+IF(AND(F2060<$Q2060,F2060>$R2060),3,IF(F2060<$R2060,0,5)) -> 5 | N2060: =+IF(AND(G2060<$Q2060,G2060>$R2060),3,IF(G2060<$R2060,0,5)) -> 5 | O2060: =+IF(AND(H2060<$Q2060,H2060>$R2060),3,IF(H2060<$R2060,0,5)) -> 5 | P2060: =+IF(AND(I2060<$Q2060,I2060>$R2060),3,IF(I2060<$R2060,0,5)) -> 5 | Q2060: 0.2 | R2060: 0.15 | T2060: 0.37303909 | U2060: 0.27613288 | V2060: 0.49174678
B2061: Patrimonio sin aportes / Activos | C2061: =+(C1034-C1035)/C4 -> 0.060076439 | D2061: =+(D1034-D1035)/D4 -> 0.064156397 | E2061: =+(E1034-E1035)/E4 -> 0.064925422 | F2061: =+(F1034-F1035)/F4 -> 0.055791512 | G2061: =+(G1034-G1035)/G4 -> 0.053182951 | H2061: =+(H1034-H1035)/H4 -> 0.049134614 | I2061: =+(I1034-I1035)/I4 -> 0.043443075 | K2061: =+IF(AND(D2061<$Q2061,D2061>$R2061),3,IF(D2061<$R2061,0,5)) -> 3 | L2061: =+IF(AND(E2061<$Q2061,E2061>$R2061),3,IF(E2061<$R2061,0,5)) -> 3 | M2061: =+IF(AND(F2061<$Q2061,F2061>$R2061),3,IF(F2061<$R2061,0,5)) -> 0 | N2061: =+IF(AND(G2061<$Q2061,G2061>$R2061),3,IF(G2061<$R2061,0,5)) -> 0 | O2061: =+IF(AND(H2061<$Q2061,H2061>$R2061),3,IF(H2061<$R2061,0,5)) -> 0 | P2061: =+IF(AND(I2061<$Q2061,I2061>$R2061),3,IF(I2061<$R2061,0,5)) -> 0 | Q2061: 0.1 | R2061: 0.06 | T2061: 0.11809654 | U2061: 0.073422597 | V2061: 0.16256815
A2062: SARO | B2062: Suficiencia de Margen (Sin det, deprec, otros g) | C2062: =+(C1293+C1330+C1341-C1627-C1951)/(C1439+C1485-C1521) -> 1.6649576 | D2062: =+(D1293+D1330+D1341-D1627-D1951)/(D1439+D1485-D1521) -> 1.8541346 | E2062: =+(E1293+E1330+E1341-E1627-E1951)/(E1439+E1485-E1521) -> 1.6223518 | F2062: =+(F1293+F1330+F1341-F1627-F1951)/(F1439+F1485-F1521) -> 1.4736609 | G2062: =+(G1293+G1330+G1341-G1627-G1951)/(G1439+G1485-G1521) -> 1.7455747 | H2062: =+(H1293+H1330+H1341-H1627-H1951)/(H1439+H1485-H1521) -> 1.782468 | I2062: =+(I1293+I1330+I1341-I1627-I1951)/(I1439+I1485-I1521) -> 1.4871689 | K2062: =+IF(AND(D2062<$Q2062,D2062>$R2062),3,IF(D2062<$R2062,0,5)) -> 5 | L2062: =+IF(AND(E2062<$Q2062,E2062>$R2062),3,IF(E2062<$R2062,0,5)) -> 5 | M2062: =+IF(AND(F2062<$Q2062,F2062>$R2062),3,IF(F2062<$R2062,0,5)) -> 3 | N2062: =+IF(AND(G2062<$Q2062,G2062>$R2062),3,IF(G2062<$R2062,0,5)) -> 5 | O2062: =+IF(AND(H2062<$Q2062,H2062>$R2062),3,IF(H2062<$R2062,0,5)) -> 5 | P2062: =+IF(AND(I2062<$Q2062,I2062>$R2062),3,IF(I2062<$R2062,0,5)) -> 3 | Q2062: 1.6 | R2062: 1.4 | T2062: 1.8257994 | U2062: 1.616078 | V2062: 2.214441
B2063: Margen sin 511095 ni 523095 ni recuperaciones | C2063: =+(C1065+C1670+C1521)/(C1088-C1345) -> 0.25852208 | D2063: =+(D1065+D1670+D1521)/(D1088-D1345) -> 0.30079855 | E2063: =+(E1065+E1670+E1521)/(E1088-E1345) -> 0.25095529 | F2063: =+(F1065+F1670+F1521)/(F1088-F1345) -> 0.18208404 | G2063: =+(G1065+G1670+G1521)/(G1088-G1345) -> 0.19373755 | H2063: =+(H1065+H1670+H1521)/(H1088-H1345) -> 0.16573182 | I2063: =+(I1065+I1670+I1521)/(I1088-I1345) -> 0.12019498 | K2063: =+IF(AND(D2063<$Q2063,D2063>$R2063),3,IF(D2063<$R2063,0,5)) -> 5 | L2063: =+IF(AND(E2063<$Q2063,E2063>$R2063),3,IF(E2063<$R2063,0,5)) -> 5 | M2063: =+IF(AND(F2063<$Q2063,F2063>$R2063),3,IF(F2063<$R2063,0,5)) -> 3 | N2063: =+IF(AND(G2063<$Q2063,G2063>$R2063),3,IF(G2063<$R2063,0,5)) -> 3 | O2063: =+IF(AND(H2063<$Q2063,H2063>$R2063),3,IF(H2063<$R2063,0,5)) -> 3 | P2063: =+IF(AND(I2063<$Q2063,I2063>$R2063),3,IF(I2063<$R2063,0,5)) -> 0 | Q2063: 0.2 | R2063: 0.15 | T2063: 0.26166637 | U2063: 0.23862636 | V2063: 0.39229204
B2064: Margen TOTAL | C2064: =+C1065/C1088 -> 0.17737024 | D2064: =+D1065/D1088 -> 0.23118326 | E2064: =+E1065/E1088 -> 0.18633122 | F2064: =+F1065/F1088 -> 0.11360997 | G2064: =+G1065/G1088 -> 0.14188056 | H2064: =+H1065/H1088 -> 0.11334826 | I2064: =+I1065/I1088 -> 0.059549005 | K2064: =+IF(AND(D2064<$Q2064,D2064>$R2064),3,IF(D2064<$R2064,0,5)) -> 5 | L2064: =+IF(AND(E2064<$Q2064,E2064>$R2064),3,IF(E2064<$R2064,0,5)) -> 5 | M2064: =+IF(AND(F2064<$Q2064,F2064>$R2064),3,IF(F2064<$R2064,0,5)) -> 3 | N2064: =+IF(AND(G2064<$Q2064,G2064>$R2064),3,IF(G2064<$R2064,0,5)) -> 3 | O2064: =+IF(AND(H2064<$Q2064,H2064>$R2064),3,IF(H2064<$R2064,0,5)) -> 3 | P2064: =+IF(AND(I2064<$Q2064,I2064>$R2064),3,IF(I2064<$R2064,0,5)) -> 0 | Q2064: 0.15 | R2064: 0.1 | T2064: 0.14752906 | U2064: 0.11935426 | V2064: 0.24631076
B2065: Rentabilidad Total de los aportes y ahorros | C2065: =+(C1065*60%+C1521+C1670+C1952+C1953+C1954+C1955)/+AVERAGE(C2038:C2038) -> 0.064926647 | D2065: =+(D1065*60%+D1521+D1670+D1952+D1953+D1954+D1955)/+AVERAGE(D2038:D2038) -> 0.065798829 | E2065: =+(E1065*60%+E1521+E1670+E1952+E1953+E1954+E1955)/+AVERAGE(E2038:E2038) -> 0.060451206 | F2065: =+(F1065*60%+F1521+F1670+F1952+F1953+F1954+F1955)/+AVERAGE(E2038:F2038) -> 0.062174159 | G2065: =+(G1065*60%+G1521+G1670+G1952+G1953+G1954+G1955)/+AVERAGE(F2038:G2038) -> 0.052247168 | H2065: =+(H1065*60%+H1521+H1670+H1952+H1953+H1954+H1955)/+AVERAGE(G2038:H2038) -> 0.049790193 | I2065: =+(I1065*60%+I1521+I1670+I1952+I1953+I1954+I1955)/+AVERAGE(H2038:I2038)/I1*12 -> 0.045491096 | K2065: =+IF(AND(D2065<$Q2065,D2065>$R2065),3,IF(D2065<$R2065,0,5)) -> 5 | L2065: =+IF(AND(E2065<$Q2065,E2065>$R2065),3,IF(E2065<$R2065,0,5)) -> 5 | M2065: =+IF(AND(F2065<$Q2065,F2065>$R2065),3,IF(F2065<$R2065,0,5)) -> 5 | N2065: =+IF(AND(G2065<$Q2065,G2065>$R2065),3,IF(G2065<$R2065,0,5)) -> 3 | O2065: =+IF(AND(H2065<$Q2065,H2065>$R2065),3,IF(H2065<$R2065,0,5)) -> 3 | P2065: =+IF(AND(I2065<$Q2065,I2065>$R2065),3,IF(I2065<$R2065,0,5)) -> 3 | Q2065: 0.06 | R2065: 0.04 | T2065: 0.047697958 | U2065: 0.044393672 | V2065: 0.059689112
B2066: Excedente / Capital Social | C2066: =+C1065/+AVERAGE(C1035:C1035) -> 0.33015712 | D2066: =+D1065/+AVERAGE(D1035:D1035) -> 0.40439247 | E2066: =+E1065/+AVERAGE(E1035:E1035) -> 0.3009469 | F2066: =+F1065/+AVERAGE(E1035:F1035) -> 0.19712218 | G2066: =+G1065/+AVERAGE(F1035:G1035) -> 0.21725124 | H2066: =+H1065/+AVERAGE(G1035:H1035) -> 0.1728126 | I2066: =(+I1065/+AVERAGE(H1035:I1035))/I1*12 -> 0.082805153 | K2066: =+IF(AND(D2066<$Q2066,D2066>$R2066),3,IF(D2066<$R2066,0,5)) -> 5 | L2066: =+IF(AND(E2066<$Q2066,E2066>$R2066),3,IF(E2066<$R2066,0,5)) -> 5 | M2066: =+IF(AND(F2066<$Q2066,F2066>$R2066),3,IF(F2066<$R2066,0,5)) -> 5 | N2066: =+IF(AND(G2066<$Q2066,G2066>$R2066),3,IF(G2066<$R2066,0,5)) -> 5 | O2066: =+IF(AND(H2066<$Q2066,H2066>$R2066),3,IF(H2066<$R2066,0,5)) -> 5 | P2066: =+IF(AND(I2066<$Q2066,I2066>$R2066),3,IF(I2066<$R2066,0,5)) -> 5 | Q2066: 0.08 | R2066: 0.04 | T2066: 0.10533484 | U2066: 0.071117574 | V2066: 0.16066777
B2067: Rentabilidad de la cartera | C2067: =+C1293/+AVERAGE(C249:C249) -> 0.11545735 | D2067: =+D1293/+AVERAGE(D249:D249) -> 0.1139051 | E2067: =+E1293/+AVERAGE(E249:E249) -> 0.11451051 | F2067: =+F1293/+AVERAGE(E249:F249) -> 0.1182503 | G2067: =+G1293/+AVERAGE(F249:G249) -> 0.11209448 | H2067: =+H1293/+AVERAGE(G249:H249) -> 0.11270782 | I2067: =(+I1293/+AVERAGE(H249:I249))/I1*12 -> 0.10534267 | K2067: =+IF(AND(D2067>$Q2067,D2067<$R2067),3,IF(D2067>$R2067,0,5)) -> 5 | L2067: =+IF(AND(E2067>$Q2067,E2067<$R2067),3,IF(E2067>$R2067,0,5)) -> 5 | M2067: =+IF(AND(F2067>$Q2067,F2067<$R2067),3,IF(F2067>$R2067,0,5)) -> 5 | N2067: =+IF(AND(G2067>$Q2067,G2067<$R2067),3,IF(G2067>$R2067,0,5)) -> 5 | O2067: =+IF(AND(H2067>$Q2067,H2067<$R2067),3,IF(H2067>$R2067,0,5)) -> 5 | P2067: =+IF(AND(I2067>$Q2067,I2067<$R2067),3,IF(I2067>$R2067,0,5)) -> 5 | Q2067: 0.12 | R2067: 0.14 | T2067: 0.11126669 | U2067: 0.10940601 | V2067: 0.12479732
B2068: Costo de los Depósitos | C2068: =+(C1952+C1953+C1954+C1955)/+AVERAGE(C741:C741) -> 0.042599118 | D2068: =+(D1952+D1953+D1954+D1955)/+AVERAGE(D741:D741) -> 0.041041089 | E2068: =+(E1952+E1953+E1954+E1955)/+AVERAGE(E741:E741) -> 0.042050313 | F2068: =+(F1952+F1953+F1954+F1955)/+AVERAGE(E741:F741) -> 0.047624381 | G2068: =+(G1952+G1953+G1954+G1955)/+AVERAGE(F741:G741) -> 0.039311719 | H2068: =+(H1952+H1953+H1954+H1955)/+AVERAGE(G741:H741) -> 0.039222928 | I2068: =(+(I1952+I1953+I1954+I1955)/+AVERAGE(H741:I741))/I1*12 -> 0.038410722 | K2068: =+IF(AND(D2068>$Q2068,D2068<$R2068),3,IF(D2068>$R2068,0,5)) -> 3 | L2068: =+IF(AND(E2068>$Q2068,E2068<$R2068),3,IF(E2068>$R2068,0,5)) -> 3 | M2068: =+IF(AND(F2068>$Q2068,F2068<$R2068),3,IF(F2068>$R2068,0,5)) -> 3 | N2068: =+IF(AND(G2068>$Q2068,G2068<$R2068),3,IF(G2068>$R2068,0,5)) -> 5 | O2068: =+IF(AND(H2068>$Q2068,H2068<$R2068),3,IF(H2068>$R2068,0,5)) -> 5 | P2068: =+IF(AND(I2068>$Q2068,I2068<$R2068),3,IF(I2068>$R2068,0,5)) -> 5 | Q2068: 0.04 | R2068: 0.06 | T2068: 0.030807738 | U2068: 0.032436416 | V2068: 0.044169812
B2069: G. Personal + Generales sin varios / Ingresos financieros | C2069: =+(C1439+C1485-C1521)/(C1293+C1330) -> 0.37173505 | D2069: =+(D1439+D1485-D1521)/(D1293+D1330) -> 0.3358108 | E2069: =+(E1439+E1485-E1521)/(E1293+E1330) -> 0.37172644 | F2069: =+(F1439+F1485-F1521)/(F1293+F1330) -> 0.38430434 | G2069: =+(G1439+G1485-G1521)/(G1293+G1330) -> 0.35130089 | H2069: =+(H1439+H1485-H1521)/(H1293+H1330) -> 0.31826783 | I2069: =+(I1439+I1485-I1521)/(I1293+I1330) -> 0.37856665 | K2069: =+IF(AND(D2069>$Q2069,D2069<$R2069),3,IF(D2069>$R2069,0,5)) -> 5 | L2069: =+IF(AND(E2069>$Q2069,E2069<$R2069),3,IF(E2069>$R2069,0,5)) -> 3 | M2069: =+IF(AND(F2069>$Q2069,F2069<$R2069),3,IF(F2069>$R2069,0,5)) -> 3 | N2069: =+IF(AND(G2069>$Q2069,G2069<$R2069),3,IF(G2069>$R2069,0,5)) -> 3 | O2069: =+IF(AND(H2069>$Q2069,H2069<$R2069),3,IF(H2069>$R2069,0,5)) -> 5 | P2069: =+IF(AND(I2069>$Q2069,I2069<$R2069),3,IF(I2069>$R2069,0,5)) -> 3 | Q2069: 0.35 | R2069: 0.4 | T2069: 0.44942894 | U2069: 0.42274708 | V2069: 0.59774424
B2070: Gasto Provisiones / Ingresos de Cartera | C2070: =+(C1522)/C1293 -> 0.048414543 | D2070: =+(D1522)/D1293 -> 0.053506129 | E2070: =+(E1522)/E1293 -> 0.055909411 | F2070: =+(F1522)/F1293 -> 0.067641253 | G2070: =+(G1522)/G1293 -> 0.081524023 | H2070: =+(H1522)/H1293 -> 0.11940187 | I2070: =+(I1522)/I1293 -> 0.076392417 | K2070: =+IF(AND(D2070>$Q2070,D2070<$R2070),3,IF(D2070>$R2070,0,5)) -> 5 | L2070: =+IF(AND(E2070>$Q2070,E2070<$R2070),3,IF(E2070>$R2070,0,5)) -> 5 | M2070: =+IF(AND(F2070>$Q2070,F2070<$R2070),3,IF(F2070>$R2070,0,5)) -> 3 | N2070: =+IF(AND(G2070>$Q2070,G2070<$R2070),3,IF(G2070>$R2070,0,5)) -> 3 | O2070: =+IF(AND(H2070>$Q2070,H2070<$R2070),3,IF(H2070>$R2070,0,5)) -> 0 | P2070: =+IF(AND(I2070>$Q2070,I2070<$R2070),3,IF(I2070>$R2070,0,5)) -> 3 | Q2070: 0.06 | R2070: 0.1 | T2070: 0.083567562 | U2070: 0.054252525 | V2070: 0.10333357
A2071: SARO | B2071: Crecim. Cartera | D2071: =+D2037/C2037-1 -> 0.2289668 | E2071: =+E2037/D2037-1 -> 0.15244744 | F2071: =+F2037/E2037-1 -> 0.20383195 | G2071: =+G2037/F2037-1 -> 0.11248538 | H2071: =+H2037/G2037-1 -> 0.12198035 | I2071: =+I2037/H2037-1 -> 0.045132542 | K2071: =+IF(AND(D2071<$Q2071,D2071>$R2071),3,IF(D2071<$R2071,0,5)) -> 5 | L2071: =+IF(AND(E2071<$Q2071,E2071>$R2071),3,IF(E2071<$R2071,0,5)) -> 5 | M2071: =+IF(AND(F2071<$Q2071,F2071>$R2071),3,IF(F2071<$R2071,0,5)) -> 5 | N2071: =+IF(AND(G2071<$Q2071,G2071>$R2071),3,IF(G2071<$R2071,0,5)) -> 5 | O2071: =+IF(AND(H2071<$Q2071,H2071>$R2071),3,IF(H2071<$R2071,0,5)) -> 5 | P2071: =+IF(AND(I2071<$Q2071,I2071>$R2071),3,IF(I2071<$R2071,0,5)) -> 3 | Q2071: 0.06 | R2071: 0 | T2071: 0.053966641
B2072: Crecim. captaciones y aportes | D2072: =+D2038/C2038-1 -> 0.24193467 | E2072: =+E2038/D2038-1 -> 0.2058336 | F2072: =+F2038/E2038-1 -> 0.19747846 | G2072: =+G2038/F2038-1 -> 0.19845324 | H2072: =+H2038/G2038-1 -> 0.16326569 | I2072: =+I2038/H2038-1 -> 0.019208238 | K2072: =+IF(AND(D2072<$Q2072,D2072>$R2072),3,IF(D2072<$R2072,0,5)) -> 5 | L2072: =+IF(AND(E2072<$Q2072,E2072>$R2072),3,IF(E2072<$R2072,0,5)) -> 5 | M2072: =+IF(AND(F2072<$Q2072,F2072>$R2072),3,IF(F2072<$R2072,0,5)) -> 5 | N2072: =+IF(AND(G2072<$Q2072,G2072>$R2072),3,IF(G2072<$R2072,0,5)) -> 5 | O2072: =+IF(AND(H2072<$Q2072,H2072>$R2072),3,IF(H2072<$R2072,0,5)) -> 5 | P2072: =+IF(AND(I2072<$Q2072,I2072>$R2072),3,IF(I2072<$R2072,0,5)) -> 3 | Q2072: 0.06 | R2072: 0 | T2072: 0.0413933
B2073: Crecim. Asociados | D2073: =+D2030/C2030-1 -> 0.22426096 | E2073: =+E2030/D2030-1 -> 0.049125729 | F2073: =+F2030/E2030-1 -> 0.11507937 | G2073: =+G2030/F2030-1 -> 0.0056939502 | H2073: =+H2030/G2030-1 -> -0.0077848549 | I2073: =+I2030/H2030-1 -> -0.022824536 | K2073: =+IF(AND(D2073<$Q2073,D2073>$R2073),3,IF(D2073<$R2073,0,5)) -> 5 | L2073: =+IF(AND(E2073<$Q2073,E2073>$R2073),3,IF(E2073<$R2073,0,5)) -> 5 | M2073: =+IF(AND(F2073<$Q2073,F2073>$R2073),3,IF(F2073<$R2073,0,5)) -> 5 | N2073: =+IF(AND(G2073<$Q2073,G2073>$R2073),3,IF(G2073<$R2073,0,5)) -> 3 | O2073: =+IF(AND(H2073<$Q2073,H2073>$R2073),3,IF(H2073<$R2073,0,5)) -> 0 | P2073: =+IF(AND(I2073<$Q2073,I2073>$R2073),3,IF(I2073<$R2073,0,5)) -> 0 | Q2073: 0.03 | R2073: 0 | T2073: -0.012494116
B2075: Evaluacion Total | K2075: =+SUM(K2048:K2073)/(COUNT(K2048:K2073)*5) -> 0.84615385 | L2075: =+SUM(L2048:L2073)/(COUNT(L2048:L2073)*5) -> 0.89230769 | M2075: =+SUM(M2048:M2073)/(COUNT(M2048:M2073)*5) -> 0.77692308 | N2075: =+SUM(N2048:N2073)/(COUNT(N2048:N2073)*5) -> 0.8 | O2075: =+SUM(O2048:O2073)/(COUNT(O2048:O2073)*5) -> 0.7 | P2075: =+SUM(P2048:P2073)/(COUNT(P2048:P2073)*5) -> 0.60769231 | Q2075: 0.7 | R2075: 0.6

Sheet cuc
A3: CUENTA | B3: DESCRIPCION | C3: =+'indicadores propios'!D3 -> 43070 | D3: =+'indicadores propios'!E3 -> 43435 | E3: =+'indicadores propios'!F3 -> 43800 | F3: =+'indicadores propios'!G3 -> 44166 | G3: =+'indicadores propios'!H3 -> 44561 | H3: =+'indicadores propios'!I3 -> 44651
A4: 100000 | B4: ACTIVO | C4: =IFERROR(VLOOKUP($A4,'indicadores propios'!$A$4:$I$2026,'indicadores propios'!D$2,FALSE),0) -> 1.6989378e+10 | D4: =IFERROR(VLOOKUP($A4,'indicadores propios'!$A$4:$I$2026,'indicadores propios'!E$2,FALSE),0) -> 2.0962315e+10 | E4: =IFERROR(VLOOKUP($A4,'indicadores propios'!$A$4:$I$2026,'indicadores propios'!F$2,FALSE),0) -> 2.5012206e+10 | F4: =IFERROR(VLOOKUP($A4,'indicadores propios'!$A$4:$I$2026,'indicadores propios'!G$2,FALSE),0) -> 2.9996957e+10 | G4: =IFERROR(VLOOKUP($A4,'indicadores propios'!$A$4:$I$2026,'indicadores propios'!H$2,FALSE),0) -> 3.4948819e+10 | H4: =IFERROR(VLOOKUP($A4,'indicadores propios'!$A$4:$I$2026,'indicadores propios'!I$2,FALSE),0) -> 3.5741855e+10
A5: 110000 | B5: EFECTIVO Y EQUIVALENTE AL EFECTIVO | C5: =IFERROR(VLOOKUP($A5,'indicadores propios'!$A$4:$I$2026,'indicadores propios'!D$2,FALSE),0) -> 2.6367019e+09 | D5: =IFERROR(VLOOKUP($A5,'indicadores propios'!$A$4:$I$2026,'indicadores propios'!E$2,FALSE),0) -> 4.153756e+09 | E5: =IFERROR(VLOOKUP($A5,'indicadores propios'!$A$4:$I$2026,'indicadores propios'!F$2,FALSE),0) -> 3.1558533e+09 | F5: =IFERROR(VLOOKUP($A5,'indicadores propios'!$A$4:$I$2026,'indicadores propios'!G$2,FALSE),0) -> 5.0505811e+09 | G5: =IFERROR(VLOOKUP($A5,'indicadores propios'!$A$4:$I$2026,'indicadores propios'!H$2,FALSE),0) -> 4.1074775e+09 | H5: =IFERROR(VLOOKUP($A5,'indicadores propios'!$A$4:$I$2026,'indicadores propios'!I$2,FALSE),0) -> 2.7369351e+09
A6: 110500 | B6: CAJA | C6: =IFERROR(VLOOKUP($A6,'indicadores propios'!$A$4:$I$2026,'indicadores propios'!D$2,FALSE),0) -> 2726118.8 | D6: =IFERROR(VLOOKUP($A6,'indicadores propios'!$A$4:$I$2026,'indicadores propios'!E$2,FALSE),0) -> 4476455 | E6: =IFERROR(VLOOKUP($A6,'indicadores propios'!$A$4:$I$2026,'indicadores propios'!F$2,FALSE),0) -> 6368466 | F6: =IFERROR(VLOOKUP($A6,'indicadores propios'!$A$4:$I$2026,'indicadores propios'!G$2,FALSE),0) -> 300000 | G6: =IFERROR(VLOOKUP($A6,'indicadores propios'!$A$4:$I$2026,'indicadores propios'!H$2,FALSE),0) -> 21836296 | H6: =IFERROR(VLOOKUP($A6,'indicadores propios'!$A$4:$I$2026,'indicadores propios'!I$2,FALSE),0) -> 1970000
A7: 110505 | B7: CAJA GENERAL | C7: =IFERROR(VLOOKUP($A7,'indicadores propios'!$A$4:$I$2026,'indicadores propios'!D$2,FALSE),0) -> 0 | D7: =IFERROR(VLOOKUP($A7,'indicadores propios'!$A$4:$I$2026,'indicadores propios'!E$2,FALSE),0) -> 0 | E7: =IFERROR(VLOOKUP($A7,'indicadores propios'!$A$4:$I$2026,'indicadores propios'!F$2,FALSE),0) -> 0 | F7: =IFERROR(VLOOKUP($A7,'indicadores propios'!$A$4:$I$2026,'indicadores propios'!G$2,FALSE),0) -> 0 | G7: =IFERROR(VLOOKUP($A7,'indicadores propios'!$A$4:$I$2026,'indicadores propios'!H$2,FALSE),0) -> 21536296 | H7: =IFERROR(VLOOKUP($A7,'indicadores propios'!$A$4:$I$2026,'indicadores propios'!I$2,FALSE),0) -> 1670000
A8: 110510 | B8: CAJA MENOR | C8: =IFERROR(VLOOKUP($A8,'indicadores propios'!$A$4:$I$2026,'indicadores propios'!D$2,FALSE),0) -> 200000 | D8: =IFERROR(VLOOKUP($A8,'indicadores propios'!$A$4:$I$2026,'indicadores propios'!E$2,FALSE),0) -> 200000 | E8: =IFERROR(VLOOKUP($A8,'indicadores propios'!$A$4:$I$2026,'indicadores propios'!F$2,FALSE),0) -> 300000 | F8: =IFERROR(VLOOKUP($A8,'indicadores propios'!$A$4:$I$2026,'indicadores propios'!G$2,FALSE),0) -> 300000 | G8: =IFERROR(VLOOKUP($A8,'indicadores propios'!$A$4:$I$2026,'indicadores propios'!H$2,FALSE),0) -> 300000 | H8: =IFERROR(VLOOKUP($A8,'indicadores propios'!$A$4:$I$2026,'indicadores propios'!I$2,FALSE),0) -> 300000
A9: 111000 | B9: BANCOS Y OTRAS ENTIDADES CON ACTIVIDAD FINANCIERA | C9: =IFERROR(VLOOKUP($A9,'indicadores propios'!$A$4:$I$2026,'indicadores propios'!D$2,FALSE),0) -> 5.0076678e+08 | D9: =IFERROR(VLOOKUP($A9,'indicadores propios'!$A$4:$I$2026,'indicadores propios'!E$2,FALSE),0) -> 3.4570131e+08 | E9: =IFERROR(VLOOKUP($A9,'indicadores propios'!$A$4:$I$2026,'indicadores propios'!F$2,FALSE),0) -> 8.913255e+08 | F9: =IFERROR(VLOOKUP($A9,'indicadores propios'!$A$4:$I$2026,'indicadores propios'!G$2,FALSE),0) -> 9.1273321e+08 | G9: =IFERROR(VLOOKUP($A9,'indicadores propios'!$A$4:$I$2026,'indicadores propios'!H$2,FALSE),0) -> 3.5277226e+09 | H9: =IFERROR(VLOOKUP($A9,'indicadores propios'!$A$4:$I$2026,'indicadores propios'!I$2,FALSE),0) -> 1.792398e+09
A10: 111005 | B10: BANCOS COMERCIALES | C10: =IFERROR(VLOOKUP($A10,'indicadores propios'!$A$4:$I$2026,'indicadores propios'!D$2,FALSE),0) -> 4.9972319e+08 | D10: =IFERROR(VLOOKUP($A10,'indicadores propios'!$A$4:$I$2026,'indicadores propios'!E$2,FALSE),0) -> 3.4465773e+08 | E10: =IFERROR(VLOOKUP($A10,'indicadores propios'!$A$4:$I$2026,'indicadores propios'!F$2,FALSE),0) -> 4.6813696e+08 | F10: =IFERROR(VLOOKUP($A10,'indicadores propios'!$A$4:$I$2026,'indicadores propios'!G$2,FALSE),0) -> 3.6557792e+08 | G10: =IFERROR(VLOOKUP($A10,'indicadores propios'!$A$4:$I$2026,'indicadores propios'!H$2,FALSE),0) -> 3.3195779e+09 | H10: =IFERROR(VLOOKUP($A10,'indicadores propios'!$A$4:$I$2026,'indicadores propios'!I$2,FALSE),0) -> 1.4370079e+09
A11: 111010 | B11: BANCOS COOPERATIVOS | C11: =IFERROR(VLOOKUP($A11,'indicadores propios'!$A$4:$I$2026,'indicadores propios'!D$2,FALSE),0) -> 1043587 | D11: =IFERROR(VLOOKUP($A11,'indicadores propios'!$A$4:$I$2026,'indicadores propios'!E$2,FALSE),0) -> 1043587 | E11: =IFERROR(VLOOKUP($A11,'indicadores propios'!$A$4:$I$2026,'indicadores propios'!F$2,FALSE),0) -> 423188540 | F11: =IFERROR(VLOOKUP($A11,'indicadores propios'!$A$4:$I$2026,'indicadores propios'!G$2,FALSE),0) -> 547155299 | G11: =IFERROR(VLOOKUP($A11,'indicadores propios'!$A$4:$I$2026,'indicadores propios'!H$2,FALSE),0) -> 208144721 | H11: =IFERROR(VLOOKUP($A11,'indicadores propios'!$A$4:$I$2026,'indicadores propios'!I$2,FALSE),0) -> 3.5539003e+08
A12: 111015 | B12: ENTIDADES SECTOR SOLIDARIO | C12: =IFERROR(VLOOKUP($A12,'indicadores propios'!$A$4:$I$2026,'indicadores propios'!D$2,FALSE),0) -> 0 | D12: =IFERROR(VLOOKUP($A12,'indicadores propios'!$A$4:$I$2026,'indicadores propios'!E$2,FALSE),0) -> 0 | E12: =IFERROR(VLOOKUP($A12,'indicadores propios'!$A$4:$I$2026,'indicadores propios'!F$2,FALSE),0) -> 0 | F12: =IFERROR(VLOOKUP($A12,'indicadores propios'!$A$4:$I$2026,'indicadores propios'!G$2,FALSE),0) -> 0 | G12: =IFERROR(VLOOKUP($A12,'indicadores propios'!$A$4:$I$2026,'indicadores propios'!H$2,FALSE),0) -> 0 | H12: =IFERROR(VLOOKUP($A12,'indicadores propios'!$A$4:$I$2026,'indicadores propios'!I$2,FALSE),0) -> 0
A13: 111020 | B13: ENTIDADES DEL EXTERIOR | C13: =IFERROR(VLOOKUP($A13,'indicadores propios'!$A$4:$I$2026,'indicadores propios'!D$2,FALSE),0) -> 0 | D13: =IFERROR(VLOOKUP($A13,'indicadores propios'!$A$4:$I$2026,'indicadores propios'!E$2,FALSE),0) -> 0 | E13: =IFERROR(VLOOKUP($A13,'indicadores propios'!$A$4:$I$2026,'indicadores propios'!F$2,FALSE),0) -> 0 | F13: =IFERROR(VLOOKUP($A13,'indicadores propios'!$A$4:$I$2026,'indicadores propios'!G$2,FALSE),0) -> 0 | G13: =IFERROR(VLOOKUP($A13,'indicadores propios'!$A$4:$I$2026,'indicadores propios'!H$2,FALSE),0) -> 0 | H13: =IFERROR(VLOOKUP($A13,'indicadores propios'!$A$4:$I$2026,'indicadores propios'!I$2,FALSE),0) -> 0
A14: 111025 | B14: OTRAS ENTIDADES | C14: =IFERROR(VLOOKUP($A14,'indicadores propios'!$A$4:$I$2026,'indicadores propios'!D$2,FALSE),0) -> 0 | D14: =IFERROR(VLOOKUP($A14,'indicadores propios'!$A$4:$I$2026,'indicadores propios'!E$2,FALSE),0) -> 0 | E14: =IFERROR(VLOOKUP($A14,'indicadores propios'!$A$4:$I$2026,'indicadores propios'!F$2,FALSE),0) -> 0 | F14: =IFERROR(VLOOKUP($A14,'indicadores propios'!$A$4:$I$2026,'indicadores propios'!G$2,FALSE),0) -> 0 | G14: =IFERROR(VLOOKUP($A14,'indicadores propios'!$A$4:$I$2026,'indicadores propios'!H$2,FALSE),0) -> 0 | H14: =IFERROR(VLOOKUP($A14,'indicadores propios'!$A$4:$I$2026,'indicadores propios'!I$2,FALSE),0) -> 0
A15: 111500 | B15: EQUIVALENTES AL EFECTIVO (compromiso de pago) | C15: =IFERROR(VLOOKUP($A15,'indicadores propios'!$A$4:$I$2026,'indicadores propios'!D$2,FALSE),0) -> 3.8917127e+08 | D15: =IFERROR(VLOOKUP($A15,'indicadores propios'!$A$4:$I$2026,'indicadores propios'!E$2,FALSE),0) -> 2.3379408e+09 | E15: =IFERROR(VLOOKUP($A15,'indicadores propios'!$A$4:$I$2026,'indicadores propios'!F$2,FALSE),0) -> 2.1588602e+09 | F15: =IFERROR(VLOOKUP($A15,'indicadores propios'!$A$4:$I$2026,'indicadores propios'!G$2,FALSE),0) -> 4.1375479e+09 | G15: =IFERROR(VLOOKUP($A15,'indicadores propios'!$A$4:$I$2026,'indicadores propios'!H$2,FALSE),0) -> 1652945.7 | H15: =IFERROR(VLOOKUP($A15,'indicadores propios'!$A$4:$I$2026,'indicadores propios'!I$2,FALSE),0) -> 5.1652189e+08
... A2090: 980000 | B2090: ACREEDORAS DE CONTROL POR CONTRA (CR) | C2090: =IFERROR(VLOOKUP($A2090,'indicadores propios'!$A$4:$I$2026,'indicadores propios'!D$2,FALSE),0) -> 0 | D2090: =IFERROR(VLOOKUP($A2090,'indicadores propios'!$A$4:$I$2026,'indicadores propios'!E$2,FALSE),0) -> 0 | E2090: =IFERROR(VLOOKUP($A2090,'indicadores propios'!$A$4:$I$2026,'indicadores propios'!F$2,FALSE),0) -> 0 | F2090: =IFERROR(VLOOKUP($A2090,'indicadores propios'!$A$4:$I$2026,'indicadores propios'!G$2,FALSE),0) -> 0 | G2090: =IFERROR(VLOOKUP($A2090,'indicadores propios'!$A$4:$I$2026,'indicadores propios'!H$2,FALSE),0) -> 0 | H2090: =IFERROR(VLOOKUP($A2090,'indicadores propios'!$A$4:$I$2026,'indicadores propios'!I$2,FALSE),0) -> 0

Sheet Indicadores SIAR EVOLUCION
J1: =+'indicadores propios'!I1 -> 3 | L1: Perfil RIESGO
A2: RIESGO | B2: NOMBRE | C2: Descripcion | D2: Descripción FORMULA | E2: =+cuc!C3 -> 43070 | F2: =+cuc!D3 -> 43435 | G2: =+cuc!E3 -> 43800 | H2: =+cuc!F3 -> 44166 | I2: =+cuc!G3 -> 44561 | J2: =+cuc!H3 -> 44651 | L2: Bajo | M2: Alto
A3: SARC | B3: Indicador de calidad por riesgo | C3: Calidad x Riesgo (B,C,D,E) | D3: Cartera Total Calificada en Categorías B, C, D y E / Cartera Bruta | E3: =+'1. SARC - Calidad Cartera'!C75 -> 0.0021524215 | F3: =+'1. SARC - Calidad Cartera'!D75 -> 0.0058998494 | G3: =+'1. SARC - Calidad Cartera'!E75 -> 0.010988093 | H3: =+'1. SARC - Calidad Cartera'!F75 -> 0.012491724 | I3: =+'1. SARC - Calidad Cartera'!G75 -> 0.014196634 | J3: =+'1. SARC - Calidad Cartera'!H75 -> 0.021688308 | L3: 0.02 | M3: 0.04
A4: SARC | B4: Indicador de calidad por riesgo con castigos | C4: Calidad x Riesgo (B,C,D,E) + Castigos | D4: (Cartera Total Calificada en Categorías B, C, D y E + Castigos) / (Total Cartera + Castigos) | E4: =+'1. SARC - Calidad (con castigo)'!C77 -> 0.0021524215 | F4: =+'1. SARC - Calidad (con castigo)'!D77 -> 0.0058998494 | G4: =+'1. SARC - Calidad (con castigo)'!E77 -> 0.010988093 | H4: =+'1. SARC - Calidad (con castigo)'!F77 -> 0.012491724 | I4: =+'1. SARC - Calidad (con castigo)'!G77 -> 0.014583784 | J4: =+'1. SARC - Calidad (con castigo)'!H77 -> 0.022056161 | L4: 0.03 | M4: 0.06
A5: SARC | B5: Indicador de cartera por Riesgo en Consumo sin Libranza | C5: Calidad x Riesgo (B,C,D,E) | D5: Cartera Calificada en Categorías B, C, D y E "Consumo SL" / Cartera Bruta "Consumo SL" | E5: =+'2. SARC - Calidad Cons sin LBZ'!C21 -> 0.0070989192 | F5: =+'2. SARC - Calidad Cons sin LBZ'!D21 -> 0.019903417 | G5: =+'2. SARC - Calidad Cons sin LBZ'!E21 -> 0.023787876 | H5: =+'2. SARC - Calidad Cons sin LBZ'!F21 -> 0.028111558 | I5: =+'2. SARC - Calidad Cons sin LBZ'!G21 -> 0.034461349 | J5: =+'2. SARC - Calidad Cons sin LBZ'!H21 -> 0.056166082 | L5: 0.03 | M5: 0.06
A6: SARC | B6: Indicador de cartera por Riesgo en Consumo con Libranza | C6: Calidad x Riesgo (B,C,D,E) | D6: Cartera Calificada en Categorías B, C, D y E "Consumo CL" / Cartera Bruta "Consumo CL" | E6: =+'3. SARC - Calidad Cons LBZ'!C30 -> 0.00010428325 | F6: =+'3. SARC - Calidad Cons LBZ'!D30 -> 0 | G6: =+'3. SARC - Calidad Cons LBZ'!E30 -> 0.0049014971 | H6: =+'3. SARC - Calidad Cons LBZ'!F30 -> 0.0053326863 | I6: =+'3. SARC - Calidad Cons LBZ'!G30 -> 0.0059806421 | J6: =+'3. SARC - Calidad Cons LBZ'!H30 -> 0.0071226542 | L6: 0.03 | M6: 0.06
A7: SARC | B7: Indicador de cartera por Riesgo en Comercial | C7: Calidad x Riesgo (B,C,D,E) | D7: Cartera Calificada en Categorías B, C, D y E "Comercial" / Cartera Bruta "Comercial" | E7: =+'4. SARC - Calidad Comercial'!C21 -> 0 | F7: =+'4. SARC - Calidad Comercial'!D21 -> 0 | G7: =+'4. SARC - Calidad Comercial'!E21 -> 0 | H7: =+'4. SARC - Calidad Comercial'!F21 -> 0 | I7: =+'4. SARC - Calidad Comercial'!G21 -> 0 | J7: =+'4. SARC - Calidad Comercial'!H21 -> 0 | L7: 0.03 | M7: 0.06
A8: SARC | B8: Indicador de cartera por Riesgo en Microcrédito | C8: Calidad x Riesgo (B,C,D,E) | D8: Cartera Calificada en Categorías B, C, D y E "Microcredito" / Cartera Bruta "Microcredito" | E8: =+'5. SARC - Calidad MICRO'!C27 -> 0 | F8: =+'5. SARC - Calidad MICRO'!D27 -> 0 | G8: =+'5. SARC - Calidad MICRO'!E27 -> 0 | H8: =+'5. SARC - Calidad MICRO'!F27 -> 0 | I8: =+'5. SARC - Calidad MICRO'!G27 -> 0 | J8: =+'5. SARC - Calidad MICRO'!H27 -> 0 | L8: 0.03 | M8: 0.06
A9: SARC | B9: Indicador de cartera por Riesgo en Vivienda | C9: Calidad x Riesgo (B,C,D,E) | D9: Cartera Calificada en Categorías B, C, D y E "Vivienda" / Cartera Bruta "Vivienda" | E9: =+'6. SARC - Calidad VIVI'!C30 -> 0 | F9: =+'6. SARC - Calidad VIVI'!D30 -> 0 | G9: =+'6. SARC - Calidad VIVI'!E30 -> 0 | H9: =+'6. SARC - Calidad VIVI'!F30 -> 0 | I9: =+'6. SARC - Calidad VIVI'!G30 -> 0 | J9: =+'6. SARC - Calidad VIVI'!H30 -> 0 | L9: 0.03 | M9: 0.06
A10: SARC | B10: Indicador de Cobertura de la Cartera Total en Riesgo | C10: Deterioro / Cartera Bruta | D10: Deterioro / Cartera Bruta | E10: =+'7. SARC - Cobertura TOTAL'!C30 -> 0.013692934 | F10: =+'7. SARC - Cobertura TOTAL'!D30 -> 0.014601991 | G10: =+'7. SARC - Cobertura TOTAL'!E30 -> 0.016922612 | H10: =+'7. SARC - Cobertura TOTAL'!F30 -> 0.020849283 | I10: =+'7. SARC - Cobertura TOTAL'!G30 -> 0.02075371 | J10: =+'7. SARC - Cobertura TOTAL'!H30 -> 0.021578054 | L10: 0.03 | M10: 0.02
A11: SARC | B11: Indicador de Cobertura individual de la cartera improductiva para la cartera en Riesgo | C11: Cobertura C D y E | D11: Deterioro CDE / Cartera Vencida CDE | E11: =+'30. Cobertura Cartera improduc'!C81 -> 0.23072795 | F11: =+'30. Cobertura Cartera improduc'!D81 -> 0.47464011 | G11: =+'30. Cobertura Cartera improduc'!E81 -> 0.57693331 | H11: =+'30. Cobertura Cartera improduc'!F81 -> 0.7565246 | I11: =+'30. Cobertura Cartera improduc'!G81 -> 0.77837795 | J11: =+'30. Cobertura Cartera improduc'!H81 -> 0.54186413 | L11: 1 | M11: 0.8
A12: SARC | B12: Indicador de Cobertura de la Cartera de Consumo en Riesgo | C12: Cobertura (B, C, D, E) | D12: Deterioro / Cartera Vencida | E12: =+'7. SARC - Cobertura consumo'!C46 -> 0.20685445 | F12: =+'7. SARC - Cobertura consumo'!D46 -> 0.43573399 | G12: =+'7. SARC - Cobertura consumo'!E46 -> 0.46813957 | H12: =+'7. SARC - Cobertura consumo'!F46 -> 0.73250756 | I12: =+'7. SARC - Cobertura consumo'!G46 -> 0.64329048 | J12: =+'7. SARC - Cobertura consumo'!H46 -> 0.46031045 | L12: 0.8 | M12: 0.6
A13: SARC | B13: Indicador de Cobertura de la Cartera Comercial en Riesgo | C13: Cobertura (B, C, D, E) | D13: Deterioro / Cartera Vencida | E13: =+'8. SARC - Cobertura comercial'!C29 -> 0 | F13: =+'8. SARC - Cobertura comercial'!D29 -> 0 | G13: =+'8. SARC - Cobertura comercial'!E29 -> 0 | H13: =+'8. SARC - Cobertura comercial'!F29 -> 0 | I13: =+'8. SARC - Cobertura comercial'!G29 -> 0 | J13: =+'8. SARC - Cobertura comercial'!H29 -> 0 | L13: 1 | M13: 0.8
A14: SARC | B14: Indicador de Cobertura de la Cartera Microcrédito Empresarial en Riesgo | C14: Cobertura (B, C, D, E) | D14: Deterioro / Cartera Vencida | E14: =+'8. SARC - Cobertura MICRO'!C29 -> 0 | F14: =+'8. SARC - Cobertura MICRO'!D29 -> 0 | G14: =+'8. SARC - Cobertura MICRO'!E29 -> 0 | H14: =+'8. SARC - Cobertura MICRO'!F29 -> 0 | I14: =+'8. SARC - Cobertura MICRO'!G29 -> 0 | J14: =+'8. SARC - Cobertura MICRO'!H29 -> 0 | L14: 1 | M14: 0.8
A15: SARC | B15: Indicador de Cobertura de la Cartera de Vivienda en Riesgo | C15: Cobertura (B, C, D, E) | D15: Deterioro / Cartera Vencida | E15: =+'8. SARC - Cobertura VIVI'!C33 -> 0 | F15: =+'8. SARC - Cobertura VIVI'!D33 -> 0 | G15: =+'8. SARC - Cobertura VIVI'!E33 -> 0 | H15: =+'8. SARC - Cobertura VIVI'!F33 -> 0 | I15: =+'8. SARC - Cobertura VIVI'!G33 -> 0 | J15: =+'8. SARC - Cobertura VIVI'!H33 -> 0 | L15: 1 | M15: 0.8
A16: SARC | B16: Indicador de Crecimiento Cartera Bruta total | C16: Crecimiento Cartera Bruta | D16: (Carte Bruta periodo Actual / Cartera Bruta del mismo periodo del año anterior )-1 | F16: =+'9. SARC - Crecim Cartera BRUTA'!C22 -> 0.15315452 | G16: =+'9. SARC - Crecim Cartera BRUTA'!D22 -> 0.19594843 | H16: =+'9. SARC - Crecim Cartera BRUTA'!E22 -> 0.11394774 | I16: =+'9. SARC - Crecim Cartera BRUTA'!F22 -> 0.1253341 | J16: =+'9. SARC - Crecim Cartera BRUTA'!G22 -> 0.044476684 | L16: 0.1 | M16: 0
A17: SARC | B17: Indicador de Crecimiento de Cartera Bruta de Consumo Sin Libranza | C17: Crecimiento de Cartera Bruta de Consumo Sin Libranza | D17: (Cartera Bruta periodo Actual / Cartera Bruta del mismo periodo del año anterior )-1 | F17: =+'10. SARC - Crecim CONS sin LBZ'!C11 -> 0.16736494 | G17: =+'10. SARC - Crecim CONS sin LBZ'!D11 -> 0.30024426 | H17: =+'10. SARC - Crecim CONS sin LBZ'!E11 -> 0.086329178 | I17: =+'10. SARC - Crecim CONS sin LBZ'!F11 -> 0.032923876 | J17: =+'10. SARC - Crecim CONS sin LBZ'!G11 -> 0.075322322 | L17: 0 | M17: 0.1
A18: SARC | B18: Indicador de Crecimiento de Cartera Bruta de Consumo Con Libranza | C18: Crecimiento de Cartera Bruta de Consumo Con Libranza | D18: (Cartera Bruta periodo Actual / Cartera Bruta del mismo periodo del año anterior )-1 | F18: =+'11. SARC Crecim Cons LBZ'!C16 -> 0.14727058 | G18: =+'11. SARC Crecim Cons LBZ'!D16 -> 0.15200751 | H18: =+'11. SARC Crecim Cons LBZ'!E16 -> 0.12708101 | I18: =+'11. SARC Crecim Cons LBZ'!F16 -> 0.16768847 | J18: =+'11. SARC Crecim Cons LBZ'!G16 -> 0.031970832 | L18: 0.1 | M18: 0
A19: SARC | B19: Indicador de Crecimiento de Cartera Bruta Comercial | C19: Crecimiento de Cartera Bruta Comercial | D19: (Cartera Bruta periodo Actual / Cartera Bruta del mismo periodo del año anterior )-1 | F19: =+'12. SARC Crecim CCIAL'!$C$11 -> 0 | G19: =+'12. SARC Crecim CCIAL'!$C$11 -> 0 | H19: =+'12. SARC Crecim CCIAL'!$C$11 -> 0 | I19: =+'12. SARC Crecim CCIAL'!$C$11 -> 0 | J19: =+'12. SARC Crecim CCIAL'!$C$11 -> 0 | L19: 0.1 | M19: 0
A20: SARC | B20: Indicador de Crecimiento de Cartera Bruta Microcrédito | C20: Crecimiento de Cartera Bruta Microcrédito | D20: (Cartera Bruta periodo Actual / Cartera Bruta del mismo periodo del año anterior )-1 | F20: =+'13. SARC Crecim MICRO'!C12 -> 0 | G20: =+'13. SARC Crecim MICRO'!D12 -> 0 | H20: =+'13. SARC Crecim MICRO'!E12 -> 0 | I20: =+'13. SARC Crecim MICRO'!F12 -> 0 | J20: =+'13. SARC Crecim MICRO'!G12 -> 0 | L20: 0.1 | M20: 0
A21: SARC | B21: Indicador de Crecimiento de Cartera Bruta Vivienda | C21: Crecimiento de Cartera Bruta Vivienda | D21: (Cartera Bruta periodo Actual / Cartera Bruta del mismo periodo del año anterior )-1 | F21: =+'14. SARC Crecim VIVI'!C16 -> 0 | G21: =+'14. SARC Crecim VIVI'!D16 -> 0 | H21: =+'14. SARC Crecim VIVI'!E16 -> 0 | I21: =+'14. SARC Crecim VIVI'!F16 -> 0 | J21: =+'14. SARC Crecim VIVI'!G16 -> 0 | L21: 0.1 | M21: 0
A22: SARC | B22: Indicador de Crecimiento de Cartera Total por Riesgo | C22: Crecimiento de Cartera Total por Riesgo | D22: (Cartera en riesgo periodo actual / Cartera en riesgo del mismo periodo del año anterior )-1 | F22: =+'15. SARC Crecim mora'!C61 -> 2.1608298 | G22: =+'15. SARC Crecim mora'!D61 -> 1.2273777 | H22: =+'15. SARC Crecim mora'!E61 -> 0.26638234 | I22: =+'15. SARC Crecim mora'!F61 -> 0.27892332 | J22: =+'15. SARC Crecim mora'!G61 -> 0.59565509 | L22: -0.05 | M22: 0.05
A23: SARC | B23: Indicador de Crecimiento de Cartera Consumo Sin Libranza por Riesgo | C23: Crecimiento de Cartera Consumo Sin Libranza por Riesgo | D23: (Cartera Calificada en Categorías B, C, D y E periodo Actual / Cartera Calificada en Categorías B, C, D y E del mismo periodo del año anterior )-1 | F23: =+'16. SARC > mora Cons SIN LBZ'!C17 -> 2.2729702 | G23: =+'16. SARC > mora Cons SIN LBZ'!D17 -> 0.55400701 | H23: =+'16. SARC > mora Cons SIN LBZ'!E17 -> 0.28378027 | I23: =+'16. SARC > mora Cons SIN LBZ'!F17 -> 0.26623897 | J23: =+'16. SARC > mora Cons SIN LBZ'!G17 -> 0.75259074 | L23: -0.05 | M23: 0.05
A24: SARC | B24: Indicador de Crecimiento de Cartera Consumo Con Libranza por Riesgo | C24: Crecimiento de Cartera Consumo Con Libranza por Riesgo | D24: (Cartera Calificada en Categorías B, C, D y E periodo Actual / Cartera Vencida del mismo periodo del año anterior )-1 | F24: =+'17. SARC > mora Cons LBZ'!C21 -> -1 | G24: =+'17. SARC > mora Cons LBZ'!D21 -> 0 | H24: =+'17. SARC > mora Cons LBZ'!E21 -> 0.22623135 | I24: =+'17. SARC > mora Cons LBZ'!F21 -> 0.30957015 | J24: =+'17. SARC > mora Cons LBZ'!G21 -> 0.22902713 | L24: -0.05 | M24: 0.05
A25: SARC | B25: Indicador de Crecimiento de Cartera Comercial por Riesgo | C25: Crecimiento de Cartera Comercial por Riesgo | D25: (Cartera Calificada en Categorías B, C, D y E periodo Actual / Cartera Vencida del mismo periodo del año anterior )-1 | F25: =+'18. SARC > mora CCIAL'!C17 -> 0 | G25: =+'18. SARC > mora CCIAL'!D17 -> 0 | H25: =+'18. SARC > mora CCIAL'!E17 -> 0 | I25: =+'18. SARC > mora CCIAL'!F17 -> 0 | J25: =+'18. SARC > mora CCIAL'!G17 -> 0 | L25: -0.05 | M25: 0.05
A26: SARC | B26: Indicador de Crecimiento de Cartera Microcrédito por Riesgo | C26: Crecimiento de Cartera Microcrédito por Riesgo | D26: (Cartera Calificada en Categorías B, C, D y E periodo Actual / Cartera Vencida del mismo periodo del año anterior )-1 | F26: =+'19. SARC > mora MICRO'!C21 -> 0 | G26: =+'19. SARC > mora MICRO'!D21 -> 0 | H26: =+'19. SARC > mora MICRO'!E21 -> 0 | I26: =+'19. SARC > mora MICRO'!F21 -> 0 | J26: =+'19. SARC > mora MICRO'!G21 -> 0 | L26: -0.05 | M26: 0.05
A27: SARC | B27: Indicador de Crecimiento de Cartera de Vivienda por Riesgo | C27: Crecimiento de Cartera de Vivienda por Riesgo | D27: (Cartera Calificada en Categorías B, C, D y E periodo Actual / Cartera Vencida del mismo periodo del año anterior )-1 | F27: =+'20. SARC > mora VIVI'!C21 -> 0 | G27: =+'20. SARC > mora VIVI'!D21 -> 0 | H27: =+'20. SARC > mora VIVI'!E21 -> 0 | I27: =+'20. SARC > mora VIVI'!F21 -> 0 | J27: =+'20. SARC > mora VIVI'!G21 -> 0 | L27: -0.05 | M27: 0.05
A28: SARL | B28: Indicador de relación entre Activos Liquidos ampliados a depósitos de corto plazo | C28: Activos Líquidos ampliados / Depósitos Corto Plazo | D28: Efectivo y equivalentes+ Fondo Liquidez +Inversiones / Depositso < 6 Meses | E28: =+'21. LIQUIDEZ - ALN vs Dep CP'!C36 -> 119.02189 | F28: =+'21. LIQUIDEZ - ALN vs Dep CP'!D36 -> 1344.0593 | G28: =+'21. LIQUIDEZ - ALN vs Dep CP'!E36 -> 0.7642632 | H28: =+'21. LIQUIDEZ - ALN vs Dep CP'!F36 -> 0.99710757 | I28: =+'21. LIQUIDEZ - ALN vs Dep CP'!G36 -> 1.0602312 | J28: =+'21. LIQUIDEZ - ALN vs Dep CP'!H36 -> 1.1026593 | L28: 0.5 | M28: 0.3
A29: SARL | B29: Indicador de relación entre la brecha de liquidez y los Activos Liquidos netos | C29: Valor en riesgo de liquidez brecha / ALN | D29: Brecha 2-3 meses /efectivo y equivalentes+fondo de liquidez + participación en fondos de inversión colectiva abiertos sin pacto de permanencia | E29: =+'22. LIQ. - Brecha GAP Vs ALN'!$C$26 -> 0 | F29: =+'22. LIQ. - Brecha GAP Vs ALN'!$C$26 -> 0 | G29: =+'22. LIQ. - Brecha GAP Vs ALN'!$C$26 -> 0 | H29: =+'22. LIQ. - Brecha GAP Vs ALN'!$C$26 -> 0 | I29: =+'22. LIQ. - Brecha GAP Vs ALN'!$C$26 -> 0 | J29: =+'22. LIQ. - Brecha GAP Vs ALN'!$C$26 -> 0 | L29: 0.5 | M29: 1
A30: SARL | B30: Indicador de concentración de Depositos | C30: % Participación mayores ahorradores sobre el total de depósitos | D30: Saldo Depositos de los 20 mayores Ahorradores / Saldo Total de Depositos | E30: =+'23. Concentracion depositos'!C13 -> 0 | F30: =+'23. Concentracion depositos'!D13 -> 0 | G30: =+'23. Concentracion depositos'!E13 -> 0 | H30: =+'23. Concentracion depositos'!F13 -> 0 | I30: =+'23. Concentracion depositos'!G13 -> 0 | J30: =+'23. Concentracion depositos'!H13 -> 0.17646411 | L30: 0.1 | M30: 0.15
A31: SARL | B31: Indicador de concentración de Cartera | C31: % Participación mayores deudores sobre el total de cartera | D31: Saldo Cartera de los 20 mayores Deudores / Saldo Total de la cartera | E31: =+'23. Concentracion cartera'!C21 -> 0 | F31: =+'23. Concentracion cartera'!D21 -> 0 | G31: =+'23. Concentracion cartera'!E21 -> 0 | H31: =+'23. Concentracion cartera'!F21 -> 0 | I31: =+'23. Concentracion cartera'!G21 -> 0 | J31: =+'23. Concentracion cartera'!H21 -> 0.12923291 | L31: 0.03 | M31: 0.05
A32: SARO | B32: Indicador de relación entre el Gasto Administrativo y los Ingresos por venta de bienes y servicios y recuperaciones | C32: Estructura Gastos de Administración | D32: Gasto Administrativo / Ingresos por venta de bienes y servicios y recuperaciones | E32: =+'24. Eficiencia operativa'!C18 -> 0.46209692 | F32: =+'24. Eficiencia operativa'!D18 -> 0.49565425 | G32: =+'24. Eficiencia operativa'!E18 -> 0.48569319 | H32: =+'24. Eficiencia operativa'!F18 -> 0.4726301 | I32: =+'24. Eficiencia operativa'!G18 -> 0.47849518 | J32: =+'24. Eficiencia operativa'!H18 -> 0.5079915 | L32: 0.45 | M32: 0.5
A33: SARO | B33: Quebranto Patrimonial | C33: Quebranto Patrimonial | D33: Patrimonio / Capital social | E33: =+'25. Quebranto patrimonial'!C9 -> 1.9591742 | F33: =+'25. Quebranto patrimonial'!D9 -> 1.9836831 | G33: =+'25. Quebranto patrimonial'!E9 -> 1.8595797 | H33: =+'25. Quebranto patrimonial'!F9 -> 1.8388535 | I33: =+'25. Quebranto patrimonial'!G9 -> 1.792183 | J33: =+'25. Quebranto patrimonial'!H9 -> 1.7009605 | L33: 1.6 | M33: 1.2
A34: SARO | B34: Relacion Solvencia | C34: Relación de Solvencia | D34: Patrimonio Técnico / Activos Ponderados por Riesgo | J34: =+'26. solvencia'!C13 -> 0.11472882 | L34: 0.2 | M34: 0.1
A35: SARO | B35: Indicador de relación entre el Aportes sociales mínimos no reducibles y el Capital Social | C35: Aportes sociales mínimos no reducibles | D35: Aportes sociales no reducibles / Capital Social | E35: =+'27. Irreduc Total'!C11 -> 0.064918703 | F35: =+'27. Irreduc Total'!D11 -> 0.25409686 | G35: =+'27. Irreduc Total'!E11 -> 0.229546 | H35: =+'27. Irreduc Total'!F11 -> 0.20770459 | I35: =+'27. Irreduc Total'!G11 -> 0.18860592 | J35: =+'27. Irreduc Total'!H11 -> 0.29343321 | L35: 0.3 | M35: 0.6
A36: SARO | B36: Capital Regulatorio | C36: Cumplimiento del capital minimo irreducible de ley Art 42 parágrafo 4 ley 454 1998 | D36: Aportes sociales no reducibles / Capital Minimo regulatorio actualizado IPC anual | E36: =+'27. Irreduc Total'!C12 -> 0.057714756 | F36: =+'27. Irreduc Total'!D12 -> 0.26423246 | G36: =+'27. Irreduc Total'!E12 -> 0.27145399 | H36: =+'27. Irreduc Total'!F12 -> 0.27720737 | I36: =+'27. Irreduc Total'!G12 -> 0.28236354 | J36: =+'27. Irreduc Total'!H12 -> 0.42632787 | L36: 2 | M36: 1
A37: SARO | B37: Indicador de relación entre el Capital Institucional y el Activo Total | C37: Capital Institucional | D37: Capital Institucional / Activo | E37: =+'28. Capital institucional'!C15 -> 0.030870887 | F37: =+'28. Capital institucional'!D15 -> 0.040123966 | G37: =+'28. Capital institucional'!E15 -> 0.039803731 | H37: =+'28. Capital institucional'!F15 -> 0.03696641 | I37: =+'28. Capital institucional'!G15 -> 0.036111428 | J37: =+'28. Capital institucional'!H15 -> 0.039277589 | L37: 0.15 | M37: 0.1
A38: SARM | B38: Activo Productivo | C38: Activo Productivo / Activo | D38: Activos Productivos / Activo | E38: =+'29. Activo productivo'!C43 -> 0.83192417 | F38: =+'29. Activo productivo'!D43 -> 0.77375183 | G38: =+'29. Activo productivo'!E43 -> 0.8253115 | H38: =+'29. Activo productivo'!F43 -> 0.79407212 | I38: =+'29. Activo productivo'!G43 -> 0.87079742 | J38: =+'29. Activo productivo'!H43 -> 0.90138837 | L38: 0.9 | M38: 0.8
A39: SARO | B39: Indicador de Margen Financiero de Operación | C39: Margen Financiero de Operación | D39: Margen Financiero de Operación / Ingresos por venta de bienes y servicios | E39: =+'31. Margen Financiero'!C11 -> 0.59014197 | F39: =+'31. Margen Financiero'!D11 -> 0.58412285 | G39: =+'31. Margen Financiero'!E11 -> 0.52764646 | H39: =+'31. Margen Financiero'!F11 -> 0.58101029 | I39: =+'31. Margen Financiero'!G11 -> 0.52811115 | J39: =+'31. Margen Financiero'!H11 -> 0.51369611 | L39: 0.75 | M39: 0.65
A40: SARO | B40: Indicador de Margen Operacional | C40: Margen Operacional | D40: Utilidad Operacional / Ingresos por venta de bienes y servicios y recuperaciones | E40: =+'32. Margen Operacional'!C17 -> 0.13410707 | F40: =+'32. Margen Operacional'!D17 -> 0.099837752 | G40: =+'32. Margen Operacional'!E17 -> 0.047483652 | H40: =+'32. Margen Operacional'!F17 -> 0.11029555 | I40: =+'32. Margen Operacional'!G17 -> 0.05637369 | J40: =+'32. Margen Operacional'!H17 -> 0.0063249547 | L40: 0.2 | M40: 0.1
A41: SARO | B41: Indicador de relación entre las obligaciones financieras y el pasivo total | C41: % Participación Obligaciones financieras sobr el pasivo | D41: Obligac Financ. / Pasivo Tot | E41: =+'33. Endeudamiento bancario'!C9 -> 0 | F41: =+'33. Endeudamiento bancario'!D9 -> 0 | G41: =+'33. Endeudamiento bancario'!E9 -> 0 | H41: =+'33. Endeudamiento bancario'!F9 -> 0 | I41: =+'33. Endeudamiento bancario'!G9 -> 0 | J41: =+'33. Endeudamiento bancario'!H9 -> 0 | L41: 0.1 | M41: 0.3
A42: SARO | B42: Estructura de Balance | C42: Estructura | D42: Activo Productivo / Pasivos con costo | E42: =+'34. Estructura de balance'!C45 -> 1.0551736 | F42: =+'34. Estructura de balance'!D45 -> 1.0050177 | G42: =+'34. Estructura de balance'!E45 -> 1.0663163 | H42: =+'34. Estructura de balance'!F45 -> 1.024738 | I42: =+'34. Estructura de balance'!G45 -> 1.1236484 | J42: =+'34. Estructura de balance'!H45 -> 1.1673438 | L42: 1.15 | M42: 1.05
A43: SARO | B43: Indicador de rentabilidad sobre recursos propios - ROE | C43: ROE | D43: (1+(Excedentes Neto / ((Patrimonio Año Actual + Patrimonio a Dic año anterior)/2)))^12-1 | E43: =+'35. Rentabilidad del patrimonio'!C9 -> 0.20640965 | F43: =+'35. Rentabilidad del patrimonio'!D9 -> 0.16752664 | G43: =+'35. Rentabilidad del patrimonio'!E9 -> 0.10284556 | H43: =+'35. Rentabilidad del patrimonio'!F9 -> 0.11753486 | I43: =+'35. Rentabilidad del patrimonio'!G9 -> 0 | J43: =EFFECT(+'35. Rentabilidad del patrimonio'!H9*(12/J1),12) -> 0.048468011 | L43: 0.04 | M43: 0.02
A44: SARO | B44: Indicador de margen neto | C44: Margen neto | D44: Excedente Neto / Ingresos por venta de bienes y servicios y recuperaciones | E44: =+'36. Margen NETO'!C10 -> 0.26532718 | F44: =+'36. Margen NETO'!D10 -> 0.20952333 | G44: =+'36. Margen NETO'!E10 -> 0.13356721 | H44: =+'36. Margen NETO'!F10 -> 0.16329588 | I44: =+'36. Margen NETO'!G10 -> 0 | J44: =+'36. Margen NETO'!H10 -> 0.069395106 | L44: 0.15 | M44: 0.1
A45: SARO | B45: Indicador de rentabilidad sobre el capital invertido - ROIC | C45: ROIC | D45: Excedente Neto / Fuentes de Financiación | E45: =+'37. Rentabilidad FUENTES'!C13 -> 0.031624336 | F45: =+'37. Rentabilidad FUENTES'!D13 -> 0.023762915 | G45: =+'37. Rentabilidad FUENTES'!E13 -> 0.01412477 | H45: =+'37. Rentabilidad FUENTES'!F13 -> 0.015227948 | I45: =+'37. Rentabilidad FUENTES'!G13 -> 0 | J45: =(+'37. Rentabilidad FUENTES'!H13)/J1*12 -> 0.0060864289 | L45: 0.03 | M45: 0.02
A46: SARO | B46: Participación de Cartera | C46: Proporcion del activo convertido en cartera | D46: Cartera Bruta / Activo + Deterioro general | E46: =+'0. Cartera sobre Activos'!C25 -> 0.81815936 | F46: =+'0. Cartera sobre Activos'!D25 -> 0.76590702 | G46: =+'0. Cartera sobre Activos'!E25 -> 0.76780465 | H46: =+'0. Cartera sobre Activos'!F25 -> 0.71366539 | I46: =+'0. Cartera sobre Activos'!G25 -> 0.6895533 | J46: =+'0. Cartera sobre Activos'!H25 -> 0.70413506 | L46: 0.9 | M46: 0.8
A47: SARO | B47: =+'0. Suficiencia margen'!D2 -> Suficiencia de Margen | C47: =+'0. Suficiencia margen'!E2 -> Por cada $100 pesos de gastos de personal y generales cuanto margen financiero bruto produzco | D47: Margen financiero bruto / gastos personal y generales | E47: =+'0. Suficiencia margen'!C18 -> 1.4947455 | F47: =+'0. Suficiencia margen'!D18 -> 1.3719774 | G47: =+'0. Suficiencia margen'!E18 -> 1.4259317 | H47: =+'0. Suficiencia margen'!F18 -> 1.720718 | I47: =+'0. Suficiencia margen'!G18 -> 1.7727651 | J47: =+'0. Suficiencia margen'!H18 -> 1.4757136 | L47: 1.6 | M47: 1.2

Sheet CDAT y volunt  a activos prod
A1: Indicador | B1: Descripción Formula | C1: TIPO | D1: NOMBRE INDICADOR | E1: Descripcion Indicador
B3: 2 | C3: 3 | D3: 4 | E3: 5 | F3: 6 | G3: 7 | H3: 8
A4: Cuenta | B4: Descripcion | C4: =+'Indicadores SIAR EVOLUCION'!E2 -> 43070 | D4: =+'Indicadores SIAR EVOLUCION'!F2 -> 43435 | E4: =+'Indicadores SIAR EVOLUCION'!G2 -> 43800 | F4: =+'Indicadores SIAR EVOLUCION'!H2 -> 44166 | G4: =+'Indicadores SIAR EVOLUCION'!I2 -> 44561 | H4: =+'Indicadores SIAR EVOLUCION'!J2 -> 44651 | BD4: 140400 | BE4: 140500 | BF4: 141100 | BG4: 141200 | BH4: 144100 | BI4: 144200 | BJ4: 144800 | BK4: 145400 | BL4: 145500 | BM4: 146100 | BN4: 146200 | BO4: 146900
A5: 111500 | B5: =PROPER(VLOOKUP($A5,cuc!$A$4:$AA$2090,B$3,FALSE)) -> Equivalentes Al Efectivo (Compromiso De Pago) | C5: =VLOOKUP($A5,cuc!$A$4:$AA$2090,C$3,FALSE) -> 3.8917127e+08 | D5: =VLOOKUP($A5,cuc!$A$4:$AA$2090,D$3,FALSE) -> 2.3379408e+09 | E5: =VLOOKUP($A5,cuc!$A$4:$AA$2090,E$3,FALSE) -> 2.1588602e+09 | F5: =VLOOKUP($A5,cuc!$A$4:$AA$2090,F$3,FALSE) -> 4.1375479e+09 | G5: =VLOOKUP($A5,cuc!$A$4:$AA$2090,G$3,FALSE) -> 1652945.7 | H5: =VLOOKUP($A5,cuc!$A$4:$AA$2090,H$3,FALSE) -> 5.1652189e+08
A6: 112000 | B6: =PROPER(VLOOKUP($A6,cuc!$A$4:$AA$2090,B$3,FALSE)) -> Efectivo De Uso Restringido Y/O Con Destinación Específica | C6: =VLOOKUP($A6,cuc!$A$4:$AA$2090,C$3,FALSE) -> 0 | D6: =VLOOKUP($A6,cuc!$A$4:$AA$2090,D$3,FALSE) -> 0 | E6: =VLOOKUP($A6,cuc!$A$4:$AA$2090,E$3,FALSE) -> 0 | F6: =VLOOKUP($A6,cuc!$A$4:$AA$2090,F$3,FALSE) -> 0 | G6: =VLOOKUP($A6,cuc!$A$4:$AA$2090,G$3,FALSE) -> 5.5626564e+08 | H6: =VLOOKUP($A6,cuc!$A$4:$AA$2090,H$3,FALSE) -> 426045223
A7: 120000 | B7: =PROPER(VLOOKUP($A7,cuc!$A$4:$AA$2090,B$3,FALSE)) -> Inversiones | C7: =VLOOKUP($A7,cuc!$A$4:$AA$2090,C$3,FALSE) -> 1.085268e+08 | D7: =VLOOKUP($A7,cuc!$A$4:$AA$2090,D$3,FALSE) -> 1.2087196e+08 | E7: =VLOOKUP($A7,cuc!$A$4:$AA$2090,E$3,FALSE) -> 1454011114 | F7: =VLOOKUP($A7,cuc!$A$4:$AA$2090,F$3,FALSE) -> 2517413919 | G7: =VLOOKUP($A7,cuc!$A$4:$AA$2090,G$3,FALSE) -> 5863344099 | H7: =VLOOKUP($A7,cuc!$A$4:$AA$2090,H$3,FALSE) -> 6878610012
A8: 122600 | B8: =PROPER(VLOOKUP($A8,cuc!$A$4:$AA$2090,B$3,FALSE)) -> Otras Inversiones En Instrumentos De Patrimonio | C8: =-VLOOKUP($A8,cuc!$A$4:$AA$2090,C$3,FALSE) -> -1.085268e+08 | D8: =-VLOOKUP($A8,cuc!$A$4:$AA$2090,D$3,FALSE) -> -1.2087196e+08 | E8: =-VLOOKUP($A8,cuc!$A$4:$AA$2090,E$3,FALSE) -> -154488914 | F8: =-VLOOKUP($A8,cuc!$A$4:$AA$2090,F$3,FALSE) -> -162348919 | G8: =-VLOOKUP($A8,cuc!$A$4:$AA$2090,G$3,FALSE) -> -168833432 | H8: =-VLOOKUP($A8,cuc!$A$4:$AA$2090,H$3,FALSE) -> -169275696
A9: 141105 | B9: =PROPER(VLOOKUP($A9,cuc!$A$4:$AA$2090,B$3,FALSE)) -> Categoría A Riesgo Normal | C9: =VLOOKUP($A9,cuc!$A$4:$AA$2090,C$3,FALSE) -> 3518501134 | D9: =VLOOKUP($A9,cuc!$A$4:$AA$2090,D$3,FALSE) -> 4826506976 | E9: =VLOOKUP($A9,cuc!$A$4:$AA$2090,E$3,FALSE) -> 5853374514 | F9: =VLOOKUP($A9,cuc!$A$4:$AA$2090,F$3,FALSE) -> 6508331137 | G9: =VLOOKUP($A9,cuc!$A$4:$AA$2090,G$3,FALSE) -> 6860544148 | H9: =VLOOKUP($A9,cuc!$A$4:$AA$2090,H$3,FALSE) -> 7298307740
A10: 141110 | B10: =PROPER(VLOOKUP($A10,cuc!$A$4:$AA$2090,B$3,FALSE)) -> Categoría B Riesgo Aceptable | C10: =VLOOKUP($A10,cuc!$A$4:$AA$2090,C$3,FALSE) -> 0 | D10: =VLOOKUP($A10,cuc!$A$4:$AA$2090,D$3,FALSE) -> 0 | E10: =VLOOKUP($A10,cuc!$A$4:$AA$2090,E$3,FALSE) -> 0 | F10: =VLOOKUP($A10,cuc!$A$4:$AA$2090,F$3,FALSE) -> 0 | G10: =VLOOKUP($A10,cuc!$A$4:$AA$2090,G$3,FALSE) -> 0 | H10: =VLOOKUP($A10,cuc!$A$4:$AA$2090,H$3,FALSE) -> 0
A11: 141205 | B11: =PROPER(VLOOKUP($A11,cuc!$A$4:$AA$2090,B$3,FALSE)) -> Categoría A Riesgo Normal | C11: =VLOOKUP($A11,cuc!$A$4:$AA$2090,C$3,FALSE) -> 1408838496 | D11: =VLOOKUP($A11,cuc!$A$4:$AA$2090,D$3,FALSE) -> 1666978801 | E11: =VLOOKUP($A11,cuc!$A$4:$AA$2090,E$3,FALSE) -> 1585611712 | F11: =VLOOKUP($A11,cuc!$A$4:$AA$2090,F$3,FALSE) -> 1938844296 | G11: =VLOOKUP($A11,cuc!$A$4:$AA$2090,G$3,FALSE) -> 1617873248 | H11: =VLOOKUP($A11,cuc!$A$4:$AA$2090,H$3,FALSE) -> 1476281850
A12: 141210 | B12: =PROPER(VLOOKUP($A12,cuc!$A$4:$AA$2090,B$3,FALSE)) -> Categoría B Riesgo Aceptable | C12: =VLOOKUP($A12,cuc!$A$4:$AA$2090,C$3,FALSE) -> 0 | D12: =VLOOKUP($A12,cuc!$A$4:$AA$2090,D$3,FALSE) -> 0 | E12: =VLOOKUP($A12,cuc!$A$4:$AA$2090,E$3,FALSE) -> 0 | F12: =VLOOKUP($A12,cuc!$A$4:$AA$2090,F$3,FALSE) -> 0 | G12: =VLOOKUP($A12,cuc!$A$4:$AA$2090,G$3,FALSE) -> 0 | H12: =VLOOKUP($A12,cuc!$A$4:$AA$2090,H$3,FALSE) -> 0
A13: 144105 | B13: =PROPER(VLOOKUP($A13,cuc!$A$4:$AA$2090,B$3,FALSE)) -> Categoría A Riesgo Normal | C13: =VLOOKUP($A13,cuc!$A$4:$AA$2090,C$3,FALSE) -> 6418050505 | D13: =VLOOKUP($A13,cuc!$A$4:$AA$2090,D$3,FALSE) -> 6556077804 | E13: =VLOOKUP($A13,cuc!$A$4:$AA$2090,E$3,FALSE) -> 7196402451 | F13: =VLOOKUP($A13,cuc!$A$4:$AA$2090,F$3,FALSE) -> 8190829020 | G13: =VLOOKUP($A13,cuc!$A$4:$AA$2090,G$3,FALSE) -> 10321669469 | H13: =VLOOKUP($A13,cuc!$A$4:$AA$2090,H$3,FALSE) -> 10412864077
A14: 144110 | B14: =PROPER(VLOOKUP($A14,cuc!$A$4:$AA$2090,B$3,FALSE)) -> Categoría B Riesgo Aceptable | C14: =VLOOKUP($A14,cuc!$A$4:$AA$2090,C$3,FALSE) -> 0 | D14: =VLOOKUP($A14,cuc!$A$4:$AA$2090,D$3,FALSE) -> 0 | E14: =VLOOKUP($A14,cuc!$A$4:$AA$2090,E$3,FALSE) -> 0 | F14: =VLOOKUP($A14,cuc!$A$4:$AA$2090,F$3,FALSE) -> 0 | G14: =VLOOKUP($A14,cuc!$A$4:$AA$2090,G$3,FALSE) -> 12866159 | H14: =VLOOKUP($A14,cuc!$A$4:$AA$2090,H$3,FALSE) -> 7550246
A15: 144205 | B15: =PROPER(VLOOKUP($A15,cuc!$A$4:$AA$2090,B$3,FALSE)) -> Categoría A Riesgo Normal | C15: =VLOOKUP($A15,cuc!$A$4:$AA$2090,C$3,FALSE) -> 2676691596 | D15: =VLOOKUP($A15,cuc!$A$4:$AA$2090,D$3,FALSE) -> 3.0408206e+09 | E15: =VLOOKUP($A15,cuc!$A$4:$AA$2090,E$3,FALSE) -> 4511416680 | F15: =VLOOKUP($A15,cuc!$A$4:$AA$2090,F$3,FALSE) -> 4655200332 | G15: =VLOOKUP($A15,cuc!$A$4:$AA$2090,G$3,FALSE) -> 5.1487726e+09 | H15: =VLOOKUP($A15,cuc!$A$4:$AA$2090,H$3,FALSE) -> 5.636476e+09
A16: 144210 | B16: =PROPER(VLOOKUP($A16,cuc!$A$4:$AA$2090,B$3,FALSE)) -> Categoría B Riesgo Aceptable | C16: =VLOOKUP($A16,cuc!$A$4:$AA$2090,C$3,FALSE) -> 3265901 | D16: =VLOOKUP($A16,cuc!$A$4:$AA$2090,D$3,FALSE) -> 7974761 | E16: =VLOOKUP($A16,cuc!$A$4:$AA$2090,E$3,FALSE) -> 41109073 | F16: =VLOOKUP($A16,cuc!$A$4:$AA$2090,F$3,FALSE) -> 8729586 | G16: =VLOOKUP($A16,cuc!$A$4:$AA$2090,G$3,FALSE) -> 51606688 | H16: =VLOOKUP($A16,cuc!$A$4:$AA$2090,H$3,FALSE) -> 80043834
B18: Total activos liquidos | C18: =+SUM(C5:C16) -> 1.4414519e+10 | D18: =+SUM(D5:D16) -> 1.84363e+10 | E18: =+SUM(E5:E16) -> 2.2646297e+10 | F18: =+SUM(F5:F16) -> 2.7794547e+10 | G18: =+SUM(G5:G16) -> 3.0265762e+10 | H18: =+SUM(H5:H16) -> 3.2563425e+10
A20: Cuenta | B20: Descripción | C20: =+C$4 -> 43070 | D20: =+D$4 -> 43435 | E20: =+E$4 -> 43800 | F20: =+F$4 -> 44166 | G20: =+G$4 -> 44561 | H20: =+H$4 -> 44651 | BD20: 140400 | BE20: 140500 | BF20: 141100 | BG20: 141200 | BH20: 144100 | BI20: 144200 | BJ20: 144800 | BK20: 145400 | BL20: 145500 | BM20: 146100 | BN20: 146200 | BO20: 146900
A21: 212500 | B21: =PROPER(VLOOKUP($A21,cuc!$A$4:$AA$2090,B$3,FALSE)) -> Depósitos De Ahorro Contractual | C21: =VLOOKUP($A21,cuc!$A$4:$AA$2090,C$3,FALSE) -> 3.6741747e+09 | D21: =VLOOKUP($A21,cuc!$A$4:$AA$2090,D$3,FALSE) -> 4.6437439e+09 | E21: =VLOOKUP($A21,cuc!$A$4:$AA$2090,E$3,FALSE) -> 4396537088 | F21: =VLOOKUP($A21,cuc!$A$4:$AA$2090,F$3,FALSE) -> 5358165453 | G21: =VLOOKUP($A21,cuc!$A$4:$AA$2090,G$3,FALSE) -> 6.8276029e+09 | H21: =VLOOKUP($A21,cuc!$A$4:$AA$2090,H$3,FALSE) -> 6.7699515e+09
A22: 211000 | B22: =PROPER(VLOOKUP($A22,cuc!$A$4:$AA$2090,B$3,FALSE)) -> Certificados Depósitos De Ahorro A TÉrmino | C22: =VLOOKUP($A22,cuc!$A$4:$AA$2090,C$3,FALSE) -> 1.555742e+09 | D22: =VLOOKUP($A22,cuc!$A$4:$AA$2090,D$3,FALSE) -> 1.96923e+09 | E22: =VLOOKUP($A22,cuc!$A$4:$AA$2090,E$3,FALSE) -> 2454779009 | F22: =VLOOKUP($A22,cuc!$A$4:$AA$2090,F$3,FALSE) -> 2991561600 | G22: =VLOOKUP($A22,cuc!$A$4:$AA$2090,G$3,FALSE) -> 3873734017 | H22: =VLOOKUP($A22,cuc!$A$4:$AA$2090,H$3,FALSE) -> 4175864281
A23: 230000 | B23: =PROPER(VLOOKUP($A23,cuc!$A$4:$AA$2090,B$3,FALSE)) -> Obligaciones Financieras Y Otros Pasivos Financieros | C23: =VLOOKUP($A23,cuc!$A$4:$AA$2090,C$3,FALSE) -> 0 | D23: =VLOOKUP($A23,cuc!$A$4:$AA$2090,D$3,FALSE) -> 0 | E23: =VLOOKUP($A23,cuc!$A$4:$AA$2090,E$3,FALSE) -> 0 | F23: =VLOOKUP($A23,cuc!$A$4:$AA$2090,F$3,FALSE) -> 0 | G23: =VLOOKUP($A23,cuc!$A$4:$AA$2090,G$3,FALSE) -> 0 | H23: =VLOOKUP($A23,cuc!$A$4:$AA$2090,H$3,FALSE) -> 0
B24: Total captaciones | C24: =+SUM(C21:C23) -> 5.2299167e+09 | D24: =+SUM(D21:D23) -> 6.6129739e+09 | E24: =+SUM(E21:E23) -> 6851316097 | F24: =+SUM(F21:F23) -> 8349727053 | G24: =+SUM(G21:G23) -> 1.0701337e+10 | H24: =+SUM(H21:H23) -> 1.0945816e+10
B26: Descripcion | C26: Año 17 | D26: Año 18 | E26: Año 19 | F26: Año 20 | G26: Año 21 | H26: Año 22
B27: ALN / Depositos | C27: =+C18/C24 -> 2.7561661 | D27: =+D18/D24 -> 2.7878985 | E27: =+E18/E24 -> 3.3053937 | F27: =+F18/F24 -> 3.3287971 | G27: =+G18/G24 -> 2.8282225 | H27: =+H18/H24 -> 2.9749656

Sheet ALN  vs Depositos
A1: Indicador | B1: Descripción Formula | C1: TIPO | D1: NOMBRE INDICADOR | E1: Descripcion Indicador
A2: PROPIO | B2: Margen financiero BRUTO / gastos personal y generales | C2: SARO | D2: Suficiencia de Margen | E2: Por cada $100 pesos de gastos de personal y generales cuanto margen financiero bruto produzco
B3: 2 | C3: 3 | D3: 4 | E3: 5 | F3: 6 | G3: 7 | H3: 8
A4: Cuenta | B4: Descripcion | C4: =+'Indicadores SIAR EVOLUCION'!E2 -> 43070 | D4: =+'Indicadores SIAR EVOLUCION'!F2 -> 43435 | E4: =+'Indicadores SIAR EVOLUCION'!G2 -> 43800 | F4: =+'Indicadores SIAR EVOLUCION'!H2 -> 44166 | G4: =+'Indicadores SIAR EVOLUCION'!I2 -> 44561 | H4: =+'Indicadores SIAR EVOLUCION'!J2 -> 44651 | BD4: 140400 | BE4: 140500 | BF4: 141100 | BG4: 141200 | BH4: 144100 | BI4: 144200 | BJ4: 144800 | BK4: 145400 | BL4: 145500 | BM4: 146100 | BN4: 146200 | BO4: 146900
A5: 110500 | B5: =PROPER(VLOOKUP($A5,cuc!$A$4:$AA$2090,B$3,FALSE)) -> Caja | C5: =VLOOKUP($A5,cuc!$A$4:$AA$2090,C$3,FALSE) -> 2726118.8 | D5: =VLOOKUP($A5,cuc!$A$4:$AA$2090,D$3,FALSE) -> 4476455 | E5: =VLOOKUP($A5,cuc!$A$4:$AA$2090,E$3,FALSE) -> 6368466 | F5: =VLOOKUP($A5,cuc!$A$4:$AA$2090,F$3,FALSE) -> 300000 | G5: =VLOOKUP($A5,cuc!$A$4:$AA$2090,G$3,FALSE) -> 21836296 | H5: =VLOOKUP($A5,cuc!$A$4:$AA$2090,H$3,FALSE) -> 1970000
A6: 111000 | B6: =PROPER(VLOOKUP($A6,cuc!$A$4:$AA$2090,B$3,FALSE)) -> Bancos Y Otras Entidades Con Actividad Financiera | C6: =VLOOKUP($A6,cuc!$A$4:$AA$2090,C$3,FALSE) -> 5.0076678e+08 | D6: =VLOOKUP($A6,cuc!$A$4:$AA$2090,D$3,FALSE) -> 3.4570131e+08 | E6: =VLOOKUP($A6,cuc!$A$4:$AA$2090,E$3,FALSE) -> 8.913255e+08 | F6: =VLOOKUP($A6,cuc!$A$4:$AA$2090,F$3,FALSE) -> 9.1273321e+08 | G6: =VLOOKUP($A6,cuc!$A$4:$AA$2090,G$3,FALSE) -> 3.5277226e+09 | H6: =VLOOKUP($A6,cuc!$A$4:$AA$2090,H$3,FALSE) -> 1.792398e+09
A7: 111500 | B7: =PROPER(VLOOKUP($A7,cuc!$A$4:$AA$2090,B$3,FALSE)) -> Equivalentes Al Efectivo (Compromiso De Pago) | C7: =VLOOKUP($A7,cuc!$A$4:$AA$2090,C$3,FALSE) -> 3.8917127e+08 | D7: =VLOOKUP($A7,cuc!$A$4:$AA$2090,D$3,FALSE) -> 2.3379408e+09 | E7: =VLOOKUP($A7,cuc!$A$4:$AA$2090,E$3,FALSE) -> 2.1588602e+09 | F7: =VLOOKUP($A7,cuc!$A$4:$AA$2090,F$3,FALSE) -> 4.1375479e+09 | G7: =VLOOKUP($A7,cuc!$A$4:$AA$2090,G$3,FALSE) -> 1652945.7 | H7: =VLOOKUP($A7,cuc!$A$4:$AA$2090,H$3,FALSE) -> 5.1652189e+08
A8: 112000 | B8: =PROPER(VLOOKUP($A8,cuc!$A$4:$AA$2090,B$3,FALSE)) -> Efectivo De Uso Restringido Y/O Con Destinación Específica | C8: =VLOOKUP($A8,cuc!$A$4:$AA$2090,C$3,FALSE) -> 0 | D8: =VLOOKUP($A8,cuc!$A$4:$AA$2090,D$3,FALSE) -> 0 | E8: =VLOOKUP($A8,cuc!$A$4:$AA$2090,E$3,FALSE) -> 0 | F8: =VLOOKUP($A8,cuc!$A$4:$AA$2090,F$3,FALSE) -> 0 | G8: =VLOOKUP($A8,cuc!$A$4:$AA$2090,G$3,FALSE) -> 5.5626564e+08 | H8: =VLOOKUP($A8,cuc!$A$4:$AA$2090,H$3,FALSE) -> 426045223
A9: 122800 | B9: =PROPER(VLOOKUP($A9,cuc!$A$4:$AA$2090,B$3,FALSE)) -> Inversiones Contabilizadas A Costo Amortizado | C9: =VLOOKUP($A9,cuc!$A$4:$AA$2090,C$3,FALSE) -> 0 | D9: =VLOOKUP($A9,cuc!$A$4:$AA$2090,D$3,FALSE) -> 0 | E9: =VLOOKUP($A9,cuc!$A$4:$AA$2090,E$3,FALSE) -> 0 | F9: =VLOOKUP($A9,cuc!$A$4:$AA$2090,F$3,FALSE) -> 0 | G9: =VLOOKUP($A9,cuc!$A$4:$AA$2090,G$3,FALSE) -> 4662725667 | H9: =VLOOKUP($A9,cuc!$A$4:$AA$2090,H$3,FALSE) -> 5202254316
B11: Total activos liquidos | C11: =+SUM(C5:C9) -> 8.9266416e+08 | D11: =+SUM(D5:D9) -> 2.6881186e+09 | E11: =+SUM(E5:E9) -> 3.0565542e+09 | F11: =+SUM(F5:F9) -> 5.0505811e+09 | G11: =+SUM(G5:G9) -> 8.7702031e+09 | H11: =+SUM(H5:H9) -> 7.9391894e+09
A13: Cuenta | B13: Descripción | C13: =+C$4 -> 43070 | D13: =+D$4 -> 43435 | E13: =+E$4 -> 43800 | F13: =+F$4 -> 44166 | G13: =+G$4 -> 44561 | H13: =+H$4 -> 44651 | BD13: 140400 | BE13: 140500 | BF13: 141100 | BG13: 141200 | BH13: 144100 | BI13: 144200 | BJ13: 144800 | BK13: 145400 | BL13: 145500 | BM13: 146100 | BN13: 146200 | BO13: 146900
A14: 210500 | B14: =PROPER(VLOOKUP($A14,cuc!$A$4:$AA$2090,B$3,FALSE)) -> Depósitos De Ahorro | C14: =VLOOKUP($A14,cuc!$A$4:$AA$2090,C$3,FALSE) -> 0 | D14: =VLOOKUP($A14,cuc!$A$4:$AA$2090,D$3,FALSE) -> 0 | E14: =VLOOKUP($A14,cuc!$A$4:$AA$2090,E$3,FALSE) -> 1.2201793e+09 | F14: =VLOOKUP($A14,cuc!$A$4:$AA$2090,F$3,FALSE) -> 1898030819 | G14: =VLOOKUP($A14,cuc!$A$4:$AA$2090,G$3,FALSE) -> 1.6163752e+09 | H14: =VLOOKUP($A14,cuc!$A$4:$AA$2090,H$3,FALSE) -> 1.571903e+09
A15: 211000 | B15: =PROPER(VLOOKUP($A15,cuc!$A$4:$AA$2090,B$3,FALSE)) -> Certificados Depósitos De Ahorro A TÉrmino | C15: =VLOOKUP($A15,cuc!$A$4:$AA$2090,C$3,FALSE) -> 1.555742e+09 | D15: =VLOOKUP($A15,cuc!$A$4:$AA$2090,D$3,FALSE) -> 1.96923e+09 | E15: =VLOOKUP($A15,cuc!$A$4:$AA$2090,E$3,FALSE) -> 2454779009 | F15: =VLOOKUP($A15,cuc!$A$4:$AA$2090,F$3,FALSE) -> 2991561600 | G15: =VLOOKUP($A15,cuc!$A$4:$AA$2090,G$3,FALSE) -> 3873734017 | H15: =VLOOKUP($A15,cuc!$A$4:$AA$2090,H$3,FALSE) -> 4175864281
A16: 213000 | B16: =PROPER(VLOOKUP($A16,cuc!$A$4:$AA$2090,B$3,FALSE)) -> Depósitos De Ahorro Permanente | C16: =VLOOKUP($A16,cuc!$A$4:$AA$2090,C$3,FALSE) -> 8.1649167e+09 | D16: =VLOOKUP($A16,cuc!$A$4:$AA$2090,D$3,FALSE) -> 9.5256775e+09 | E16: =VLOOKUP($A16,cuc!$A$4:$AA$2090,E$3,FALSE) -> 11287546812 | F16: =VLOOKUP($A16,cuc!$A$4:$AA$2090,F$3,FALSE) -> 12996961565 | G16: =VLOOKUP($A16,cuc!$A$4:$AA$2090,G$3,FALSE) -> 14766687279 | H16: =VLOOKUP($A16,cuc!$A$4:$AA$2090,H$3,FALSE) -> 15081083448
B17: Total captaciones | C17: =+SUM(C14:C16) -> 9.7206587e+09 | D17: =+SUM(D14:D16) -> 1.1494907e+10 | E17: =+SUM(E14:E16) -> 1.4962505e+10 | F17: =+SUM(F14:F16) -> 17886553984 | G17: =+SUM(G14:G16) -> 2.0256796e+10 | H17: =+SUM(H14:H16) -> 2.0828851e+10
B19: Descripcion | C19: Año 17 | D19: Año 18 | E19: Año 19 | F19: Año 20 | G19: Año 21 | H19: Año 22
B20: ALN / Depositos | C20: =+C11/C17 -> 0.091831654 | D20: =+D11/D17 -> 0.233853 | E20: =+E11/E17 -> 0.20428091 | F20: =+F11/F17 -> 0.28236747 | G20: =+G11/G17 -> 0.43295114 | H20: =+H11/H17 -> 0.3811631

Sheet 0. Suficiencia margen
A1: Indicador | B1: Descripción Formula | C1: TIPO | D1: NOMBRE INDICADOR | E1: Descripcion Indicador
A2: PROPIO | B2: Margen financiero BRUTO / gastos personal y generales | C2: SARO | D2: Suficiencia de Margen | E2: Por cada $100 pesos de gastos de personal y generales cuanto margen financiero bruto produzco
B3: 2 | C3: 3 | D3: 4 | E3: 5 | F3: 6 | G3: 7 | H3: 8
A4: Cuenta | B4: Descripcion | C4: =+'Indicadores SIAR EVOLUCION'!E2 -> 43070 | D4: =+'Indicadores SIAR EVOLUCION'!F2 -> 43435 | E4: =+'Indicadores SIAR EVOLUCION'!G2 -> 43800 | F4: =+'Indicadores SIAR EVOLUCION'!H2 -> 44166 | G4: =+'Indicadores SIAR EVOLUCION'!I2 -> 44561 | H4: =+'Indicadores SIAR EVOLUCION'!J2 -> 44651 | BD4: 140400 | BE4: 140500 | BF4: 141100 | BG4: 141200 | BH4: 144100 | BI4: 144200 | BJ4: 144800 | BK4: 145400 | BL4: 145500 | BM4: 146100 | BN4: 146200 | BO4: 146900
A5: 415000 | B5: =PROPER(VLOOKUP($A5,cuc!$A$4:$AA$2090,B$3,FALSE)) -> Ingresos Cartera De CrÉditos | C5: =VLOOKUP($A5,cuc!$A$4:$AA$2090,C$3,FALSE) -> 1598931996 | D5: =VLOOKUP($A5,cuc!$A$4:$AA$2090,D$3,FALSE) -> 1850655063 | E5: =VLOOKUP($A5,cuc!$A$4:$AA$2090,E$3,FALSE) -> 2.1035122e+09 | F5: =VLOOKUP($A5,cuc!$A$4:$AA$2090,F$3,FALSE) -> 2294094952 | G5: =VLOOKUP($A5,cuc!$A$4:$AA$2090,G$3,FALSE) -> 2.5727395e+09 | H5: =VLOOKUP($A5,cuc!$A$4:$AA$2090,H$3,FALSE) -> 649847263
A6: =+cuc!A1373 -> 421000 | B6: =PROPER(VLOOKUP($A6,cuc!$A$4:$AA$2090,B$3,FALSE)) -> Ingresos Por Valoración Inversiones | C6: =VLOOKUP($A6,cuc!$A$4:$AA$2090,C$3,FALSE) -> 72924902 | D6: =VLOOKUP($A6,cuc!$A$4:$AA$2090,D$3,FALSE) -> 1.0508897e+08 | E6: =VLOOKUP($A6,cuc!$A$4:$AA$2090,E$3,FALSE) -> 2.0719847e+08 | F6: =VLOOKUP($A6,cuc!$A$4:$AA$2090,F$3,FALSE) -> 2.5196e+08 | G6: =VLOOKUP($A6,cuc!$A$4:$AA$2090,G$3,FALSE) -> 3.6155067e+08 | H6: =VLOOKUP($A6,cuc!$A$4:$AA$2090,H$3,FALSE) -> 90488470
A7: 422004 | B7: =PROPER(VLOOKUP($A7,cuc!$A$4:$AA$2090,B$3,FALSE)) -> Intereses De Bancos Y Otras Entidades Con Actividad Financiera | C7: =VLOOKUP($A7,cuc!$A$4:$AA$2090,C$3,FALSE) -> 0 | D7: =VLOOKUP($A7,cuc!$A$4:$AA$2090,D$3,FALSE) -> 0 | E7: =VLOOKUP($A7,cuc!$A$4:$AA$2090,E$3,FALSE) -> 0 | F7: =VLOOKUP($A7,cuc!$A$4:$AA$2090,F$3,FALSE) -> 0 | G7: =VLOOKUP($A7,cuc!$A$4:$AA$2090,G$3,FALSE) -> 5277436 | H7: =VLOOKUP($A7,cuc!$A$4:$AA$2090,H$3,FALSE) -> 2109970
A8: 615000 | B8: =PROPER(VLOOKUP($A8,cuc!$A$4:$AA$2090,B$3,FALSE)) -> Intereses De Depósitos, De Créditos De Bancos Y Otras Obligaciones Financieras | C8: =VLOOKUP($A8,cuc!$A$4:$AA$2090,C$3,FALSE) -> 6.2428511e+08 | D8: =VLOOKUP($A8,cuc!$A$4:$AA$2090,D$3,FALSE) -> 7.6149789e+08 | E8: =VLOOKUP($A8,cuc!$A$4:$AA$2090,E$3,FALSE) -> 9.7775052e+08 | F8: =VLOOKUP($A8,cuc!$A$4:$AA$2090,F$3,FALSE) -> 9.5264762e+08 | G8: =VLOOKUP($A8,cuc!$A$4:$AA$2090,G$3,FALSE) -> 1.2193442e+09 | H8: =VLOOKUP($A8,cuc!$A$4:$AA$2090,H$3,FALSE) -> 3.1673353e+08
A9: =+cuc!A1685 -> 521000 | B9: =PROPER(VLOOKUP($A9,cuc!$A$4:$AA$2090,B$3,FALSE)) -> Gastos Financieros | C9: =VLOOKUP($A9,cuc!$A$4:$AA$2090,C$3,FALSE) -> 13672416 | D9: =VLOOKUP($A9,cuc!$A$4:$AA$2090,D$3,FALSE) -> 17399378 | E9: =VLOOKUP($A9,cuc!$A$4:$AA$2090,E$3,FALSE) -> 26883324 | F9: =VLOOKUP($A9,cuc!$A$4:$AA$2090,F$3,FALSE) -> 43375297 | G9: =VLOOKUP($A9,cuc!$A$4:$AA$2090,G$3,FALSE) -> 55687255 | H9: =VLOOKUP($A9,cuc!$A$4:$AA$2090,H$3,FALSE) -> 8908680
B10: Margen financiero BRUTO | C10: =+C5+C6+C7-C8-C9 -> 1.0338994e+09 | D10: =+D5+D6+D7-D8-D9 -> 1.1768468e+09 | E10: =+E5+E6+E7-E8-E9 -> 1.3060769e+09 | F10: =+F5+F6+F7-F8-F9 -> 1.550032e+09 | G10: =+G5+G6+G7-G8-G9 -> 1.6645361e+09 | H10: =+H5+H6+H7-H8-H9 -> 4.168035e+08
A12: Cuenta | B12: Descripción | C12: =+C$4 -> 43070 | D12: =+D$4 -> 43435 | E12: =+E$4 -> 43800 | F12: =+F$4 -> 44166 | G12: =+G$4 -> 44561 | H12: =+H$4 -> 44651 | BD12: 140400 | BE12: 140500 | BF12: 141100 | BG12: 141200 | BH12: 144100 | BI12: 144200 | BJ12: 144800 | BK12: 145400 | BL12: 145500 | BM12: 146100 | BN12: 146200 | BO12: 146900
A13: 510500 | B13: =PROPER(VLOOKUP($A13,cuc!$A$4:$AA$2090,B$3,FALSE)) -> Beneficio A Empleados | C13: =VLOOKUP($A13,cuc!$A$4:$AA$2090,C$3,FALSE) -> 326270082 | D13: =VLOOKUP($A13,cuc!$A$4:$AA$2090,D$3,FALSE) -> 403156757 | E13: =VLOOKUP($A13,cuc!$A$4:$AA$2090,E$3,FALSE) -> 489310447 | F13: =VLOOKUP($A13,cuc!$A$4:$AA$2090,F$3,FALSE) -> 527924343 | G13: =VLOOKUP($A13,cuc!$A$4:$AA$2090,G$3,FALSE) -> 582461904 | H13: =VLOOKUP($A13,cuc!$A$4:$AA$2090,H$3,FALSE) -> 152624230
A14: 511000 | B14: =PROPER(VLOOKUP($A14,cuc!$A$4:$AA$2090,B$3,FALSE)) -> Gastos Generales | C14: =VLOOKUP($A14,cuc!$A$4:$AA$2090,C$3,FALSE) -> 3.6541913e+08 | D14: =VLOOKUP($A14,cuc!$A$4:$AA$2090,D$3,FALSE) -> 4.5461742e+08 | E14: =VLOOKUP($A14,cuc!$A$4:$AA$2090,E$3,FALSE) -> 4.2663586e+08 | F14: =VLOOKUP($A14,cuc!$A$4:$AA$2090,F$3,FALSE) -> 3.7288103e+08 | G14: =VLOOKUP($A14,cuc!$A$4:$AA$2090,G$3,FALSE) -> 3.5648715e+08 | H14: =VLOOKUP($A14,cuc!$A$4:$AA$2090,H$3,FALSE) -> 1.2981777e+08
B15: Gastos operativos $ | C15: =+C13+C14 -> 6.9168922e+08 | D15: =+D13+D14 -> 8.5777418e+08 | E15: =+E13+E14 -> 9.159463e+08 | F15: =+F13+F14 -> 9.0080538e+08 | G15: =+G13+G14 -> 9.3894905e+08 | H15: =+H13+H14 -> 2.82442e+08
B17: Descripcion | C17: =+'ALN vs Depositos'!C$19 -> Año 17 | D17: =+'ALN vs Depositos'!D$19 -> Año 18 | E17: =+'ALN vs Depositos'!E$19 -> Año 19 | F17: =+'ALN vs Depositos'!F$19 -> Año 20 | G17: =+'ALN vs Depositos'!G$19 -> Año 21 | H17: =+'ALN vs Depositos'!H$19 -> Año 22
B18: Suficiencia de margen financiero | C18: =+C10/C15 -> 1.4947455 | D18: =+D10/D15 -> 1.3719774 | E18: =+E10/E15 -> 1.4259317 | F18: =+F10/F15 -> 1.720718 | G18: =+G10/G15 -> 1.7727651 | H18: =+H10/H15 -> 1.4757136

Sheet 0. Transferencia solidaria
A1: Indicador | B1: Descripción Formula | C1: TIPO | D1: NOMBRE INDICADOR | E1: Descripcion Indicador
A2: PROPIO | B2: Retorno en intereses y excedentes sobre recursos captados de aportes y ahorros | C2: SARO | D2: Transferencia solidaria | E2: Por cada $100 pesos captados de aportes y ahorros cuanto es el valor retornado a los asociados via intereses, 60% excedentes y otros beneficios al costo o gasto (4x100 CDAT)
B3: 2 | C3: 3 | D3: 4 | E3: 5 | F3: 6 | G3: 7 | H3: 8
A4: Cuenta | B4: Descripcion | C4: =+'Indicadores SIAR EVOLUCION'!E2 -> 43070 | D4: =+'Indicadores SIAR EVOLUCION'!F2 -> 43435 | E4: =+'Indicadores SIAR EVOLUCION'!G2 -> 43800 | F4: =+'Indicadores SIAR EVOLUCION'!H2 -> 44166 | G4: =+'Indicadores SIAR EVOLUCION'!I2 -> 44561 | H4: =+'Indicadores SIAR EVOLUCION'!J2 -> 44651 | BD4: 140400 | BE4: 140500 | BF4: 141100 | BG4: 141200 | BH4: 144100 | BI4: 144200 | BJ4: 144800 | BK4: 145400 | BL4: 145500 | BM4: 146100 | BN4: 146200 | BO4: 146900
A5: 615005 | B5: =PROPER(VLOOKUP($A5,cuc!$A$4:$AA$2090,B$3,FALSE)) -> Intereses Depósitos De Ahorro Ordinario | C5: =VLOOKUP($A5,cuc!$A$4:$AA$2090,C$3,FALSE) -> 0 | D5: =VLOOKUP($A5,cuc!$A$4:$AA$2090,D$3,FALSE) -> 0 | E5: =VLOOKUP($A5,cuc!$A$4:$AA$2090,E$3,FALSE) -> 42417076 | F5: =VLOOKUP($A5,cuc!$A$4:$AA$2090,F$3,FALSE) -> 63653634 | G5: =VLOOKUP($A5,cuc!$A$4:$AA$2090,G$3,FALSE) -> 61863193 | H5: =VLOOKUP($A5,cuc!$A$4:$AA$2090,H$3,FALSE) -> 18003152
A6: 615010 | B6: =PROPER(VLOOKUP($A6,cuc!$A$4:$AA$2090,B$3,FALSE)) -> Intereses Depósitos De Ahorro A Termino | C6: =VLOOKUP($A6,cuc!$A$4:$AA$2090,C$3,FALSE) -> 113239634 | D6: =VLOOKUP($A6,cuc!$A$4:$AA$2090,D$3,FALSE) -> 149772747 | E6: =VLOOKUP($A6,cuc!$A$4:$AA$2090,E$3,FALSE) -> 187941243 | F6: =VLOOKUP($A6,cuc!$A$4:$AA$2090,F$3,FALSE) -> 236527328 | G6: =VLOOKUP($A6,cuc!$A$4:$AA$2090,G$3,FALSE) -> 274622297 | H6: =VLOOKUP($A6,cuc!$A$4:$AA$2090,H$3,FALSE) -> 70847882
A7: 615015 | B7: =PROPER(VLOOKUP($A7,cuc!$A$4:$AA$2090,B$3,FALSE)) -> Intereses Ahorro Contractual | C7: =VLOOKUP($A7,cuc!$A$4:$AA$2090,C$3,FALSE) -> 217722768 | D7: =VLOOKUP($A7,cuc!$A$4:$AA$2090,D$3,FALSE) -> 274105629 | E7: =VLOOKUP($A7,cuc!$A$4:$AA$2090,E$3,FALSE) -> 315852171 | F7: =VLOOKUP($A7,cuc!$A$4:$AA$2090,F$3,FALSE) -> 349646037 | G7: =VLOOKUP($A7,cuc!$A$4:$AA$2090,G$3,FALSE) -> 386255547 | H7: =VLOOKUP($A7,cuc!$A$4:$AA$2090,H$3,FALSE) -> 102643940
A8: 615020 | B8: =PROPER(VLOOKUP($A8,cuc!$A$4:$AA$2090,B$3,FALSE)) -> Intereses Ahorro Permanente | C8: =VLOOKUP($A8,cuc!$A$4:$AA$2090,C$3,FALSE) -> 218776153 | D8: =VLOOKUP($A8,cuc!$A$4:$AA$2090,D$3,FALSE) -> 254756972 | E8: =VLOOKUP($A8,cuc!$A$4:$AA$2090,E$3,FALSE) -> 299067343 | F8: =VLOOKUP($A8,cuc!$A$4:$AA$2090,F$3,FALSE) -> 187586548 | G8: =VLOOKUP($A8,cuc!$A$4:$AA$2090,G$3,FALSE) -> 264286671 | H8: =VLOOKUP($A8,cuc!$A$4:$AA$2090,H$3,FALSE) -> 71057686
A9: =+cuc!A2015 -> 615025 | B9: =PROPER(VLOOKUP($A9,cuc!$A$4:$AA$2090,B$3,FALSE)) -> Contribución Emergencia Económica | C9: =VLOOKUP($A9,cuc!$A$4:$AA$2090,C$3,FALSE) -> 0 | D9: =VLOOKUP($A9,cuc!$A$4:$AA$2090,D$3,FALSE) -> 0 | E9: =VLOOKUP($A9,cuc!$A$4:$AA$2090,E$3,FALSE) -> 0 | F9: =VLOOKUP($A9,cuc!$A$4:$AA$2090,F$3,FALSE) -> 0 | G9: =VLOOKUP($A9,cuc!$A$4:$AA$2090,G$3,FALSE) -> 0 | H9: =VLOOKUP($A9,cuc!$A$4:$AA$2090,H$3,FALSE) -> 0
A10: 350000 | B10: =PROPER(VLOOKUP($A10,cuc!$A$4:$AA$2090,B$3,FALSE)) -> Excedentes Y/O PéRdidas Del Ejercicio | C10: =VLOOKUP($A10,cuc!$A$4:$AA$2090,C$3,FALSE)*60% -> 2.7572381e+08 | D10: =VLOOKUP($A10,cuc!$A$4:$AA$2090,D$3,FALSE)*60% -> 2.4982732e+08 | E10: =VLOOKUP($A10,cuc!$A$4:$AA$2090,E$3,FALSE)*60% -> 1.7782357e+08 | F10: =VLOOKUP($A10,cuc!$A$4:$AA$2090,F$3,FALSE)*60% -> 2.2975789e+08 | G10: =VLOOKUP($A10,cuc!$A$4:$AA$2090,G$3,FALSE)*60% -> 2.1097675e+08 | H10: =VLOOKUP($A10,cuc!$A$4:$AA$2090,H$3,FALSE)*60% -> 27219079
A11: Mora | C11: =+SUM(C5:C10) -> 8.2546236e+08 | D11: =+SUM(D5:D10) -> 9.2846267e+08 | E11: =+SUM(E5:E10) -> 1.0231014e+09 | F11: =+SUM(F5:F10) -> 1.0671714e+09 | G11: =+SUM(G5:G10) -> 1.1980045e+09 | H11: =+SUM(H5:H10) -> 2.8977174e+08
A13: Cuenta | B13: Descripción | C13: =+C$4 -> 43070 | D13: =+D$4 -> 43435 | E13: =+E$4 -> 43800 | F13: =+F$4 -> 44166 | G13: =+G$4 -> 44561 | H13: =+H$4 -> 44651 | BD13: 140400 | BE13: 140500 | BF13: 141100 | BG13: 141200 | BH13: 144100 | BI13: 144200 | BJ13: 144800 | BK13: 145400 | BL13: 145500 | BM13: 146100 | BN13: 146200 | BO13: 146900
A14: 210000 | B14: =PROPER(VLOOKUP($A14,cuc!$A$4:$AA$2090,B$3,FALSE)) -> Depósitos | C14: =VLOOKUP($A14,cuc!$A$4:$AA$2090,C$3,FALSE) -> 1.3394833e+10 | D14: =VLOOKUP($A14,cuc!$A$4:$AA$2090,D$3,FALSE) -> 1.6138651e+10 | E14: =VLOOKUP($A14,cuc!$A$4:$AA$2090,E$3,FALSE) -> 1.9359042e+10 | F14: =VLOOKUP($A14,cuc!$A$4:$AA$2090,F$3,FALSE) -> 23244719437 | G14: =VLOOKUP($A14,cuc!$A$4:$AA$2090,G$3,FALSE) -> 2.7084399e+10 | H14: =VLOOKUP($A14,cuc!$A$4:$AA$2090,H$3,FALSE) -> 2.7598802e+10
A15: 310000 | B15: =PROPER(VLOOKUP($A15,cuc!$A$4:$AA$2090,B$3,FALSE)) -> Capital Social | C15: =VLOOKUP($A15,cuc!$A$4:$AA$2090,C$3,FALSE) -> 1.1363705e+09 | D15: =VLOOKUP($A15,cuc!$A$4:$AA$2090,D$3,FALSE) -> 1383562572 | E15: =VLOOKUP($A15,cuc!$A$4:$AA$2090,E$3,FALSE) -> 1623431487 | F15: =VLOOKUP($A15,cuc!$A$4:$AA$2090,F$3,FALSE) -> 1901794057 | G15: =VLOOKUP($A15,cuc!$A$4:$AA$2090,G$3,FALSE) -> 2167676922 | H15: =VLOOKUP($A15,cuc!$A$4:$AA$2090,H$3,FALSE) -> 2215154870
A16: 311010 | B16: =PROPER(VLOOKUP($A16,cuc!$A$4:$AA$2090,B$3,FALSE)) -> Aportes Amortizados | C16: =VLOOKUP($A16,cuc!$A$4:$AA$2090,C$3,FALSE) -> 0 | D16: =VLOOKUP($A16,cuc!$A$4:$AA$2090,D$3,FALSE) -> 0 | E16: =VLOOKUP($A16,cuc!$A$4:$AA$2090,E$3,FALSE) -> 0 | F16: =VLOOKUP($A16,cuc!$A$4:$AA$2090,F$3,FALSE) -> 0 | G16: =VLOOKUP($A16,cuc!$A$4:$AA$2090,G$3,FALSE) -> 0 | H16: =VLOOKUP($A16,cuc!$A$4:$AA$2090,H$3,FALSE) -> 0
A17: Bruta | B17: Total | C17: =+C14+C15-C16 -> 1.4531204e+10 | D17: =+D14+D15-D16 -> 1.7522214e+10 | E17: =+E14+E15-E16 -> 2.0982474e+10 | F17: =+F14+F15-F16 -> 25146513494 | G17: =+G14+G15-G16 -> 2.9252076e+10 | H17: =+H14+H15-H16 -> 2.9813957e+10
B19: Descripcion | C19: =+'ALN vs Depositos'!C$19 -> Año 17 | D19: =+'ALN vs Depositos'!D$19 -> Año 18 | E19: =+'ALN vs Depositos'!E$19 -> Año 19 | F19: =+'ALN vs Depositos'!F$19 -> Año 20 | G19: =+'ALN vs Depositos'!G$19 -> Año 21 | H19: =+'ALN vs Depositos'!H$19 -> Año 22
B20: intereses, beneficios y 60% exced | C20: =+C11/C17 -> 0.056806192 | D20: =+D11/AVERAGE(C17:D17) -> 0.05793221 | E20: =+E11/AVERAGE(D17:E17) -> 0.053141655 | F20: =+F11/AVERAGE(E17:F17) -> 0.046269016 | G20: =+G11/AVERAGE(F17:G17) -> 0.044045423 | H20: =+H11/AVERAGE(G17:H17) -> 0.0098117894

Sheet 0. Cartera sobre Activos
A1: Indicador | B1: Descripción Formula | C1: TIPO | D1: NOMBRE INDICADOR | E1: Descripcion Indicador
A2: RIESGO | B2: Cartera Total Calificada en Categorías B, C, D y E / Cartera Bruta | C2: Riesgo Credito | D2: Indicador de calidad por riesgo | E2: Calidad x Riesgo (B,C,D,E)
B3: 2 | C3: 3 | D3: 4 | E3: 5 | F3: 6 | G3: 7 | H3: 8
A4: Cuenta | B4: Descripcion | C4: =+'Indicadores SIAR EVOLUCION'!E2 -> 43070 | D4: =+'Indicadores SIAR EVOLUCION'!F2 -> 43435 | E4: =+'Indicadores SIAR EVOLUCION'!G2 -> 43800 | F4: =+'Indicadores SIAR EVOLUCION'!H2 -> 44166 | G4: =+'Indicadores SIAR EVOLUCION'!I2 -> 44561 | H4: =+'Indicadores SIAR EVOLUCION'!J2 -> 44651 | BD4: 140400 | BE4: 140500 | BF4: 141100 | BG4: 141200 | BH4: 144100 | BI4: 144200 | BJ4: 144800 | BK4: 145400 | BL4: 145500 | BM4: 146100 | BN4: 146200 | BO4: 146900
A5: 140400 | B5: =PROPER(VLOOKUP($A5,cuc!$A$4:$AA$2090,B$3,FALSE)) -> Créditos De Vivienda - Con Libranza | C5: =VLOOKUP($A5,cuc!$A$4:$AA$2090,C$3,FALSE) -> 0 | D5: =VLOOKUP($A5,cuc!$A$4:$AA$2090,D$3,FALSE) -> 0 | E5: =VLOOKUP($A5,cuc!$A$4:$AA$2090,E$3,FALSE) -> 0 | F5: =VLOOKUP($A5,cuc!$A$4:$AA$2090,F$3,FALSE) -> 0 | G5: =VLOOKUP($A5,cuc!$A$4:$AA$2090,G$3,FALSE) -> 0 | H5: =VLOOKUP($A5,cuc!$A$4:$AA$2090,H$3,FALSE) -> 0
A6: 140500 | B6: =PROPER(VLOOKUP($A6,cuc!$A$4:$AA$2090,B$3,FALSE)) -> Créditos De Vivienda - Sin Libranza | C6: =VLOOKUP($A6,cuc!$A$4:$AA$2090,C$3,FALSE) -> 0 | D6: =VLOOKUP($A6,cuc!$A$4:$AA$2090,D$3,FALSE) -> 0 | E6: =VLOOKUP($A6,cuc!$A$4:$AA$2090,E$3,FALSE) -> 0 | F6: =VLOOKUP($A6,cuc!$A$4:$AA$2090,F$3,FALSE) -> 0 | G6: =VLOOKUP($A6,cuc!$A$4:$AA$2090,G$3,FALSE) -> 0 | H6: =VLOOKUP($A6,cuc!$A$4:$AA$2090,H$3,FALSE) -> 0
A7: 141100 | B7: =PROPER(VLOOKUP($A7,cuc!$A$4:$AA$2090,B$3,FALSE)) -> Créditos De Consumo, Garantía Admisible - Con Libranza | C7: =VLOOKUP($A7,cuc!$A$4:$AA$2090,C$3,FALSE) -> 3518501134 | D7: =VLOOKUP($A7,cuc!$A$4:$AA$2090,D$3,FALSE) -> 4826506976 | E7: =VLOOKUP($A7,cuc!$A$4:$AA$2090,E$3,FALSE) -> 5853374514 | F7: =VLOOKUP($A7,cuc!$A$4:$AA$2090,F$3,FALSE) -> 6508331137 | G7: =VLOOKUP($A7,cuc!$A$4:$AA$2090,G$3,FALSE) -> 6860544148 | H7: =VLOOKUP($A7,cuc!$A$4:$AA$2090,H$3,FALSE) -> 7298307740
A8: 141200 | B8: =PROPER(VLOOKUP($A8,cuc!$A$4:$AA$2090,B$3,FALSE)) -> Créditos De Consumo, Garantía Admisible - Sin Libranza | C8: =VLOOKUP($A8,cuc!$A$4:$AA$2090,C$3,FALSE) -> 1408838496 | D8: =VLOOKUP($A8,cuc!$A$4:$AA$2090,D$3,FALSE) -> 1666978801 | E8: =VLOOKUP($A8,cuc!$A$4:$AA$2090,E$3,FALSE) -> 1585611712 | F8: =VLOOKUP($A8,cuc!$A$4:$AA$2090,F$3,FALSE) -> 1938844296 | G8: =VLOOKUP($A8,cuc!$A$4:$AA$2090,G$3,FALSE) -> 1617873248 | H8: =VLOOKUP($A8,cuc!$A$4:$AA$2090,H$3,FALSE) -> 1563257873
A9: 144100 | B9: =PROPER(VLOOKUP($A9,cuc!$A$4:$AA$2090,B$3,FALSE)) -> Créditos De Consumo, Otras Garantías - Con Libranza | C9: =VLOOKUP($A9,cuc!$A$4:$AA$2090,C$3,FALSE) -> 6419086829 | D9: =VLOOKUP($A9,cuc!$A$4:$AA$2090,D$3,FALSE) -> 6574595288 | E9: =VLOOKUP($A9,cuc!$A$4:$AA$2090,E$3,FALSE) -> 7280780874 | F9: =VLOOKUP($A9,cuc!$A$4:$AA$2090,F$3,FALSE) -> 8294925923 | G9: =VLOOKUP($A9,cuc!$A$4:$AA$2090,G$3,FALSE) -> 10425048411 | H9: =VLOOKUP($A9,cuc!$A$4:$AA$2090,H$3,FALSE) -> 10539919601
A10: 144200 | B10: =PROPER(VLOOKUP($A10,cuc!$A$4:$AA$2090,B$3,FALSE)) -> Créditos De Consumo, Otras Garantías - Sin Libranza | C10: =VLOOKUP($A10,cuc!$A$4:$AA$2090,C$3,FALSE) -> 2705901805 | D10: =VLOOKUP($A10,cuc!$A$4:$AA$2090,D$3,FALSE) -> 3.1364248e+09 | E10: =VLOOKUP($A10,cuc!$A$4:$AA$2090,E$3,FALSE) -> 4659986190 | F10: =VLOOKUP($A10,cuc!$A$4:$AA$2090,F$3,FALSE) -> 4845930937 | G10: =VLOOKUP($A10,cuc!$A$4:$AA$2090,G$3,FALSE) -> 5.3902831e+09 | H10: =VLOOKUP($A10,cuc!$A$4:$AA$2090,H$3,FALSE) -> 5.9727691e+09
A11: 144800 | B11: =PROPER(VLOOKUP($A11,cuc!$A$4:$AA$2090,B$3,FALSE)) -> Microcrédito Inmobiliario | C11: =VLOOKUP($A11,cuc!$A$4:$AA$2090,C$3,FALSE) -> 0 | D11: =VLOOKUP($A11,cuc!$A$4:$AA$2090,D$3,FALSE) -> 0 | E11: =VLOOKUP($A11,cuc!$A$4:$AA$2090,E$3,FALSE) -> 0 | F11: =VLOOKUP($A11,cuc!$A$4:$AA$2090,F$3,FALSE) -> 0 | G11: =VLOOKUP($A11,cuc!$A$4:$AA$2090,G$3,FALSE) -> 0 | H11: =VLOOKUP($A11,cuc!$A$4:$AA$2090,H$3,FALSE) -> 0
A12: 145400 | B12: =PROPER(VLOOKUP($A12,cuc!$A$4:$AA$2090,B$3,FALSE)) -> Microcrédito Empresarial - Garantía Admisible | C12: =VLOOKUP($A12,cuc!$A$4:$AA$2090,C$3,FALSE) -> 0 | D12: =VLOOKUP($A12,cuc!$A$4:$AA$2090,D$3,FALSE) -> 0 | E12: =VLOOKUP($A12,cuc!$A$4:$AA$2090,E$3,FALSE) -> 0 | F12: =VLOOKUP($A12,cuc!$A$4:$AA$2090,F$3,FALSE) -> 0 | G12: =VLOOKUP($A12,cuc!$A$4:$AA$2090,G$3,FALSE) -> 0 | H12: =VLOOKUP($A12,cuc!$A$4:$AA$2090,H$3,FALSE) -> 0
A13: 145500 | B13: =PROPER(VLOOKUP($A13,cuc!$A$4:$AA$2090,B$3,FALSE)) -> Microcrédito Empresarial - Otras Garantías | C13: =VLOOKUP($A13,cuc!$A$4:$AA$2090,C$3,FALSE) -> 0 | D13: =VLOOKUP($A13,cuc!$A$4:$AA$2090,D$3,FALSE) -> 0 | E13: =VLOOKUP($A13,cuc!$A$4:$AA$2090,E$3,FALSE) -> 0 | F13: =VLOOKUP($A13,cuc!$A$4:$AA$2090,F$3,FALSE) -> 0 | G13: =VLOOKUP($A13,cuc!$A$4:$AA$2090,G$3,FALSE) -> 0 | H13: =VLOOKUP($A13,cuc!$A$4:$AA$2090,H$3,FALSE) -> 0
A14: 146100 | B14: =PROPER(VLOOKUP($A14,cuc!$A$4:$AA$2090,B$3,FALSE)) -> Créditos Comerciales - Garantía Admisible | C14: =VLOOKUP($A14,cuc!$A$4:$AA$2090,C$3,FALSE) -> 0 | D14: =VLOOKUP($A14,cuc!$A$4:$AA$2090,D$3,FALSE) -> 0 | E14: =VLOOKUP($A14,cuc!$A$4:$AA$2090,E$3,FALSE) -> 0 | F14: =VLOOKUP($A14,cuc!$A$4:$AA$2090,F$3,FALSE) -> 0 | G14: =VLOOKUP($A14,cuc!$A$4:$AA$2090,G$3,FALSE) -> 0 | H14: =VLOOKUP($A14,cuc!$A$4:$AA$2090,H$3,FALSE) -> 0
A15: 146200 | B15: =PROPER(VLOOKUP($A15,cuc!$A$4:$AA$2090,B$3,FALSE)) -> Créditos Comerciales - Otras Garantías | C15: =VLOOKUP($A15,cuc!$A$4:$AA$2090,C$3,FALSE) -> 0 | D15: =VLOOKUP($A15,cuc!$A$4:$AA$2090,D$3,FALSE) -> 0 | E15: =VLOOKUP($A15,cuc!$A$4:$AA$2090,E$3,FALSE) -> 0 | F15: =VLOOKUP($A15,cuc!$A$4:$AA$2090,F$3,FALSE) -> 0 | G15: =VLOOKUP($A15,cuc!$A$4:$AA$2090,G$3,FALSE) -> 0 | H15: =VLOOKUP($A15,cuc!$A$4:$AA$2090,H$3,FALSE) -> 0
A16: 146900 | B16: =PROPER(VLOOKUP($A16,cuc!$A$4:$AA$2090,B$3,FALSE)) -> CréDitos A Empleados | C16: =VLOOKUP($A16,cuc!$A$4:$AA$2090,C$3,FALSE) -> 0 | D16: =VLOOKUP($A16,cuc!$A$4:$AA$2090,D$3,FALSE) -> 0 | E16: =VLOOKUP($A16,cuc!$A$4:$AA$2090,E$3,FALSE) -> 0 | F16: =VLOOKUP($A16,cuc!$A$4:$AA$2090,F$3,FALSE) -> 0 | G16: =VLOOKUP($A16,cuc!$A$4:$AA$2090,G$3,FALSE) -> 0 | H16: =VLOOKUP($A16,cuc!$A$4:$AA$2090,H$3,FALSE) -> 0
A17: Mora | C17: =+SUM(C5:C16) -> 14052328264 | D17: =+SUM(D5:D16) -> 1.6204506e+10 | E17: =+SUM(E5:E16) -> 19379753290 | F17: =+SUM(F5:F16) -> 21588032293 | G17: =+SUM(G5:G16) -> 2.4293749e+10 | H17: =+SUM(H5:H16) -> 2.5374254e+10
A19: Cuenta | B19: Descripción | C19: =+C$4 -> 43070 | D19: =+D$4 -> 43435 | E19: =+E$4 -> 43800 | F19: =+F$4 -> 44166 | G19: =+G$4 -> 44561 | H19: =+H$4 -> 44651 | BD19: 140400 | BE19: 140500 | BF19: 141100 | BG19: 141200 | BH19: 144100 | BI19: 144200 | BJ19: 144800 | BK19: 145400 | BL19: 145500 | BM19: 146100 | BN19: 146200 | BO19: 146900
A20: 100000 | B20: =PROPER(VLOOKUP($A20,cuc!$A$4:$AA$2090,B$3,FALSE)) -> Activo | C20: =VLOOKUP($A20,cuc!$A$4:$AA$2090,C$3,FALSE) -> 1.6989378e+10 | D20: =VLOOKUP($A20,cuc!$A$4:$AA$2090,D$3,FALSE) -> 2.0962315e+10 | E20: =VLOOKUP($A20,cuc!$A$4:$AA$2090,E$3,FALSE) -> 2.5012206e+10 | F20: =VLOOKUP($A20,cuc!$A$4:$AA$2090,F$3,FALSE) -> 2.9996957e+10 | G20: =VLOOKUP($A20,cuc!$A$4:$AA$2090,G$3,FALSE) -> 3.4948819e+10 | H20: =VLOOKUP($A20,cuc!$A$4:$AA$2090,H$3,FALSE) -> 3.5741855e+10
A21: 146800 | B21: =PROPER(VLOOKUP($A21,cuc!$A$4:$AA$2090,B$3,FALSE)) -> Deterioro General De Cartera De CrÉditos (Cr) | C21: =VLOOKUP($A21,cuc!$A$4:$AA$2090,C$3,FALSE) -> 186160968 | D21: =VLOOKUP($A21,cuc!$A$4:$AA$2090,D$3,FALSE) -> 194960081 | E21: =VLOOKUP($A21,cuc!$A$4:$AA$2090,E$3,FALSE) -> 228267351 | F21: =VLOOKUP($A21,cuc!$A$4:$AA$2090,F$3,FALSE) -> 252558421 | G21: =VLOOKUP($A21,cuc!$A$4:$AA$2090,G$3,FALSE) -> 282321303 | H21: =VLOOKUP($A21,cuc!$A$4:$AA$2090,H$3,FALSE) -> 294206862
A22: Bruta | B22: Total | C22: =SUM(C20:C21) -> 1.7175539e+10 | D22: =SUM(D20:D21) -> 2.1157275e+10 | E22: =SUM(E20:E21) -> 2.5240474e+10 | F22: =SUM(F20:F21) -> 3.0249515e+10 | G22: =SUM(G20:G21) -> 3.523114e+10 | H22: =SUM(H20:H21) -> 3.6036061e+10
B24: Descripcion | C24: =+'ALN vs Depositos'!C$19 -> Año 17 | D24: =+'ALN vs Depositos'!D$19 -> Año 18 | E24: =+'ALN vs Depositos'!E$19 -> Año 19 | F24: =+'ALN vs Depositos'!F$19 -> Año 20 | G24: =+'ALN vs Depositos'!G$19 -> Año 21 | H24: =+'ALN vs Depositos'!H$19 -> Año 22
B25: Cartera bruta / activos | C25: =+C17/C22 -> 0.81815936 | D25: =+D17/D22 -> 0.76590702 | E25: =+E17/E22 -> 0.76780465 | F25: =+F17/F22 -> 0.71366539 | G25: =+G17/G22 -> 0.6895533 | H25: =+H17/H22 -> 0.70413506

Sheet 1. SARC - Calidad Cartera
A1: Indicador | B1: Descripción Formula | C1: TIPO | D1: NOMBRE INDICADOR | E1: Descripcion Indicador
A2: RIESGO | B2: Cartera Total Calificada en Categorías B, C, D y E / Cartera Bruta | C2: Riesgo Credito | D2: Indicador de calidad por riesgo | E2: Calidad x Riesgo (B,C,D,E)
B3: 2 | C3: 3 | D3: 4 | E3: 5 | F3: 6 | G3: 7 | H3: 8
A4: Cuenta | B4: Descripcion | C4: =+'Indicadores SIAR EVOLUCION'!E2 -> 43070 | D4: =+'Indicadores SIAR EVOLUCION'!F2 -> 43435 | E4: =+'Indicadores SIAR EVOLUCION'!G2 -> 43800 | F4: =+'Indicadores SIAR EVOLUCION'!H2 -> 44166 | G4: =+'Indicadores SIAR EVOLUCION'!I2 -> 44561 | H4: =+'Indicadores SIAR EVOLUCION'!J2 -> 44651 | BD4: 140400 | BE4: 140500 | BF4: 141100 | BG4: 141200 | BH4: 144100 | BI4: 144200 | BJ4: 144800 | BK4: 145400 | BL4: 145500 | BM4: 146100 | BN4: 146200 | BO4: 146900
A5: 140410 | B5: =PROPER(VLOOKUP($A5,cuc!$A$4:$AA$2090,B$3,FALSE)) -> Categoría B Riesgo Aceptable | C5: =VLOOKUP($A5,cuc!$A$4:$AA$2090,C$3,FALSE) -> 0 | D5: =VLOOKUP($A5,cuc!$A$4:$AA$2090,D$3,FALSE) -> 0 | E5: =VLOOKUP($A5,cuc!$A$4:$AA$2090,E$3,FALSE) -> 0 | F5: =VLOOKUP($A5,cuc!$A$4:$AA$2090,F$3,FALSE) -> 0 | G5: =VLOOKUP($A5,cuc!$A$4:$AA$2090,G$3,FALSE) -> 0 | H5: =VLOOKUP($A5,cuc!$A$4:$AA$2090,H$3,FALSE) -> 0
A6: 140415 | B6: =PROPER(VLOOKUP($A6,cuc!$A$4:$AA$2090,B$3,FALSE)) -> Categoría C Riesgo Apreciable | C6: =VLOOKUP($A6,cuc!$A$4:$AA$2090,C$3,FALSE) -> 0 | D6: =VLOOKUP($A6,cuc!$A$4:$AA$2090,D$3,FALSE) -> 0 | E6: =VLOOKUP($A6,cuc!$A$4:$AA$2090,E$3,FALSE) -> 0 | F6: =VLOOKUP($A6,cuc!$A$4:$AA$2090,F$3,FALSE) -> 0 | G6: =VLOOKUP($A6,cuc!$A$4:$AA$2090,G$3,FALSE) -> 0 | H6: =VLOOKUP($A6,cuc!$A$4:$AA$2090,H$3,FALSE) -> 0
A7: 140420 | B7: =PROPER(VLOOKUP($A7,cuc!$A$4:$AA$2090,B$3,FALSE)) -> Categoría D Riesgo Significativo | C7: =VLOOKUP($A7,cuc!$A$4:$AA$2090,C$3,FALSE) -> 0 | D7: =VLOOKUP($A7,cuc!$A$4:$AA$2090,D$3,FALSE) -> 0 | E7: =VLOOKUP($A7,cuc!$A$4:$AA$2090,E$3,FALSE) -> 0 | F7: =VLOOKUP($A7,cuc!$A$4:$AA$2090,F$3,FALSE) -> 0 | G7: =VLOOKUP($A7,cuc!$A$4:$AA$2090,G$3,FALSE) -> 0 | H7: =VLOOKUP($A7,cuc!$A$4:$AA$2090,H$3,FALSE) -> 0
A8: 140425 | B8: =PROPER(VLOOKUP($A8,cuc!$A$4:$AA$2090,B$3,FALSE)) -> Categoría E Riesgo De Incobrabilidad | C8: =VLOOKUP($A8,cuc!$A$4:$AA$2090,C$3,FALSE) -> 0 | D8: =VLOOKUP($A8,cuc!$A$4:$AA$2090,D$3,FALSE) -> 0 | E8: =VLOOKUP($A8,cuc!$A$4:$AA$2090,E$3,FALSE) -> 0 | F8: =VLOOKUP($A8,cuc!$A$4:$AA$2090,F$3,FALSE) -> 0 | G8: =VLOOKUP($A8,cuc!$A$4:$AA$2090,G$3,FALSE) -> 0 | H8: =VLOOKUP($A8,cuc!$A$4:$AA$2090,H$3,FALSE) -> 0
A9: 140510 | B9: =PROPER(VLOOKUP($A9,cuc!$A$4:$AA$2090,B$3,FALSE)) -> Categoría B Riesgo Aceptable | C9: =VLOOKUP($A9,cuc!$A$4:$AA$2090,C$3,FALSE) -> 0 | D9: =VLOOKUP($A9,cuc!$A$4:$AA$2090,D$3,FALSE) -> 0 | E9: =VLOOKUP($A9,cuc!$A$4:$AA$2090,E$3,FALSE) -> 0 | F9: =VLOOKUP($A9,cuc!$A$4:$AA$2090,F$3,FALSE) -> 0 | G9: =VLOOKUP($A9,cuc!$A$4:$AA$2090,G$3,FALSE) -> 0 | H9: =VLOOKUP($A9,cuc!$A$4:$AA$2090,H$3,FALSE) -> 0
A10: 140515 | B10: =PROPER(VLOOKUP($A10,cuc!$A$4:$AA$2090,B$3,FALSE)) -> Categoría C Riesgo Apreciable | C10: =VLOOKUP($A10,cuc!$A$4:$AA$2090,C$3,FALSE) -> 0 | D10: =VLOOKUP($A10,cuc!$A$4:$AA$2090,D$3,FALSE) -> 0 | E10: =VLOOKUP($A10,cuc!$A$4:$AA$2090,E$3,FALSE) -> 0 | F10: =VLOOKUP($A10,cuc!$A$4:$AA$2090,F$3,FALSE) -> 0 | G10: =VLOOKUP($A10,cuc!$A$4:$AA$2090,G$3,FALSE) -> 0 | H10: =VLOOKUP($A10,cuc!$A$4:$AA$2090,H$3,FALSE) -> 0
A11: 140520 | B11: =PROPER(VLOOKUP($A11,cuc!$A$4:$AA$2090,B$3,FALSE)) -> Categoría D Riesgo Significativo | C11: =VLOOKUP($A11,cuc!$A$4:$AA$2090,C$3,FALSE) -> 0 | D11: =VLOOKUP($A11,cuc!$A$4:$AA$2090,D$3,FALSE) -> 0 | E11: =VLOOKUP($A11,cuc!$A$4:$AA$2090,E$3,FALSE) -> 0 | F11: =VLOOKUP($A11,cuc!$A$4:$AA$2090,F$3,FALSE) -> 0 | G11: =VLOOKUP($A11,cuc!$A$4:$AA$2090,G$3,FALSE) -> 0 | H11: =VLOOKUP($A11,cuc!$A$4:$AA$2090,H$3,FALSE) -> 0
A12: 140525 | B12: =PROPER(VLOOKUP($A12,cuc!$A$4:$AA$2090,B$3,FALSE)) -> Categoría E Riesgo De Incobrabilidad | C12: =VLOOKUP($A12,cuc!$A$4:$AA$2090,C$3,FALSE) -> 0 | D12: =VLOOKUP($A12,cuc!$A$4:$AA$2090,D$3,FALSE) -> 0 | E12: =VLOOKUP($A12,cuc!$A$4:$AA$2090,E$3,FALSE) -> 0 | F12: =VLOOKUP($A12,cuc!$A$4:$AA$2090,F$3,FALSE) -> 0 | G12: =VLOOKUP($A12,cuc!$A$4:$AA$2090,G$3,FALSE) -> 0 | H12: =VLOOKUP($A12,cuc!$A$4:$AA$2090,H$3,FALSE) -> 0
A13: 141110 | B13: =PROPER(VLOOKUP($A13,cuc!$A$4:$AA$2090,B$3,FALSE)) -> Categoría B Riesgo Aceptable | C13: =VLOOKUP($A13,cuc!$A$4:$AA$2090,C$3,FALSE) -> 0 | D13: =VLOOKUP($A13,cuc!$A$4:$AA$2090,D$3,FALSE) -> 0 | E13: =VLOOKUP($A13,cuc!$A$4:$AA$2090,E$3,FALSE) -> 0 | F13: =VLOOKUP($A13,cuc!$A$4:$AA$2090,F$3,FALSE) -> 0 | G13: =VLOOKUP($A13,cuc!$A$4:$AA$2090,G$3,FALSE) -> 0 | H13: =VLOOKUP($A13,cuc!$A$4:$AA$2090,H$3,FALSE) -> 0
A14: 141115 | B14: =PROPER(VLOOKUP($A14,cuc!$A$4:$AA$2090,B$3,FALSE)) -> Categoría C Riesgo Apreciable | C14: =VLOOKUP($A14,cuc!$A$4:$AA$2090,C$3,FALSE) -> 0 | D14: =VLOOKUP($A14,cuc!$A$4:$AA$2090,D$3,FALSE) -> 0 | E14: =VLOOKUP($A14,cuc!$A$4:$AA$2090,E$3,FALSE) -> 0 | F14: =VLOOKUP($A14,cuc!$A$4:$AA$2090,F$3,FALSE) -> 0 | G14: =VLOOKUP($A14,cuc!$A$4:$AA$2090,G$3,FALSE) -> 0 | H14: =VLOOKUP($A14,cuc!$A$4:$AA$2090,H$3,FALSE) -> 0
A15: 141120 | B15: =PROPER(VLOOKUP($A15,cuc!$A$4:$AA$2090,B$3,FALSE)) -> Categoría D Riesgo Significativo | C15: =VLOOKUP($A15,cuc!$A$4:$AA$2090,C$3,FALSE) -> 0 | D15: =VLOOKUP($A15,cuc!$A$4:$AA$2090,D$3,FALSE) -> 0 | E15: =VLOOKUP($A15,cuc!$A$4:$AA$2090,E$3,FALSE) -> 0 | F15: =VLOOKUP($A15,cuc!$A$4:$AA$2090,F$3,FALSE) -> 0 | G15: =VLOOKUP($A15,cuc!$A$4:$AA$2090,G$3,FALSE) -> 0 | H15: =VLOOKUP($A15,cuc!$A$4:$AA$2090,H$3,FALSE) -> 0
A16: 141125 | B16: =PROPER(VLOOKUP($A16,cuc!$A$4:$AA$2090,B$3,FALSE)) -> Categoría E Riesgo De Incobrabilidad | C16: =VLOOKUP($A16,cuc!$A$4:$AA$2090,C$3,FALSE) -> 0 | D16: =VLOOKUP($A16,cuc!$A$4:$AA$2090,D$3,FALSE) -> 0 | E16: =VLOOKUP($A16,cuc!$A$4:$AA$2090,E$3,FALSE) -> 0 | F16: =VLOOKUP($A16,cuc!$A$4:$AA$2090,F$3,FALSE) -> 0 | G16: =VLOOKUP($A16,cuc!$A$4:$AA$2090,G$3,FALSE) -> 0 | H16: =VLOOKUP($A16,cuc!$A$4:$AA$2090,H$3,FALSE) -> 0
... A56: 146950 | B56: =PROPER(VLOOKUP($A56,cuc!$A$4:$AA$2090,B$3,FALSE)) -> Categoría E Riesgo De Incobrabilidad, Consumo | C56: =VLOOKUP($A56,cuc!$A$4:$AA$2090,C$3,FALSE) -> 0 | D56: =VLOOKUP($A56,cuc!$A$4:$AA$2090,D$3,FALSE) -> 0 | E56: =VLOOKUP($A56,cuc!$A$4:$AA$2090,E$3,FALSE) -> 0 | F56: =VLOOKUP($A56,cuc!$A$4:$AA$2090,F$3,FALSE) -> 0 | G56: =VLOOKUP($A56,cuc!$A$4:$AA$2090,G$3,FALSE) -> 0 | H56: =VLOOKUP($A56,cuc!$A$4:$AA$2090,H$3,FALSE) -> 0
A57: Mora | C57: =+SUM(C5:C56) -> 30246533 | D57: =+SUM(D5:D56) -> 95604144 | E57: =+SUM(E5:E56) -> 212946535 | F57: =+SUM(F5:F56) -> 269671731 | G57: =+SUM(G5:G56) -> 344889466 | H57: =+SUM(H5:H56) -> 550324632
A59: Cuenta | B59: Descripción | C59: =+C$4 -> 43070 | D59: =+D$4 -> 43435 | E59: =+E$4 -> 43800 | F59: =+F$4 -> 44166 | G59: =+G$4 -> 44561 | H59: =+H$4 -> 44651 | BD59: 140400 | BE59: 140500 | BF59: 141100 | BG59: 141200 | BH59: 144100 | BI59: 144200 | BJ59: 144800 | BK59: 145400 | BL59: 145500 | BM59: 146100 | BN59: 146200 | BO59: 146900
A60: 140400 | B60: =PROPER(VLOOKUP($A60,cuc!$A$4:$AA$2090,B$3,FALSE)) -> Créditos De Vivienda - Con Libranza | C60: =VLOOKUP($A60,cuc!$A$4:$AA$2090,C$3,FALSE) -> 0 | D60: =VLOOKUP($A60,cuc!$A$4:$AA$2090,D$3,FALSE) -> 0 | E60: =VLOOKUP($A60,cuc!$A$4:$AA$2090,E$3,FALSE) -> 0 | F60: =VLOOKUP($A60,cuc!$A$4:$AA$2090,F$3,FALSE) -> 0 | G60: =VLOOKUP($A60,cuc!$A$4:$AA$2090,G$3,FALSE) -> 0 | H60: =VLOOKUP($A60,cuc!$A$4:$AA$2090,H$3,FALSE) -> 0
A61: 140500 | B61: =PROPER(VLOOKUP($A61,cuc!$A$4:$AA$2090,B$3,FALSE)) -> Créditos De Vivienda - Sin Libranza | C61: =VLOOKUP($A61,cuc!$A$4:$AA$2090,C$3,FALSE) -> 0 | D61: =VLOOKUP($A61,cuc!$A$4:$AA$2090,D$3,FALSE) -> 0 | E61: =VLOOKUP($A61,cuc!$A$4:$AA$2090,E$3,FALSE) -> 0 | F61: =VLOOKUP($A61,cuc!$A$4:$AA$2090,F$3,FALSE) -> 0 | G61: =VLOOKUP($A61,cuc!$A$4:$AA$2090,G$3,FALSE) -> 0 | H61: =VLOOKUP($A61,cuc!$A$4:$AA$2090,H$3,FALSE) -> 0
A62: 141100 | B62: =PROPER(VLOOKUP($A62,cuc!$A$4:$AA$2090,B$3,FALSE)) -> Créditos De Consumo, Garantía Admisible - Con Libranza | C62: =VLOOKUP($A62,cuc!$A$4:$AA$2090,C$3,FALSE) -> 3518501134 | D62: =VLOOKUP($A62,cuc!$A$4:$AA$2090,D$3,FALSE) -> 4826506976 | E62: =VLOOKUP($A62,cuc!$A$4:$AA$2090,E$3,FALSE) -> 5853374514 | F62: =VLOOKUP($A62,cuc!$A$4:$AA$2090,F$3,FALSE) -> 6508331137 | G62: =VLOOKUP($A62,cuc!$A$4:$AA$2090,G$3,FALSE) -> 6860544148 | H62: =VLOOKUP($A62,cuc!$A$4:$AA$2090,H$3,FALSE) -> 7298307740
A63: 141200 | B63: =PROPER(VLOOKUP($A63,cuc!$A$4:$AA$2090,B$3,FALSE)) -> Créditos De Consumo, Garantía Admisible - Sin Libranza | C63: =VLOOKUP($A63,cuc!$A$4:$AA$2090,C$3,FALSE) -> 1408838496 | D63: =VLOOKUP($A63,cuc!$A$4:$AA$2090,D$3,FALSE) -> 1666978801 | E63: =VLOOKUP($A63,cuc!$A$4:$AA$2090,E$3,FALSE) -> 1585611712 | F63: =VLOOKUP($A63,cuc!$A$4:$AA$2090,F$3,FALSE) -> 1938844296 | G63: =VLOOKUP($A63,cuc!$A$4:$AA$2090,G$3,FALSE) -> 1617873248 | H63: =VLOOKUP($A63,cuc!$A$4:$AA$2090,H$3,FALSE) -> 1563257873
A64: 144100 | B64: =PROPER(VLOOKUP($A64,cuc!$A$4:$AA$2090,B$3,FALSE)) -> Créditos De Consumo, Otras Garantías - Con Libranza | C64: =VLOOKUP($A64,cuc!$A$4:$AA$2090,C$3,FALSE) -> 6419086829 | D64: =VLOOKUP($A64,cuc!$A$4:$AA$2090,D$3,FALSE) -> 6574595288 | E64: =VLOOKUP($A64,cuc!$A$4:$AA$2090,E$3,FALSE) -> 7280780874 | F64: =VLOOKUP($A64,cuc!$A$4:$AA$2090,F$3,FALSE) -> 8294925923 | G64: =VLOOKUP($A64,cuc!$A$4:$AA$2090,G$3,FALSE) -> 10425048411 | H64: =VLOOKUP($A64,cuc!$A$4:$AA$2090,H$3,FALSE) -> 10539919601
A65: 144200 | B65: =PROPER(VLOOKUP($A65,cuc!$A$4:$AA$2090,B$3,FALSE)) -> Créditos De Consumo, Otras Garantías - Sin Libranza | C65: =VLOOKUP($A65,cuc!$A$4:$AA$2090,C$3,FALSE) -> 2705901805 | D65: =VLOOKUP($A65,cuc!$A$4:$AA$2090,D$3,FALSE) -> 3.1364248e+09 | E65: =VLOOKUP($A65,cuc!$A$4:$AA$2090,E$3,FALSE) -> 4659986190 | F65: =VLOOKUP($A65,cuc!$A$4:$AA$2090,F$3,FALSE) -> 4845930937 | G65: =VLOOKUP($A65,cuc!$A$4:$AA$2090,G$3,FALSE) -> 5.3902831e+09 | H65: =VLOOKUP($A65,cuc!$A$4:$AA$2090,H$3,FALSE) -> 5.9727691e+09
A66: 144800 | B66: =PROPER(VLOOKUP($A66,cuc!$A$4:$AA$2090,B$3,FALSE)) -> Microcrédito Inmobiliario | C66: =VLOOKUP($A66,cuc!$A$4:$AA$2090,C$3,FALSE) -> 0 | D66: =VLOOKUP($A66,cuc!$A$4:$AA$2090,D$3,FALSE) -> 0 | E66: =VLOOKUP($A66,cuc!$A$4:$AA$2090,E$3,FALSE) -> 0 | F66: =VLOOKUP($A66,cuc!$A$4:$AA$2090,F$3,FALSE) -> 0 | G66: =VLOOKUP($A66,cuc!$A$4:$AA$2090,G$3,FALSE) -> 0 | H66: =VLOOKUP($A66,cuc!$A$4:$AA$2090,H$3,FALSE) -> 0
A67: 145400 | B67: =PROPER(VLOOKUP($A67,cuc!$A$4:$AA$2090,B$3,FALSE)) -> Microcrédito Empresarial - Garantía Admisible | C67: =VLOOKUP($A67,cuc!$A$4:$AA$2090,C$3,FALSE) -> 0 | D67: =VLOOKUP($A67,cuc!$A$4:$AA$2090,D$3,FALSE) -> 0 | E67: =VLOOKUP($A67,cuc!$A$4:$AA$2090,E$3,FALSE) -> 0 | F67: =VLOOKUP($A67,cuc!$A$4:$AA$2090,F$3,FALSE) -> 0 | G67: =VLOOKUP($A67,cuc!$A$4:$AA$2090,G$3,FALSE) -> 0 | H67: =VLOOKUP($A67,cuc!$A$4:$AA$2090,H$3,FALSE) -> 0
A68: 145500 | B68: =PROPER(VLOOKUP($A68,cuc!$A$4:$AA$2090,B$3,FALSE)) -> Microcrédito Empresarial - Otras Garantías | C68: =VLOOKUP($A68,cuc!$A$4:$AA$2090,C$3,FALSE) -> 0 | D68: =VLOOKUP($A68,cuc!$A$4:$AA$2090,D$3,FALSE) -> 0 | E68: =VLOOKUP($A68,cuc!$A$4:$AA$2090,E$3,FALSE) -> 0 | F68: =VLOOKUP($A68,cuc!$A$4:$AA$2090,F$3,FALSE) -> 0 | G68: =VLOOKUP($A68,cuc!$A$4:$AA$2090,G$3,FALSE) -> 0 | H68: =VLOOKUP($A68,cuc!$A$4:$AA$2090,H$3,FALSE) -> 0
A69: 146100 | B69: =PROPER(VLOOKUP($A69,cuc!$A$4:$AA$2090,B$3,FALSE)) -> Créditos Comerciales - Garantía Admisible | C69: =VLOOKUP($A69,cuc!$A$4:$AA$2090,C$3,FALSE) -> 0 | D69: =VLOOKUP($A69,cuc!$A$4:$AA$2090,D$3,FALSE) -> 0 | E69: =VLOOKUP($A69,cuc!$A$4:$AA$2090,E$3,FALSE) -> 0 | F69: =VLOOKUP($A69,cuc!$A$4:$AA$2090,F$3,FALSE) -> 0 | G69: =VLOOKUP($A69,cuc!$A$4:$AA$2090,G$3,FALSE) -> 0 | H69: =VLOOKUP($A69,cuc!$A$4:$AA$2090,H$3,FALSE) -> 0
A70: 146200 | B70: =PROPER(VLOOKUP($A70,cuc!$A$4:$AA$2090,B$3,FALSE)) -> Créditos Comerciales - Otras Garantías | C70: =VLOOKUP($A70,cuc!$A$4:$AA$2090,C$3,FALSE) -> 0 | D70: =VLOOKUP($A70,cuc!$A$4:$AA$2090,D$3,FALSE) -> 0 | E70: =VLOOKUP($A70,cuc!$A$4:$AA$2090,E$3,FALSE) -> 0 | F70: =VLOOKUP($A70,cuc!$A$4:$AA$2090,F$3,FALSE) -> 0 | G70: =VLOOKUP($A70,cuc!$A$4:$AA$2090,G$3,FALSE) -> 0 | H70: =VLOOKUP($A70,cuc!$A$4:$AA$2090,H$3,FALSE) -> 0
A71: 146900 | B71: =PROPER(VLOOKUP($A71,cuc!$A$4:$AA$2090,B$3,FALSE)) -> CréDitos A Empleados | C71: =VLOOKUP($A71,cuc!$A$4:$AA$2090,C$3,FALSE) -> 0 | D71: =VLOOKUP($A71,cuc!$A$4:$AA$2090,D$3,FALSE) -> 0 | E71: =VLOOKUP($A71,cuc!$A$4:$AA$2090,E$3,FALSE) -> 0 | F71: =VLOOKUP($A71,cuc!$A$4:$AA$2090,F$3,FALSE) -> 0 | G71: =VLOOKUP($A71,cuc!$A$4:$AA$2090,G$3,FALSE) -> 0 | H71: =VLOOKUP($A71,cuc!$A$4:$AA$2090,H$3,FALSE) -> 0
A72: Bruta | B72: Total | C72: =SUM(C60:C71) -> 14052328264 | D72: =SUM(D60:D71) -> 1.6204506e+10 | E72: =SUM(E60:E71) -> 19379753290 | F72: =SUM(F60:F71) -> 21588032293 | G72: =SUM(G60:G71) -> 2.4293749e+10 | H72: =SUM(H60:H71) -> 2.5374254e+10
B74: Descripcion | C74: =+'ALN vs Depositos'!C$19 -> Año 17 | D74: =+'ALN vs Depositos'!D$19 -> Año 18 | E74: =+'ALN vs Depositos'!E$19 -> Año 19 | F74: =+'ALN vs Depositos'!F$19 -> Año 20 | G74: =+'ALN vs Depositos'!G$19 -> Año 21 | H74: =+'ALN vs Depositos'!H$19 -> Año 22
B75: Cartera MORA / Cartera BRUTA | C75: =IFERROR(+C57/C72,0%) -> 0.0021524215 | D75: =IFERROR(+D57/D72,0%) -> 0.0058998494 | E75: =IFERROR(+E57/E72,0%) -> 0.010988093 | F75: =IFERROR(+F57/F72,0%) -> 0.012491724 | G75: =IFERROR(+G57/G72,0%) -> 0.014196634 | H75: =IFERROR(+H57/H72,0%) -> 0.021688308

Sheet 1. SARC - Calidad (con castigo)
A1: Indicador | B1: Descripción Formula | C1: TIPO | D1: NOMBRE INDICADOR | E1: Descripcion Indicador
A2: RIESGO | B2: =+Indicadores!E33 -> (Cartera Total Calificada en Categorías B, C, D y E + Castigos) / (Total Cartera + Castigos) | C2: =+Indicadores!B33 -> Activo | D2: =+Indicadores!C33 -> Indicador de calidad por riesgo con castigos | E2: =+Indicadores!D33 -> Calidad x Riesgo (B,C,D,E) + Castigos
B3: 2 | C3: 3 | D3: 4 | E3: 5 | F3: 6 | G3: 7 | H3: 8
A4: Cuenta | B4: Descripcion | C4: =+'Indicadores SIAR EVOLUCION'!E2 -> 43070 | D4: =+'Indicadores SIAR EVOLUCION'!F2 -> 43435 | E4: =+'Indicadores SIAR EVOLUCION'!G2 -> 43800 | F4: =+'Indicadores SIAR EVOLUCION'!H2 -> 44166 | G4: =+'Indicadores SIAR EVOLUCION'!I2 -> 44561 | H4: =+'Indicadores SIAR EVOLUCION'!J2 -> 44651 | BD4: 140400 | BE4: 140500 | BF4: 141100 | BG4: 141200 | BH4: 144100 | BI4: 144200 | BJ4: 144800 | BK4: 145400 | BL4: 145500 | BM4: 146100 | BN4: 146200 | BO4: 146900
A5: 140410 | B5: =PROPER(VLOOKUP($A5,cuc!$A$4:$AA$2090,B$3,FALSE)) -> Categoría B Riesgo Aceptable | C5: =VLOOKUP($A5,cuc!$A$4:$AA$2090,C$3,FALSE) -> 0 | D5: =VLOOKUP($A5,cuc!$A$4:$AA$2090,D$3,FALSE) -> 0 | E5: =VLOOKUP($A5,cuc!$A$4:$AA$2090,E$3,FALSE) -> 0 | F5: =VLOOKUP($A5,cuc!$A$4:$AA$2090,F$3,FALSE) -> 0 | G5: =VLOOKUP($A5,cuc!$A$4:$AA$2090,G$3,FALSE) -> 0 | H5: =VLOOKUP($A5,cuc!$A$4:$AA$2090,H$3,FALSE) -> 0
A6: 140415 | B6: =PROPER(VLOOKUP($A6,cuc!$A$4:$AA$2090,B$3,FALSE)) -> Categoría C Riesgo Apreciable | C6: =VLOOKUP($A6,cuc!$A$4:$AA$2090,C$3,FALSE) -> 0 | D6: =VLOOKUP($A6,cuc!$A$4:$AA$2090,D$3,FALSE) -> 0 | E6: =VLOOKUP($A6,cuc!$A$4:$AA$2090,E$3,FALSE) -> 0 | F6: =VLOOKUP($A6,cuc!$A$4:$AA$2090,F$3,FALSE) -> 0 | G6: =VLOOKUP($A6,cuc!$A$4:$AA$2090,G$3,FALSE) -> 0 | H6: =VLOOKUP($A6,cuc!$A$4:$AA$2090,H$3,FALSE) -> 0
A7: 140420 | B7: =PROPER(VLOOKUP($A7,cuc!$A$4:$AA$2090,B$3,FALSE)) -> Categoría D Riesgo Significativo | C7: =VLOOKUP($A7,cuc!$A$4:$AA$2090,C$3,FALSE) -> 0 | D7: =VLOOKUP($A7,cuc!$A$4:$AA$2090,D$3,FALSE) -> 0 | E7: =VLOOKUP($A7,cuc!$A$4:$AA$2090,E$3,FALSE) -> 0 | F7: =VLOOKUP($A7,cuc!$A$4:$AA$2090,F$3,FALSE) -> 0 | G7: =VLOOKUP($A7,cuc!$A$4:$AA$2090,G$3,FALSE) -> 0 | H7: =VLOOKUP($A7,cuc!$A$4:$AA$2090,H$3,FALSE) -> 0
A8: 140425 | B8: =PROPER(VLOOKUP($A8,cuc!$A$4:$AA$2090,B$3,FALSE)) -> Categoría E Riesgo De Incobrabilidad | C8: =VLOOKUP($A8,cuc!$A$4:$AA$2090,C$3,FALSE) -> 0 | D8: =VLOOKUP($A8,cuc!$A$4:$AA$2090,D$3,FALSE) -> 0 | E8: =VLOOKUP($A8,cuc!$A$4:$AA$2090,E$3,FALSE) -> 0 | F8: =VLOOKUP($A8,cuc!$A$4:$AA$2090,F$3,FALSE) -> 0 | G8: =VLOOKUP($A8,cuc!$A$4:$AA$2090,G$3,FALSE) -> 0 | H8: =VLOOKUP($A8,cuc!$A$4:$AA$2090,H$3,FALSE) -> 0
A9: 140510 | B9: =PROPER(VLOOKUP($A9,cuc!$A$4:$AA$2090,B$3,FALSE)) -> Categoría B Riesgo Aceptable | C9: =VLOOKUP($A9,cuc!$A$4:$AA$2090,C$3,FALSE) -> 0 | D9: =VLOOKUP($A9,cuc!$A$4:$AA$2090,D$3,FALSE) -> 0 | E9: =VLOOKUP($A9,cuc!$A$4:$AA$2090,E$3,FALSE) -> 0 | F9: =VLOOKUP($A9,cuc!$A$4:$AA$2090,F$3,FALSE) -> 0 | G9: =VLOOKUP($A9,cuc!$A$4:$AA$2090,G$3,FALSE) -> 0 | H9: =VLOOKUP($A9,cuc!$A$4:$AA$2090,H$3,FALSE) -> 0
A10: 140515 | B10: =PROPER(VLOOKUP($A10,cuc!$A$4:$AA$2090,B$3,FALSE)) -> Categoría C Riesgo Apreciable | C10: =VLOOKUP($A10,cuc!$A$4:$AA$2090,C$3,FALSE) -> 0 | D10: =VLOOKUP($A10,cuc!$A$4:$AA$2090,D$3,FALSE) -> 0 | E10: =VLOOKUP($A10,cuc!$A$4:$AA$2090,E$3,FALSE) -> 0 | F10: =VLOOKUP($A10,cuc!$A$4:$AA$2090,F$3,FALSE) -> 0 | G10: =VLOOKUP($A10,cuc!$A$4:$AA$2090,G$3,FALSE) -> 0 | H10: =VLOOKUP($A10,cuc!$A$4:$AA$2090,H$3,FALSE) -> 0
A11: 140520 | B11: =PROPER(VLOOKUP($A11,cuc!$A$4:$AA$2090,B$3,FALSE)) -> Categoría D Riesgo Significativo | C11: =VLOOKUP($A11,cuc!$A$4:$AA$2090,C$3,FALSE) -> 0 | D11: =VLOOKUP($A11,cuc!$A$4:$AA$2090,D$3,FALSE) -> 0 | E11: =VLOOKUP($A11,cuc!$A$4:$AA$2090,E$3,FALSE) -> 0 | F11: =VLOOKUP($A11,cuc!$A$4:$AA$2090,F$3,FALSE) -> 0 | G11: =VLOOKUP($A11,cuc!$A$4:$AA$2090,G$3,FALSE) -> 0 | H11: =VLOOKUP($A11,cuc!$A$4:$AA$2090,H$3,FALSE) -> 0
A12: 140525 | B12: =PROPER(VLOOKUP($A12,cuc!$A$4:$AA$2090,B$3,FALSE)) -> Categoría E Riesgo De Incobrabilidad | C12: =VLOOKUP($A12,cuc!$A$4:$AA$2090,C$3,FALSE) -> 0 | D12: =VLOOKUP($A12,cuc!$A$4:$AA$2090,D$3,FALSE) -> 0 | E12: =VLOOKUP($A12,cuc!$A$4:$AA$2090,E$3,FALSE) -> 0 | F12: =VLOOKUP($A12,cuc!$A$4:$AA$2090,F$3,FALSE) -> 0 | G12: =VLOOKUP($A12,cuc!$A$4:$AA$2090,G$3,FALSE) -> 0 | H12: =VLOOKUP($A12,cuc!$A$4:$AA$2090,H$3,FALSE) -> 0
A13: 141110 | B13: =PROPER(VLOOKUP($A13,cuc!$A$4:$AA$2090,B$3,FALSE)) -> Categoría B Riesgo Aceptable | C13: =VLOOKUP($A13,cuc!$A$4:$AA$2090,C$3,FALSE) -> 0 | D13: =VLOOKUP($A13,cuc!$A$4:$AA$2090,D$3,FALSE) -> 0 | E13: =VLOOKUP($A13,cuc!$A$4:$AA$2090,E$3,FALSE) -> 0 | F13: =VLOOKUP($A13,cuc!$A$4:$AA$2090,F$3,FALSE) -> 0 | G13: =VLOOKUP($A13,cuc!$A$4:$AA$2090,G$3,FALSE) -> 0 | H13: =VLOOKUP($A13,cuc!$A$4:$AA$2090,H$3,FALSE) -> 0
A14: 141115 | B14: =PROPER(VLOOKUP($A14,cuc!$A$4:$AA$2090,B$3,FALSE)) -> Categoría C Riesgo Apreciable | C14: =VLOOKUP($A14,cuc!$A$4:$AA$2090,C$3,FALSE) -> 0 | D14: =VLOOKUP($A14,cuc!$A$4:$AA$2090,D$3,FALSE) -> 0 | E14: =VLOOKUP($A14,cuc!$A$4:$AA$2090,E$3,FALSE) -> 0 | F14: =VLOOKUP($A14,cuc!$A$4:$AA$2090,F$3,FALSE) -> 0 | G14: =VLOOKUP($A14,cuc!$A$4:$AA$2090,G$3,FALSE) -> 0 | H14: =VLOOKUP($A14,cuc!$A$4:$AA$2090,H$3,FALSE) -> 0
A15: 141120 | B15: =PROPER(VLOOKUP($A15,cuc!$A$4:$AA$2090,B$3,FALSE)) -> Categoría D Riesgo Significativo | C15: =VLOOKUP($A15,cuc!$A$4:$AA$2090,C$3,FALSE) -> 0 | D15: =VLOOKUP($A15,cuc!$A$4:$AA$2090,D$3,FALSE) -> 0 | E15: =VLOOKUP($A15,cuc!$A$4:$AA$2090,E$3,FALSE) -> 0 | F15: =VLOOKUP($A15,cuc!$A$4:$AA$2090,F$3,FALSE) -> 0 | G15: =VLOOKUP($A15,cuc!$A$4:$AA$2090,G$3,FALSE) -> 0 | H15: =VLOOKUP($A15,cuc!$A$4:$AA$2090,H$3,FALSE) -> 0
A16: 141125 | B16: =PROPER(VLOOKUP($A16,cuc!$A$4:$AA$2090,B$3,FALSE)) -> Categoría E Riesgo De Incobrabilidad | C16: =VLOOKUP($A16,cuc!$A$4:$AA$2090,C$3,FALSE) -> 0 | D16: =VLOOKUP($A16,cuc!$A$4:$AA$2090,D$3,FALSE) -> 0 | E16: =VLOOKUP($A16,cuc!$A$4:$AA$2090,E$3,FALSE) -> 0 | F16: =VLOOKUP($A16,cuc!$A$4:$AA$2090,F$3,FALSE) -> 0 | G16: =VLOOKUP($A16,cuc!$A$4:$AA$2090,G$3,FALSE) -> 0 | H16: =VLOOKUP($A16,cuc!$A$4:$AA$2090,H$3,FALSE) -> 0
... A57: 831015 | B57: =PROPER(VLOOKUP($A57,cuc!$A$4:$AA$2090,B$3,FALSE)) -> Cartera De Crédito | C57: =VLOOKUP($A57,cuc!$A$4:$AA$2090,C$3,FALSE) -> 0 | D57: =VLOOKUP($A57,cuc!$A$4:$AA$2090,D$3,FALSE) -> 0 | E57: =VLOOKUP($A57,cuc!$A$4:$AA$2090,E$3,FALSE) -> 0 | F57: =VLOOKUP($A57,cuc!$A$4:$AA$2090,F$3,FALSE) -> 0 | G57: =VLOOKUP($A57,cuc!$A$4:$AA$2090,G$3,FALSE) -> 9544514 | H57: =VLOOKUP($A57,cuc!$A$4:$AA$2090,H$3,FALSE) -> 9544514
A58: Mora | C58: =+SUM(C5:C57) -> 30246533 | D58: =+SUM(D5:D57) -> 95604144 | E58: =+SUM(E5:E57) -> 212946535 | F58: =+SUM(F5:F57) -> 269671731 | G58: =+SUM(G5:G57) -> 354433980 | H58: =+SUM(H5:H57) -> 559869146
A60: Cuenta | B60: Descripción | C60: 42735 | D60: 43100 | E60: 43465 | F60: 43830 | G60: 44196 | H60: =+H4 -> 44651 | BD60: 140400 | BE60: 140500 | BF60: 141100 | BG60: 141200 | BH60: 144100 | BI60: 144200 | BJ60: 144800 | BK60: 145400 | BL60: 145500 | BM60: 146100 | BN60: 146200 | BO60: 146900
A61: 140400 | B61: =PROPER(VLOOKUP($A61,cuc!$A$4:$AA$2090,B$3,FALSE)) -> Créditos De Vivienda - Con Libranza | C61: =VLOOKUP($A61,cuc!$A$4:$AA$2090,C$3,FALSE) -> 0 | D61: =VLOOKUP($A61,cuc!$A$4:$AA$2090,D$3,FALSE) -> 0 | E61: =VLOOKUP($A61,cuc!$A$4:$AA$2090,E$3,FALSE) -> 0 | F61: =VLOOKUP($A61,cuc!$A$4:$AA$2090,F$3,FALSE) -> 0 | G61: =VLOOKUP($A61,cuc!$A$4:$AA$2090,G$3,FALSE) -> 0 | H61: =VLOOKUP($A61,cuc!$A$4:$AA$2090,H$3,FALSE) -> 0
A62: 140500 | B62: =PROPER(VLOOKUP($A62,cuc!$A$4:$AA$2090,B$3,FALSE)) -> Créditos De Vivienda - Sin Libranza | C62: =VLOOKUP($A62,cuc!$A$4:$AA$2090,C$3,FALSE) -> 0 | D62: =VLOOKUP($A62,cuc!$A$4:$AA$2090,D$3,FALSE) -> 0 | E62: =VLOOKUP($A62,cuc!$A$4:$AA$2090,E$3,FALSE) -> 0 | F62: =VLOOKUP($A62,cuc!$A$4:$AA$2090,F$3,FALSE) -> 0 | G62: =VLOOKUP($A62,cuc!$A$4:$AA$2090,G$3,FALSE) -> 0 | H62: =VLOOKUP($A62,cuc!$A$4:$AA$2090,H$3,FALSE) -> 0
A63: 141100 | B63: =PROPER(VLOOKUP($A63,cuc!$A$4:$AA$2090,B$3,FALSE)) -> Créditos De Consumo, Garantía Admisible - Con Libranza | C63: =VLOOKUP($A63,cuc!$A$4:$AA$2090,C$3,FALSE) -> 3518501134 | D63: =VLOOKUP($A63,cuc!$A$4:$AA$2090,D$3,FALSE) -> 4826506976 | E63: =VLOOKUP($A63,cuc!$A$4:$AA$2090,E$3,FALSE) -> 5853374514 | F63: =VLOOKUP($A63,cuc!$A$4:$AA$2090,F$3,FALSE) -> 6508331137 | G63: =VLOOKUP($A63,cuc!$A$4:$AA$2090,G$3,FALSE) -> 6860544148 | H63: =VLOOKUP($A63,cuc!$A$4:$AA$2090,H$3,FALSE) -> 7298307740
A64: 141200 | B64: =PROPER(VLOOKUP($A64,cuc!$A$4:$AA$2090,B$3,FALSE)) -> Créditos De Consumo, Garantía Admisible - Sin Libranza | C64: =VLOOKUP($A64,cuc!$A$4:$AA$2090,C$3,FALSE) -> 1408838496 | D64: =VLOOKUP($A64,cuc!$A$4:$AA$2090,D$3,FALSE) -> 1666978801 | E64: =VLOOKUP($A64,cuc!$A$4:$AA$2090,E$3,FALSE) -> 1585611712 | F64: =VLOOKUP($A64,cuc!$A$4:$AA$2090,F$3,FALSE) -> 1938844296 | G64: =VLOOKUP($A64,cuc!$A$4:$AA$2090,G$3,FALSE) -> 1617873248 | H64: =VLOOKUP($A64,cuc!$A$4:$AA$2090,H$3,FALSE) -> 1563257873
A65: 144100 | B65: =PROPER(VLOOKUP($A65,cuc!$A$4:$AA$2090,B$3,FALSE)) -> Créditos De Consumo, Otras Garantías - Con Libranza | C65: =VLOOKUP($A65,cuc!$A$4:$AA$2090,C$3,FALSE) -> 6419086829 | D65: =VLOOKUP($A65,cuc!$A$4:$AA$2090,D$3,FALSE) -> 6574595288 | E65: =VLOOKUP($A65,cuc!$A$4:$AA$2090,E$3,FALSE) -> 7280780874 | F65: =VLOOKUP($A65,cuc!$A$4:$AA$2090,F$3,FALSE) -> 8294925923 | G65: =VLOOKUP($A65,cuc!$A$4:$AA$2090,G$3,FALSE) -> 10425048411 | H65: =VLOOKUP($A65,cuc!$A$4:$AA$2090,H$3,FALSE) -> 10539919601
A66: 144200 | B66: =PROPER(VLOOKUP($A66,cuc!$A$4:$AA$2090,B$3,FALSE)) -> Créditos De Consumo, Otras Garantías - Sin Libranza | C66: =VLOOKUP($A66,cuc!$A$4:$AA$2090,C$3,FALSE) -> 2705901805 | D66: =VLOOKUP($A66,cuc!$A$4:$AA$2090,D$3,FALSE) -> 3.1364248e+09 | E66: =VLOOKUP($A66,cuc!$A$4:$AA$2090,E$3,FALSE) -> 4659986190 | F66: =VLOOKUP($A66,cuc!$A$4:$AA$2090,F$3,FALSE) -> 4845930937 | G66: =VLOOKUP($A66,cuc!$A$4:$AA$2090,G$3,FALSE) -> 5.3902831e+09 | H66: =VLOOKUP($A66,cuc!$A$4:$AA$2090,H$3,FALSE) -> 5.9727691e+09
A67: 144800 | B67: =PROPER(VLOOKUP($A67,cuc!$A$4:$AA$2090,B$3,FALSE)) -> Microcrédito Inmobiliario | C67: =VLOOKUP($A67,cuc!$A$4:$AA$2090,C$3,FALSE) -> 0 | D67: =VLOOKUP($A67,cuc!$A$4:$AA$2090,D$3,FALSE) -> 0 | E67: =VLOOKUP($A67,cuc!$A$4:$AA$2090,E$3,FALSE) -> 0 | F67: =VLOOKUP($A67,cuc!$A$4:$AA$2090,F$3,FALSE) -> 0 | G67: =VLOOKUP($A67,cuc!$A$4:$AA$2090,G$3,FALSE) -> 0 | H67: =VLOOKUP($A67,cuc!$A$4:$AA$2090,H$3,FALSE) -> 0
A68: 145400 | B68: =PROPER(VLOOKUP($A68,cuc!$A$4:$AA$2090,B$3,FALSE)) -> Microcrédito Empresarial - Garantía Admisible | C68: =VLOOKUP($A68,cuc!$A$4:$AA$2090,C$3,FALSE) -> 0 | D68: =VLOOKUP($A68,cuc!$A$4:$AA$2090,D$3,FALSE) -> 0 | E68: =VLOOKUP($A68,cuc!$A$4:$AA$2090,E$3,FALSE) -> 0 | F68: =VLOOKUP($A68,cuc!$A$4:$AA$2090,F$3,FALSE) -> 0 | G68: =VLOOKUP($A68,cuc!$A$4:$AA$2090,G$3,FALSE) -> 0 | H68: =VLOOKUP($A68,cuc!$A$4:$AA$2090,H$3,FALSE) -> 0
A69: 145500 | B69: =PROPER(VLOOKUP($A69,cuc!$A$4:$AA$2090,B$3,FALSE)) -> Microcrédito Empresarial - Otras Garantías | C69: =VLOOKUP($A69,cuc!$A$4:$AA$2090,C$3,FALSE) -> 0 | D69: =VLOOKUP($A69,cuc!$A$4:$AA$2090,D$3,FALSE) -> 0 | E69: =VLOOKUP($A69,cuc!$A$4:$AA$2090,E$3,FALSE) -> 0 | F69: =VLOOKUP($A69,cuc!$A$4:$AA$2090,F$3,FALSE) -> 0 | G69: =VLOOKUP($A69,cuc!$A$4:$AA$2090,G$3,FALSE) -> 0 | H69: =VLOOKUP($A69,cuc!$A$4:$AA$2090,H$3,FALSE) -> 0
A70: 146100 | B70: =PROPER(VLOOKUP($A70,cuc!$A$4:$AA$2090,B$3,FALSE)) -> Créditos Comerciales - Garantía Admisible | C70: =VLOOKUP($A70,cuc!$A$4:$AA$2090,C$3,FALSE) -> 0 | D70: =VLOOKUP($A70,cuc!$A$4:$AA$2090,D$3,FALSE) -> 0 | E70: =VLOOKUP($A70,cuc!$A$4:$AA$2090,E$3,FALSE) -> 0 | F70: =VLOOKUP($A70,cuc!$A$4:$AA$2090,F$3,FALSE) -> 0 | G70: =VLOOKUP($A70,cuc!$A$4:$AA$2090,G$3,FALSE) -> 0 | H70: =VLOOKUP($A70,cuc!$A$4:$AA$2090,H$3,FALSE) -> 0
A71: 146200 | B71: =PROPER(VLOOKUP($A71,cuc!$A$4:$AA$2090,B$3,FALSE)) -> Créditos Comerciales - Otras Garantías | C71: =VLOOKUP($A71,cuc!$A$4:$AA$2090,C$3,FALSE) -> 0 | D71: =VLOOKUP($A71,cuc!$A$4:$AA$2090,D$3,FALSE) -> 0 | E71: =VLOOKUP($A71,cuc!$A$4:$AA$2090,E$3,FALSE) -> 0 | F71: =VLOOKUP($A71,cuc!$A$4:$AA$2090,F$3,FALSE) -> 0 | G71: =VLOOKUP($A71,cuc!$A$4:$AA$2090,G$3,FALSE) -> 0 | H71: =VLOOKUP($A71,cuc!$A$4:$AA$2090,H$3,FALSE) -> 0
A72: 146900 | B72: =PROPER(VLOOKUP($A72,cuc!$A$4:$AA$2090,B$3,FALSE)) -> CréDitos A Empleados | C72: =VLOOKUP($A72,cuc!$A$4:$AA$2090,C$3,FALSE) -> 0 | D72: =VLOOKUP($A72,cuc!$A$4:$AA$2090,D$3,FALSE) -> 0 | E72: =VLOOKUP($A72,cuc!$A$4:$AA$2090,E$3,FALSE) -> 0 | F72: =VLOOKUP($A72,cuc!$A$4:$AA$2090,F$3,FALSE) -> 0 | G72: =VLOOKUP($A72,cuc!$A$4:$AA$2090,G$3,FALSE) -> 0 | H72: =VLOOKUP($A72,cuc!$A$4:$AA$2090,H$3,FALSE) -> 0
A73: 831015 | B73: =PROPER(VLOOKUP($A73,cuc!$A$4:$AA$2090,B$3,FALSE)) -> Cartera De Crédito | C73: =VLOOKUP($A73,cuc!$A$4:$AA$2090,C$3,FALSE) -> 0 | D73: =VLOOKUP($A73,cuc!$A$4:$AA$2090,D$3,FALSE) -> 0 | E73: =VLOOKUP($A73,cuc!$A$4:$AA$2090,E$3,FALSE) -> 0 | F73: =VLOOKUP($A73,cuc!$A$4:$AA$2090,F$3,FALSE) -> 0 | G73: =VLOOKUP($A73,cuc!$A$4:$AA$2090,G$3,FALSE) -> 9544514 | H73: =VLOOKUP($A73,cuc!$A$4:$AA$2090,H$3,FALSE) -> 9544514
A74: Bruta | B74: Total | C74: =SUM(C61:C73) -> 14052328264 | D74: =SUM(D61:D73) -> 1.6204506e+10 | E74: =SUM(E61:E73) -> 19379753290 | F74: =SUM(F61:F73) -> 21588032293 | G74: =SUM(G61:G73) -> 2.4303293e+10 | H74: =SUM(H61:H73) -> 2.5383799e+10
B76: Descripcion | C76: =+'ALN vs Depositos'!C$19 -> Año 17 | D76: =+'ALN vs Depositos'!D$19 -> Año 18 | E76: =+'ALN vs Depositos'!E$19 -> Año 19 | F76: =+'ALN vs Depositos'!F$19 -> Año 20 | G76: =+'ALN vs Depositos'!G$19 -> Año 21 | H76: =+'ALN vs Depositos'!H$19 -> Año 22
B77: Cartera MORA / Cartera BRUTA | C77: =IFERROR(+C58/C74,0%) -> 0.0021524215 | D77: =IFERROR(+D58/D74,0%) -> 0.0058998494 | E77: =IFERROR(+E58/E74,0%) -> 0.010988093 | F77: =IFERROR(+F58/F74,0%) -> 0.012491724 | G77: =IFERROR(+G58/G74,0%) -> 0.014583784 | H77: =IFERROR(+H58/H74,0%) -> 0.022056161

Sheet 2. SARC - Calidad Cons sin LBZ
A1: Indicador | B1: Descripción Formula | C1: TIPO | D1: NOMBRE INDICADOR | E1: Descripcion Indicador
A2: RIESGO | B2: =+Indicadores!E3 -> Cartera Calificada en Categorías B, C, D y E "Consumo SL" / Cartera Bruta "Consumo SL" | C2: =+Indicadores!B3 -> Riesgo Credito | D2: =+Indicadores!C3 -> Indicador de cartera por Riesgo en Consumo sin Libranza | E2: =+Indicadores!D3 -> Calidad x Riesgo (B,C,D,E)
B3: 2 | C3: 3 | D3: 4 | E3: 5 | F3: 6 | G3: 7 | H3: 8
A4: Cuenta | B4: Descripcion | C4: =+'Indicadores SIAR EVOLUCION'!E2 -> 43070 | D4: =+'Indicadores SIAR EVOLUCION'!F2 -> 43435 | E4: =+'Indicadores SIAR EVOLUCION'!G2 -> 43800 | F4: =+'Indicadores SIAR EVOLUCION'!H2 -> 44166 | G4: =+'Indicadores SIAR EVOLUCION'!I2 -> 44561 | H4: =+'Indicadores SIAR EVOLUCION'!J2 -> 44651 | BC4: 140400 | BD4: 140500 | BE4: 141100 | BF4: 141200 | BG4: 144100 | BH4: 144200 | BI4: 144800 | BJ4: 145400 | BK4: 145500 | BL4: 146100 | BM4: 146200 | BN4: 146900
A5: 141210 | B5: =PROPER(VLOOKUP($A5,cuc!$A$4:$AA$2090,B$3,FALSE)) -> Categoría B Riesgo Aceptable | C5: =VLOOKUP($A5,cuc!$A$4:$AA$2090,C$3,FALSE) -> 0 | D5: =VLOOKUP($A5,cuc!$A$4:$AA$2090,D$3,FALSE) -> 0 | E5: =VLOOKUP($A5,cuc!$A$4:$AA$2090,E$3,FALSE) -> 0 | F5: =VLOOKUP($A5,cuc!$A$4:$AA$2090,F$3,FALSE) -> 0 | G5: =VLOOKUP($A5,cuc!$A$4:$AA$2090,G$3,FALSE) -> 0 | H5: =VLOOKUP($A5,cuc!$A$4:$AA$2090,H$3,FALSE) -> 0
A6: 141215 | B6: =PROPER(VLOOKUP($A6,cuc!$A$4:$AA$2090,B$3,FALSE)) -> Categoría C Riesgo Apreciable | C6: =VLOOKUP($A6,cuc!$A$4:$AA$2090,C$3,FALSE) -> 0 | D6: =VLOOKUP($A6,cuc!$A$4:$AA$2090,D$3,FALSE) -> 0 | E6: =VLOOKUP($A6,cuc!$A$4:$AA$2090,E$3,FALSE) -> 0 | F6: =VLOOKUP($A6,cuc!$A$4:$AA$2090,F$3,FALSE) -> 0 | G6: =VLOOKUP($A6,cuc!$A$4:$AA$2090,G$3,FALSE) -> 0 | H6: =VLOOKUP($A6,cuc!$A$4:$AA$2090,H$3,FALSE) -> 86976023
A7: 141220 | B7: =PROPER(VLOOKUP($A7,cuc!$A$4:$AA$2090,B$3,FALSE)) -> Categoría D Riesgo Significativo | C7: =VLOOKUP($A7,cuc!$A$4:$AA$2090,C$3,FALSE) -> 0 | D7: =VLOOKUP($A7,cuc!$A$4:$AA$2090,D$3,FALSE) -> 0 | E7: =VLOOKUP($A7,cuc!$A$4:$AA$2090,E$3,FALSE) -> 0 | F7: =VLOOKUP($A7,cuc!$A$4:$AA$2090,F$3,FALSE) -> 0 | G7: =VLOOKUP($A7,cuc!$A$4:$AA$2090,G$3,FALSE) -> 0 | H7: =VLOOKUP($A7,cuc!$A$4:$AA$2090,H$3,FALSE) -> 0
A8: 141225 | B8: =PROPER(VLOOKUP($A8,cuc!$A$4:$AA$2090,B$3,FALSE)) -> Categoría E Riesgo De Incobrabilidad | C8: =VLOOKUP($A8,cuc!$A$4:$AA$2090,C$3,FALSE) -> 0 | D8: =VLOOKUP($A8,cuc!$A$4:$AA$2090,D$3,FALSE) -> 0 | E8: =VLOOKUP($A8,cuc!$A$4:$AA$2090,E$3,FALSE) -> 0 | F8: =VLOOKUP($A8,cuc!$A$4:$AA$2090,F$3,FALSE) -> 0 | G8: =VLOOKUP($A8,cuc!$A$4:$AA$2090,G$3,FALSE) -> 0 | H8: =VLOOKUP($A8,cuc!$A$4:$AA$2090,H$3,FALSE) -> 0
A9: 144210 | B9: =PROPER(VLOOKUP($A9,cuc!$A$4:$AA$2090,B$3,FALSE)) -> Categoría B Riesgo Aceptable | C9: =VLOOKUP($A9,cuc!$A$4:$AA$2090,C$3,FALSE) -> 3265901 | D9: =VLOOKUP($A9,cuc!$A$4:$AA$2090,D$3,FALSE) -> 7974761 | E9: =VLOOKUP($A9,cuc!$A$4:$AA$2090,E$3,FALSE) -> 41109073 | F9: =VLOOKUP($A9,cuc!$A$4:$AA$2090,F$3,FALSE) -> 8729586 | G9: =VLOOKUP($A9,cuc!$A$4:$AA$2090,G$3,FALSE) -> 51606688 | H9: =VLOOKUP($A9,cuc!$A$4:$AA$2090,H$3,FALSE) -> 80043834
A10: 144215 | B10: =PROPER(VLOOKUP($A10,cuc!$A$4:$AA$2090,B$3,FALSE)) -> Categoría C Riesgo Apreciable | C10: =VLOOKUP($A10,cuc!$A$4:$AA$2090,C$3,FALSE) -> 0 | D10: =VLOOKUP($A10,cuc!$A$4:$AA$2090,D$3,FALSE) -> 0 | E10: =VLOOKUP($A10,cuc!$A$4:$AA$2090,E$3,FALSE) -> 7018613 | F10: =VLOOKUP($A10,cuc!$A$4:$AA$2090,F$3,FALSE) -> 9943247 | G10: =VLOOKUP($A10,cuc!$A$4:$AA$2090,G$3,FALSE) -> 31811432 | H10: =VLOOKUP($A10,cuc!$A$4:$AA$2090,H$3,FALSE) -> 60665875
A11: 144220 | B11: =PROPER(VLOOKUP($A11,cuc!$A$4:$AA$2090,B$3,FALSE)) -> Categoría D Riesgo Significativo | C11: =VLOOKUP($A11,cuc!$A$4:$AA$2090,C$3,FALSE) -> 25944308 | D11: =VLOOKUP($A11,cuc!$A$4:$AA$2090,D$3,FALSE) -> 56808510 | E11: =VLOOKUP($A11,cuc!$A$4:$AA$2090,E$3,FALSE) -> 23675808 | F11: =VLOOKUP($A11,cuc!$A$4:$AA$2090,F$3,FALSE) -> 19454065 | G11: =VLOOKUP($A11,cuc!$A$4:$AA$2090,G$3,FALSE) -> 13914904 | H11: =VLOOKUP($A11,cuc!$A$4:$AA$2090,H$3,FALSE) -> 37703223
A12: 144225 | B12: =PROPER(VLOOKUP($A12,cuc!$A$4:$AA$2090,B$3,FALSE)) -> Categoría E Riesgo De Incobrabilidad | C12: =VLOOKUP($A12,cuc!$A$4:$AA$2090,C$3,FALSE) -> 0 | D12: =VLOOKUP($A12,cuc!$A$4:$AA$2090,D$3,FALSE) -> 30820873 | E12: =VLOOKUP($A12,cuc!$A$4:$AA$2090,E$3,FALSE) -> 76766016 | F12: =VLOOKUP($A12,cuc!$A$4:$AA$2090,F$3,FALSE) -> 152603707 | G12: =VLOOKUP($A12,cuc!$A$4:$AA$2090,G$3,FALSE) -> 144177500 | H12: =VLOOKUP($A12,cuc!$A$4:$AA$2090,H$3,FALSE) -> 157880153
B13: Total MORA CONSUMO sin LBZ | C13: =+SUM(C5:C12) -> 29210209 | D13: =+SUM(D5:D12) -> 95604144 | E13: =+SUM(E5:E12) -> 148569510 | F13: =+SUM(F5:F12) -> 190730605 | G13: =+SUM(G5:G12) -> 241510524 | H13: =+SUM(H5:H12) -> 423269108
A15: Cuenta | B15: Descripción | C15: =+C$4 -> 43070 | D15: =+D$4 -> 43435 | E15: =+E$4 -> 43800 | F15: =+F$4 -> 44166 | G15: =+G$4 -> 44561 | H15: =+H$4 -> 44651 | BC15: 140400 | BD15: 140500 | BE15: 141100 | BF15: 141200 | BG15: 144100 | BH15: 144200 | BI15: 144800 | BJ15: 145400 | BK15: 145500 | BL15: 146100 | BM15: 146200 | BN15: 146900
A16: 141200 | B16: =PROPER(VLOOKUP($A16,cuc!$A$4:$AA$2090,B$3,FALSE)) -> Créditos De Consumo, Garantía Admisible - Sin Libranza | C16: =VLOOKUP($A16,cuc!$A$4:$AA$2090,C$3,FALSE) -> 1408838496 | D16: =VLOOKUP($A16,cuc!$A$4:$AA$2090,D$3,FALSE) -> 1666978801 | E16: =VLOOKUP($A16,cuc!$A$4:$AA$2090,E$3,FALSE) -> 1585611712 | F16: =VLOOKUP($A16,cuc!$A$4:$AA$2090,F$3,FALSE) -> 1938844296 | G16: =VLOOKUP($A16,cuc!$A$4:$AA$2090,G$3,FALSE) -> 1617873248 | H16: =VLOOKUP($A16,cuc!$A$4:$AA$2090,H$3,FALSE) -> 1563257873
A17: 144200 | B17: =PROPER(VLOOKUP($A17,cuc!$A$4:$AA$2090,B$3,FALSE)) -> Créditos De Consumo, Otras Garantías - Sin Libranza | C17: =VLOOKUP($A17,cuc!$A$4:$AA$2090,C$3,FALSE) -> 2705901805 | D17: =VLOOKUP($A17,cuc!$A$4:$AA$2090,D$3,FALSE) -> 3.1364248e+09 | E17: =VLOOKUP($A17,cuc!$A$4:$AA$2090,E$3,FALSE) -> 4659986190 | F17: =VLOOKUP($A17,cuc!$A$4:$AA$2090,F$3,FALSE) -> 4845930937 | G17: =VLOOKUP($A17,cuc!$A$4:$AA$2090,G$3,FALSE) -> 5.3902831e+09 | H17: =VLOOKUP($A17,cuc!$A$4:$AA$2090,H$3,FALSE) -> 5.9727691e+09
B18: Total BRUTA CONSUMO sin LBZ | C18: =SUM(C16:C17) -> 4114740301 | D18: =SUM(D16:D17) -> 4.8034036e+09 | E18: =SUM(E16:E17) -> 6245597902 | F18: =SUM(F16:F17) -> 6784775233 | G18: =SUM(G16:G17) -> 7.0081563e+09 | H18: =SUM(H16:H17) -> 7.5360269e+09
B20: Descripcion | C20: =+'ALN vs Depositos'!C$19 -> Año 17 | D20: =+'ALN vs Depositos'!D$19 -> Año 18 | E20: =+'ALN vs Depositos'!E$19 -> Año 19 | F20: =+'ALN vs Depositos'!F$19 -> Año 20 | G20: =+'ALN vs Depositos'!G$19 -> Año 21 | H20: =+'ALN vs Depositos'!H$19 -> Año 22
B21: Mora Consumo sin LBZ / Bruta Consumo sin LBZ | C21: =IFERROR(+C13/C18,0%) -> 0.0070989192 | D21: =IFERROR(+D13/D18,0%) -> 0.019903417 | E21: =IFERROR(+E13/E18,0%) -> 0.023787876 | F21: =IFERROR(+F13/F18,0%) -> 0.028111558 | G21: =IFERROR(+G13/G18,0%) -> 0.034461349 | H21: =IFERROR(+H13/H18,0%) -> 0.056166082
B22: Consumo sin libranza / Bruta | C22: =+C18/'1. SARC - Calidad Cartera'!C72 -> 0.29281556 | D22: =+D18/'1. SARC - Calidad Cartera'!D72 -> 0.29642395 | E22: =+E18/'1. SARC - Calidad Cartera'!E72 -> 0.32227438 | F22: =+F18/'1. SARC - Calidad Cartera'!F72 -> 0.3142841 | G22: =+G18/'1. SARC - Calidad Cartera'!G72 -> 0.2884757 | H22: =+H18/'1. SARC - Calidad Cartera'!H72 -> 0.29699501
B23: Vivienda sin libranza / Bruta | C23: =+'6. SARC - Calidad VIVI'!C21/'1. SARC - Calidad Cartera'!C72 -> 0 | D23: =+'6. SARC - Calidad VIVI'!D21/'1. SARC - Calidad Cartera'!D72 -> 0 | E23: =+'6. SARC - Calidad VIVI'!E21/'1. SARC - Calidad Cartera'!E72 -> 0 | F23: =+'6. SARC - Calidad VIVI'!F21/'1. SARC - Calidad Cartera'!F72 -> 0 | G23: =+'6. SARC - Calidad VIVI'!G21/'1. SARC - Calidad Cartera'!G72 -> 0 | H23: =+'6. SARC - Calidad VIVI'!H21/'1. SARC - Calidad Cartera'!H72 -> 0
J27: =100-37.7 -> 62.3

Sheet 3. SARC - Calidad Cons LBZ
A1: Indicador | B1: Descripción Formula | C1: TIPO | D1: NOMBRE INDICADOR | E1: Descripcion Indicador
A2: RIESGO | B2: =+Indicadores!E4 -> Cartera Calificada en Categorías B, C, D y E "Consumo CL" / Cartera Bruta "Consumo CL" | C2: =+Indicadores!B4 -> Riesgo Credito | D2: =+Indicadores!C4 -> Indicador de cartera por Riesgo en Consumo con Libranza | E2: =+Indicadores!D4 -> Calidad x Riesgo (B,C,D,E)
B3: 2 | C3: 3 | D3: 4 | E3: 5 | F3: 6 | G3: 7 | H3: 8
A4: Cuenta | B4: Descripcion | C4: =+'Indicadores SIAR EVOLUCION'!E2 -> 43070 | D4: =+'Indicadores SIAR EVOLUCION'!F2 -> 43435 | E4: =+'Indicadores SIAR EVOLUCION'!G2 -> 43800 | F4: =+'Indicadores SIAR EVOLUCION'!H2 -> 44166 | G4: =+'Indicadores SIAR EVOLUCION'!I2 -> 44561 | H4: =+'Indicadores SIAR EVOLUCION'!J2 -> 44651
A5: 141110 | B5: =PROPER(VLOOKUP($A5,cuc!$A$4:$AA$2090,B$3,FALSE)) -> Categoría B Riesgo Aceptable | C5: =VLOOKUP($A5,cuc!$A$4:$AA$2090,C$3,FALSE) -> 0 | D5: =VLOOKUP($A5,cuc!$A$4:$AA$2090,D$3,FALSE) -> 0 | E5: =VLOOKUP($A5,cuc!$A$4:$AA$2090,E$3,FALSE) -> 0 | F5: =VLOOKUP($A5,cuc!$A$4:$AA$2090,F$3,FALSE) -> 0 | G5: =VLOOKUP($A5,cuc!$A$4:$AA$2090,G$3,FALSE) -> 0 | H5: =VLOOKUP($A5,cuc!$A$4:$AA$2090,H$3,FALSE) -> 0
A6: 141115 | B6: =PROPER(VLOOKUP($A6,cuc!$A$4:$AA$2090,B$3,FALSE)) -> Categoría C Riesgo Apreciable | C6: =VLOOKUP($A6,cuc!$A$4:$AA$2090,C$3,FALSE) -> 0 | D6: =VLOOKUP($A6,cuc!$A$4:$AA$2090,D$3,FALSE) -> 0 | E6: =VLOOKUP($A6,cuc!$A$4:$AA$2090,E$3,FALSE) -> 0 | F6: =VLOOKUP($A6,cuc!$A$4:$AA$2090,F$3,FALSE) -> 0 | G6: =VLOOKUP($A6,cuc!$A$4:$AA$2090,G$3,FALSE) -> 0 | H6: =VLOOKUP($A6,cuc!$A$4:$AA$2090,H$3,FALSE) -> 0
A7: 141120 | B7: =PROPER(VLOOKUP($A7,cuc!$A$4:$AA$2090,B$3,FALSE)) -> Categoría D Riesgo Significativo | C7: =VLOOKUP($A7,cuc!$A$4:$AA$2090,C$3,FALSE) -> 0 | D7: =VLOOKUP($A7,cuc!$A$4:$AA$2090,D$3,FALSE) -> 0 | E7: =VLOOKUP($A7,cuc!$A$4:$AA$2090,E$3,FALSE) -> 0 | F7: =VLOOKUP($A7,cuc!$A$4:$AA$2090,F$3,FALSE) -> 0 | G7: =VLOOKUP($A7,cuc!$A$4:$AA$2090,G$3,FALSE) -> 0 | H7: =VLOOKUP($A7,cuc!$A$4:$AA$2090,H$3,FALSE) -> 0
A8: 141125 | B8: =PROPER(VLOOKUP($A8,cuc!$A$4:$AA$2090,B$3,FALSE)) -> Categoría E Riesgo De Incobrabilidad | C8: =VLOOKUP($A8,cuc!$A$4:$AA$2090,C$3,FALSE) -> 0 | D8: =VLOOKUP($A8,cuc!$A$4:$AA$2090,D$3,FALSE) -> 0 | E8: =VLOOKUP($A8,cuc!$A$4:$AA$2090,E$3,FALSE) -> 0 | F8: =VLOOKUP($A8,cuc!$A$4:$AA$2090,F$3,FALSE) -> 0 | G8: =VLOOKUP($A8,cuc!$A$4:$AA$2090,G$3,FALSE) -> 0 | H8: =VLOOKUP($A8,cuc!$A$4:$AA$2090,H$3,FALSE) -> 0
A9: 144110 | B9: =PROPER(VLOOKUP($A9,cuc!$A$4:$AA$2090,B$3,FALSE)) -> Categoría B Riesgo Aceptable | C9: =VLOOKUP($A9,cuc!$A$4:$AA$2090,C$3,FALSE) -> 0 | D9: =VLOOKUP($A9,cuc!$A$4:$AA$2090,D$3,FALSE) -> 0 | E9: =VLOOKUP($A9,cuc!$A$4:$AA$2090,E$3,FALSE) -> 0 | F9: =VLOOKUP($A9,cuc!$A$4:$AA$2090,F$3,FALSE) -> 0 | G9: =VLOOKUP($A9,cuc!$A$4:$AA$2090,G$3,FALSE) -> 12866159 | H9: =VLOOKUP($A9,cuc!$A$4:$AA$2090,H$3,FALSE) -> 7550246
A10: 144115 | B10: =PROPER(VLOOKUP($A10,cuc!$A$4:$AA$2090,B$3,FALSE)) -> Categoría C Riesgo Apreciable | C10: =VLOOKUP($A10,cuc!$A$4:$AA$2090,C$3,FALSE) -> 0 | D10: =VLOOKUP($A10,cuc!$A$4:$AA$2090,D$3,FALSE) -> 0 | E10: =VLOOKUP($A10,cuc!$A$4:$AA$2090,E$3,FALSE) -> 0 | F10: =VLOOKUP($A10,cuc!$A$4:$AA$2090,F$3,FALSE) -> 0 | G10: =VLOOKUP($A10,cuc!$A$4:$AA$2090,G$3,FALSE) -> 5701628 | H10: =VLOOKUP($A10,cuc!$A$4:$AA$2090,H$3,FALSE) -> 26542926
A11: 144120 | B11: =PROPER(VLOOKUP($A11,cuc!$A$4:$AA$2090,B$3,FALSE)) -> Categoría D Riesgo Significativo | C11: =VLOOKUP($A11,cuc!$A$4:$AA$2090,C$3,FALSE) -> 0 | D11: =VLOOKUP($A11,cuc!$A$4:$AA$2090,D$3,FALSE) -> 0 | E11: =VLOOKUP($A11,cuc!$A$4:$AA$2090,E$3,FALSE) -> 0 | F11: =VLOOKUP($A11,cuc!$A$4:$AA$2090,F$3,FALSE) -> 0 | G11: =VLOOKUP($A11,cuc!$A$4:$AA$2090,G$3,FALSE) -> 5870029 | H11: =VLOOKUP($A11,cuc!$A$4:$AA$2090,H$3,FALSE) -> 9405727
A12: 144125 | B12: =PROPER(VLOOKUP($A12,cuc!$A$4:$AA$2090,B$3,FALSE)) -> Categoría E Riesgo De Incobrabilidad | C12: =VLOOKUP($A12,cuc!$A$4:$AA$2090,C$3,FALSE) -> 1036324 | D12: =VLOOKUP($A12,cuc!$A$4:$AA$2090,D$3,FALSE) -> 0 | E12: =VLOOKUP($A12,cuc!$A$4:$AA$2090,E$3,FALSE) -> 64377025 | F12: =VLOOKUP($A12,cuc!$A$4:$AA$2090,F$3,FALSE) -> 78941126 | G12: =VLOOKUP($A12,cuc!$A$4:$AA$2090,G$3,FALSE) -> 78941126 | H12: =VLOOKUP($A12,cuc!$A$4:$AA$2090,H$3,FALSE) -> 83556625
A13: 146935 | B13: =PROPER(VLOOKUP($A13,cuc!$A$4:$AA$2090,B$3,FALSE)) -> Categoría B Riesgo Aceptable, Consumo | C13: =VLOOKUP($A13,cuc!$A$4:$AA$2090,C$3,FALSE) -> 0 | D13: =VLOOKUP($A13,cuc!$A$4:$AA$2090,D$3,FALSE) -> 0 | E13: =VLOOKUP($A13,cuc!$A$4:$AA$2090,E$3,FALSE) -> 0 | F13: =VLOOKUP($A13,cuc!$A$4:$AA$2090,F$3,FALSE) -> 0 | G13: =VLOOKUP($A13,cuc!$A$4:$AA$2090,G$3,FALSE) -> 0 | H13: =VLOOKUP($A13,cuc!$A$4:$AA$2090,H$3,FALSE) -> 0
A14: 146940 | B14: =PROPER(VLOOKUP($A14,cuc!$A$4:$AA$2090,B$3,FALSE)) -> Categoría C Riesgo Apreciable, Consumo | C14: =VLOOKUP($A14,cuc!$A$4:$AA$2090,C$3,FALSE) -> 0 | D14: =VLOOKUP($A14,cuc!$A$4:$AA$2090,D$3,FALSE) -> 0 | E14: =VLOOKUP($A14,cuc!$A$4:$AA$2090,E$3,FALSE) -> 0 | F14: =VLOOKUP($A14,cuc!$A$4:$AA$2090,F$3,FALSE) -> 0 | G14: =VLOOKUP($A14,cuc!$A$4:$AA$2090,G$3,FALSE) -> 0 | H14: =VLOOKUP($A14,cuc!$A$4:$AA$2090,H$3,FALSE) -> 0
A15: 146945 | B15: =PROPER(VLOOKUP($A15,cuc!$A$4:$AA$2090,B$3,FALSE)) -> Categoría D Riesgo Significativo, Consumo | C15: =VLOOKUP($A15,cuc!$A$4:$AA$2090,C$3,FALSE) -> 0 | D15: =VLOOKUP($A15,cuc!$A$4:$AA$2090,D$3,FALSE) -> 0 | E15: =VLOOKUP($A15,cuc!$A$4:$AA$2090,E$3,FALSE) -> 0 | F15: =VLOOKUP($A15,cuc!$A$4:$AA$2090,F$3,FALSE) -> 0 | G15: =VLOOKUP($A15,cuc!$A$4:$AA$2090,G$3,FALSE) -> 0 | H15: =VLOOKUP($A15,cuc!$A$4:$AA$2090,H$3,FALSE) -> 0
A16: 146950 | B16: =PROPER(VLOOKUP($A16,cuc!$A$4:$AA$2090,B$3,FALSE)) -> Categoría E Riesgo De Incobrabilidad, Consumo | C16: =VLOOKUP($A16,cuc!$A$4:$AA$2090,C$3,FALSE) -> 0 | D16: =VLOOKUP($A16,cuc!$A$4:$AA$2090,D$3,FALSE) -> 0 | E16: =VLOOKUP($A16,cuc!$A$4:$AA$2090,E$3,FALSE) -> 0 | F16: =VLOOKUP($A16,cuc!$A$4:$AA$2090,F$3,FALSE) -> 0 | G16: =VLOOKUP($A16,cuc!$A$4:$AA$2090,G$3,FALSE) -> 0 | H16: =VLOOKUP($A16,cuc!$A$4:$AA$2090,H$3,FALSE) -> 0
B17: Total MORA CONSUMO LBZ | C17: =+SUM(C5:C16) -> 1036324 | D17: =+SUM(D5:D16) -> 0 | E17: =+SUM(E5:E16) -> 64377025 | F17: =+SUM(F5:F16) -> 78941126 | G17: =+SUM(G5:G16) -> 103378942 | H17: =+SUM(H5:H16) -> 127055524
A19: Cuenta | B19: Descripción | C19: =+C$4 -> 43070 | D19: =+D$4 -> 43435 | E19: =+E$4 -> 43800 | F19: =+F$4 -> 44166 | G19: =+G$4 -> 44561 | H19: =+H$4 -> 44651
A20: 141100 | B20: =PROPER(VLOOKUP($A20,cuc!$A$4:$AA$2090,B$3,FALSE)) -> Créditos De Consumo, Garantía Admisible - Con Libranza | C20: =VLOOKUP($A20,cuc!$A$4:$AA$2090,C$3,FALSE) -> 3518501134 | D20: =VLOOKUP($A20,cuc!$A$4:$AA$2090,D$3,FALSE) -> 4826506976 | E20: =VLOOKUP($A20,cuc!$A$4:$AA$2090,E$3,FALSE) -> 5853374514 | F20: =VLOOKUP($A20,cuc!$A$4:$AA$2090,F$3,FALSE) -> 6508331137 | G20: =VLOOKUP($A20,cuc!$A$4:$AA$2090,G$3,FALSE) -> 6860544148 | H20: =VLOOKUP($A20,cuc!$A$4:$AA$2090,H$3,FALSE) -> 7298307740
A21: 144100 | B21: =PROPER(VLOOKUP($A21,cuc!$A$4:$AA$2090,B$3,FALSE)) -> Créditos De Consumo, Otras Garantías - Con Libranza | C21: =VLOOKUP($A21,cuc!$A$4:$AA$2090,C$3,FALSE) -> 6419086829 | D21: =VLOOKUP($A21,cuc!$A$4:$AA$2090,D$3,FALSE) -> 6574595288 | E21: =VLOOKUP($A21,cuc!$A$4:$AA$2090,E$3,FALSE) -> 7280780874 | F21: =VLOOKUP($A21,cuc!$A$4:$AA$2090,F$3,FALSE) -> 8294925923 | G21: =VLOOKUP($A21,cuc!$A$4:$AA$2090,G$3,FALSE) -> 10425048411 | H21: =VLOOKUP($A21,cuc!$A$4:$AA$2090,H$3,FALSE) -> 10539919601
A22: 146930 | B22: =PROPER(VLOOKUP($A22,cuc!$A$4:$AA$2090,B$3,FALSE)) -> Categoría A Riesgo Normal, Consumo | C22: =VLOOKUP($A22,cuc!$A$4:$AA$2090,C$3,FALSE) -> 0 | D22: =VLOOKUP($A22,cuc!$A$4:$AA$2090,D$3,FALSE) -> 0 | E22: =VLOOKUP($A22,cuc!$A$4:$AA$2090,E$3,FALSE) -> 0 | F22: =VLOOKUP($A22,cuc!$A$4:$AA$2090,F$3,FALSE) -> 0 | G22: =VLOOKUP($A22,cuc!$A$4:$AA$2090,G$3,FALSE) -> 0 | H22: =VLOOKUP($A22,cuc!$A$4:$AA$2090,H$3,FALSE) -> 0
A23: 146935 | B23: =PROPER(VLOOKUP($A23,cuc!$A$4:$AA$2090,B$3,FALSE)) -> Categoría B Riesgo Aceptable, Consumo | C23: =VLOOKUP($A23,cuc!$A$4:$AA$2090,C$3,FALSE) -> 0 | D23: =VLOOKUP($A23,cuc!$A$4:$AA$2090,D$3,FALSE) -> 0 | E23: =VLOOKUP($A23,cuc!$A$4:$AA$2090,E$3,FALSE) -> 0 | F23: =VLOOKUP($A23,cuc!$A$4:$AA$2090,F$3,FALSE) -> 0 | G23: =VLOOKUP($A23,cuc!$A$4:$AA$2090,G$3,FALSE) -> 0 | H23: =VLOOKUP($A23,cuc!$A$4:$AA$2090,H$3,FALSE) -> 0
A24: 146940 | B24: =PROPER(VLOOKUP($A24,cuc!$A$4:$AA$2090,B$3,FALSE)) -> Categoría C Riesgo Apreciable, Consumo | C24: =VLOOKUP($A24,cuc!$A$4:$AA$2090,C$3,FALSE) -> 0 | D24: =VLOOKUP($A24,cuc!$A$4:$AA$2090,D$3,FALSE) -> 0 | E24: =VLOOKUP($A24,cuc!$A$4:$AA$2090,E$3,FALSE) -> 0 | F24: =VLOOKUP($A24,cuc!$A$4:$AA$2090,F$3,FALSE) -> 0 | G24: =VLOOKUP($A24,cuc!$A$4:$AA$2090,G$3,FALSE) -> 0 | H24: =VLOOKUP($A24,cuc!$A$4:$AA$2090,H$3,FALSE) -> 0
A25: 146945 | B25: =PROPER(VLOOKUP($A25,cuc!$A$4:$AA$2090,B$3,FALSE)) -> Categoría D Riesgo Significativo, Consumo | C25: =VLOOKUP($A25,cuc!$A$4:$AA$2090,C$3,FALSE) -> 0 | D25: =VLOOKUP($A25,cuc!$A$4:$AA$2090,D$3,FALSE) -> 0 | E25: =VLOOKUP($A25,cuc!$A$4:$AA$2090,E$3,FALSE) -> 0 | F25: =VLOOKUP($A25,cuc!$A$4:$AA$2090,F$3,FALSE) -> 0 | G25: =VLOOKUP($A25,cuc!$A$4:$AA$2090,G$3,FALSE) -> 0 | H25: =VLOOKUP($A25,cuc!$A$4:$AA$2090,H$3,FALSE) -> 0
A26: 146950 | B26: =PROPER(VLOOKUP($A26,cuc!$A$4:$AA$2090,B$3,FALSE)) -> Categoría E Riesgo De Incobrabilidad, Consumo | C26: =VLOOKUP($A26,cuc!$A$4:$AA$2090,C$3,FALSE) -> 0 | D26: =VLOOKUP($A26,cuc!$A$4:$AA$2090,D$3,FALSE) -> 0 | E26: =VLOOKUP($A26,cuc!$A$4:$AA$2090,E$3,FALSE) -> 0 | F26: =VLOOKUP($A26,cuc!$A$4:$AA$2090,F$3,FALSE) -> 0 | G26: =VLOOKUP($A26,cuc!$A$4:$AA$2090,G$3,FALSE) -> 0 | H26: =VLOOKUP($A26,cuc!$A$4:$AA$2090,H$3,FALSE) -> 0
B27: Total BRUTA CONSUMO LBZ | C27: =SUM(C20:C26) -> 9937587963 | D27: =SUM(D20:D26) -> 11401102264 | E27: =SUM(E20:E26) -> 13134155388 | F27: =SUM(F20:F26) -> 14803257060 | G27: =SUM(G20:G26) -> 17285592559 | H27: =SUM(H20:H26) -> 17838227341
B29: Descripcion | C29: =+'ALN vs Depositos'!C$19 -> Año 17 | D29: =+'ALN vs Depositos'!D$19 -> Año 18 | E29: =+'ALN vs Depositos'!E$19 -> Año 19 | F29: =+'ALN vs Depositos'!F$19 -> Año 20 | G29: =+'ALN vs Depositos'!G$19 -> Año 21 | H29: =+'ALN vs Depositos'!H$19 -> Año 22
B30: Mora Consumo LBZ / Bruta Consumo LBZ | C30: =IFERROR(+C17/C27,0%) -> 0.00010428325 | D30: =IFERROR(+D17/D27,0%) -> 0 | E30: =IFERROR(+E17/E27,0%) -> 0.0049014971 | F30: =IFERROR(+F17/F27,0%) -> 0.0053326863 | G30: =IFERROR(+G17/G27,0%) -> 0.0059806421 | H30: =IFERROR(+H17/H27,0%) -> 0.0071226542

Sheet 4. SARC - Calidad Comercial
A1: Indicador | B1: Descripción Formula | C1: TIPO | D1: NOMBRE INDICADOR | E1: Descripcion Indicador
A2: RIESGO | B2: =+Indicadores!E5 -> Cartera Calificada en Categorías B, C, D y E "Comercial" / Cartera Bruta "Comercial" | C2: =+Indicadores!B5 -> Riesgo Credito | D2: =+Indicadores!C5 -> Indicador de cartera por Riesgo en Comercial | E2: =+Indicadores!D5 -> Calidad x Riesgo (B,C,D,E)
B3: 2 | C3: 3 | D3: 4 | E3: 5 | F3: 6 | G3: 7 | H3: 8
A4: Cuenta | B4: Descripcion | C4: =+'Indicadores SIAR EVOLUCION'!E2 -> 43070 | D4: =+'Indicadores SIAR EVOLUCION'!F2 -> 43435 | E4: =+'Indicadores SIAR EVOLUCION'!G2 -> 43800 | F4: =+'Indicadores SIAR EVOLUCION'!H2 -> 44166 | G4: =+'Indicadores SIAR EVOLUCION'!I2 -> 44561 | H4: =+'Indicadores SIAR EVOLUCION'!J2 -> 44651
A5: 146110 | B5: =PROPER(VLOOKUP($A5,cuc!$A$4:$AA$2090,B$3,FALSE)) -> Categoría B Riesgo Aceptable | C5: =VLOOKUP($A5,cuc!$A$4:$AA$2090,C$3,FALSE) -> 0 | D5: =VLOOKUP($A5,cuc!$A$4:$AA$2090,D$3,FALSE) -> 0 | E5: =VLOOKUP($A5,cuc!$A$4:$AA$2090,E$3,FALSE) -> 0 | F5: =VLOOKUP($A5,cuc!$A$4:$AA$2090,F$3,FALSE) -> 0 | G5: =VLOOKUP($A5,cuc!$A$4:$AA$2090,G$3,FALSE) -> 0 | H5: =VLOOKUP($A5,cuc!$A$4:$AA$2090,H$3,FALSE) -> 0
A6: 146210 | B6: =PROPER(VLOOKUP($A6,cuc!$A$4:$AA$2090,B$3,FALSE)) -> Categoría B Riesgo Aceptable | C6: =VLOOKUP($A6,cuc!$A$4:$AA$2090,C$3,FALSE) -> 0 | D6: =VLOOKUP($A6,cuc!$A$4:$AA$2090,D$3,FALSE) -> 0 | E6: =VLOOKUP($A6,cuc!$A$4:$AA$2090,E$3,FALSE) -> 0 | F6: =VLOOKUP($A6,cuc!$A$4:$AA$2090,F$3,FALSE) -> 0 | G6: =VLOOKUP($A6,cuc!$A$4:$AA$2090,G$3,FALSE) -> 0 | H6: =VLOOKUP($A6,cuc!$A$4:$AA$2090,H$3,FALSE) -> 0
A7: 146115 | B7: =PROPER(VLOOKUP($A7,cuc!$A$4:$AA$2090,B$3,FALSE)) -> Categoría C Riesgo Apreciable | C7: =VLOOKUP($A7,cuc!$A$4:$AA$2090,C$3,FALSE) -> 0 | D7: =VLOOKUP($A7,cuc!$A$4:$AA$2090,D$3,FALSE) -> 0 | E7: =VLOOKUP($A7,cuc!$A$4:$AA$2090,E$3,FALSE) -> 0 | F7: =VLOOKUP($A7,cuc!$A$4:$AA$2090,F$3,FALSE) -> 0 | G7: =VLOOKUP($A7,cuc!$A$4:$AA$2090,G$3,FALSE) -> 0 | H7: =VLOOKUP($A7,cuc!$A$4:$AA$2090,H$3,FALSE) -> 0
A8: 146215 | B8: =PROPER(VLOOKUP($A8,cuc!$A$4:$AA$2090,B$3,FALSE)) -> Categoría C Riesgo Apreciable | C8: =VLOOKUP($A8,cuc!$A$4:$AA$2090,C$3,FALSE) -> 0 | D8: =VLOOKUP($A8,cuc!$A$4:$AA$2090,D$3,FALSE) -> 0 | E8: =VLOOKUP($A8,cuc!$A$4:$AA$2090,E$3,FALSE) -> 0 | F8: =VLOOKUP($A8,cuc!$A$4:$AA$2090,F$3,FALSE) -> 0 | G8: =VLOOKUP($A8,cuc!$A$4:$AA$2090,G$3,FALSE) -> 0 | H8: =VLOOKUP($A8,cuc!$A$4:$AA$2090,H$3,FALSE) -> 0
A9: 146120 | B9: =PROPER(VLOOKUP($A9,cuc!$A$4:$AA$2090,B$3,FALSE)) -> Categoría D Riesgo Significativo | C9: =VLOOKUP($A9,cuc!$A$4:$AA$2090,C$3,FALSE) -> 0 | D9: =VLOOKUP($A9,cuc!$A$4:$AA$2090,D$3,FALSE) -> 0 | E9: =VLOOKUP($A9,cuc!$A$4:$AA$2090,E$3,FALSE) -> 0 | F9: =VLOOKUP($A9,cuc!$A$4:$AA$2090,F$3,FALSE) -> 0 | G9: =VLOOKUP($A9,cuc!$A$4:$AA$2090,G$3,FALSE) -> 0 | H9: =VLOOKUP($A9,cuc!$A$4:$AA$2090,H$3,FALSE) -> 0
A10: 146220 | B10: =PROPER(VLOOKUP($A10,cuc!$A$4:$AA$2090,B$3,FALSE)) -> Categoría D Riesgo Significativo | C10: =VLOOKUP($A10,cuc!$A$4:$AA$2090,C$3,FALSE) -> 0 | D10: =VLOOKUP($A10,cuc!$A$4:$AA$2090,D$3,FALSE) -> 0 | E10: =VLOOKUP($A10,cuc!$A$4:$AA$2090,E$3,FALSE) -> 0 | F10: =VLOOKUP($A10,cuc!$A$4:$AA$2090,F$3,FALSE) -> 0 | G10: =VLOOKUP($A10,cuc!$A$4:$AA$2090,G$3,FALSE) -> 0 | H10: =VLOOKUP($A10,cuc!$A$4:$AA$2090,H$3,FALSE) -> 0
A11: 146125 | B11: =PROPER(VLOOKUP($A11,cuc!$A$4:$AA$2090,B$3,FALSE)) -> Categoría E Riesgo De Incobrabilidad | C11: =VLOOKUP($A11,cuc!$A$4:$AA$2090,C$3,FALSE) -> 0 | D11: =VLOOKUP($A11,cuc!$A$4:$AA$2090,D$3,FALSE) -> 0 | E11: =VLOOKUP($A11,cuc!$A$4:$AA$2090,E$3,FALSE) -> 0 | F11: =VLOOKUP($A11,cuc!$A$4:$AA$2090,F$3,FALSE) -> 0 | G11: =VLOOKUP($A11,cuc!$A$4:$AA$2090,G$3,FALSE) -> 0 | H11: =VLOOKUP($A11,cuc!$A$4:$AA$2090,H$3,FALSE) -> 0
A12: 146225 | B12: =PROPER(VLOOKUP($A12,cuc!$A$4:$AA$2090,B$3,FALSE)) -> Categoría E Riesgo De Incobrabilidad | C12: =VLOOKUP($A12,cuc!$A$4:$AA$2090,C$3,FALSE) -> 0 | D12: =VLOOKUP($A12,cuc!$A$4:$AA$2090,D$3,FALSE) -> 0 | E12: =VLOOKUP($A12,cuc!$A$4:$AA$2090,E$3,FALSE) -> 0 | F12: =VLOOKUP($A12,cuc!$A$4:$AA$2090,F$3,FALSE) -> 0 | G12: =VLOOKUP($A12,cuc!$A$4:$AA$2090,G$3,FALSE) -> 0 | H12: =VLOOKUP($A12,cuc!$A$4:$AA$2090,H$3,FALSE) -> 0
B13: Total MORA COMERCIAL | C13: =+SUM(C5:C12) -> 0 | D13: =+SUM(D5:D12) -> 0 | E13: =+SUM(E5:E12) -> 0 | F13: =+SUM(F5:F12) -> 0 | G13: =+SUM(G5:G12) -> 0 | H13: =+SUM(H5:H12) -> 0
A15: Cuenta | B15: Descripción | C15: =+C$4 -> 43070 | D15: =+D$4 -> 43435 | E15: =+E$4 -> 43800 | F15: =+F$4 -> 44166 | G15: =+G$4 -> 44561 | H15: =+H$4 -> 44651
A16: 146100 | B16: =PROPER(VLOOKUP($A16,cuc!$A$4:$AA$2090,B$3,FALSE)) -> Créditos Comerciales - Garantía Admisible | C16: =VLOOKUP($A16,cuc!$A$4:$AA$2090,C$3,FALSE) -> 0 | D16: =VLOOKUP($A16,cuc!$A$4:$AA$2090,D$3,FALSE) -> 0 | E16: =VLOOKUP($A16,cuc!$A$4:$AA$2090,E$3,FALSE) -> 0 | F16: =VLOOKUP($A16,cuc!$A$4:$AA$2090,F$3,FALSE) -> 0 | G16: =VLOOKUP($A16,cuc!$A$4:$AA$2090,G$3,FALSE) -> 0 | H16: =VLOOKUP($A16,cuc!$A$4:$AA$2090,H$3,FALSE) -> 0
A17: 146200 | B17: =PROPER(VLOOKUP($A17,cuc!$A$4:$AA$2090,B$3,FALSE)) -> Créditos Comerciales - Otras Garantías | C17: =VLOOKUP($A17,cuc!$A$4:$AA$2090,C$3,FALSE) -> 0 | D17: =VLOOKUP($A17,cuc!$A$4:$AA$2090,D$3,FALSE) -> 0 | E17: =VLOOKUP($A17,cuc!$A$4:$AA$2090,E$3,FALSE) -> 0 | F17: =VLOOKUP($A17,cuc!$A$4:$AA$2090,F$3,FALSE) -> 0 | G17: =VLOOKUP($A17,cuc!$A$4:$AA$2090,G$3,FALSE) -> 0 | H17: =VLOOKUP($A17,cuc!$A$4:$AA$2090,H$3,FALSE) -> 0
B18: Total BRUTA COMERCIAL | C18: =SUM(C16:C17) -> 0 | D18: =SUM(D16:D17) -> 0 | E18: =SUM(E16:E17) -> 0 | F18: =SUM(F16:F17) -> 0 | G18: =SUM(G16:G17) -> 0 | H18: =SUM(H16:H17) -> 0
B20: Descripcion | C20: =+'ALN vs Depositos'!C$19 -> Año 17 | D20: =+'ALN vs Depositos'!D$19 -> Año 18 | E20: =+'ALN vs Depositos'!E$19 -> Año 19 | F20: =+'ALN vs Depositos'!F$19 -> Año 20 | G20: =+'ALN vs Depositos'!G$19 -> Año 21 | H20: =+'ALN vs Depositos'!H$19 -> Año 22
B21: Mora CCIAL / Bruta CCIAL | C21: =IFERROR(+C13/C18,0%) -> 0 | D21: =IFERROR(+D13/D18,0%) -> 0 | E21: =IFERROR(+E13/E18,0%) -> 0 | F21: =IFERROR(+F13/F18,0%) -> 0 | G21: =IFERROR(+G13/G18,0%) -> 0 | H21: =IFERROR(+H13/H18,0%) -> 0

Sheet 5. SARC - Calidad MICRO
A1: Indicador | B1: Descripción Formula | C1: TIPO | D1: NOMBRE INDICADOR | E1: Descripcion Indicador
A2: RIESGO | B2: =+Indicadores!E6 -> Cartera Calificada en Categorías B, C, D y E "Microcredito" / Cartera Bruta "Microcredito" | C2: =+Indicadores!B6 -> Riesgo Credito | D2: =+Indicadores!C6 -> Indicador de cartera por Riesgo en Microcrédito | E2: =+Indicadores!D6 -> Calidad x Riesgo (B,C,D,E)
B3: 2 | C3: 3 | D3: 4 | E3: 5 | F3: 6 | G3: 7 | H3: 8
A4: Cuenta | B4: Descripcion | C4: =+'Indicadores SIAR EVOLUCION'!E2 -> 43070 | D4: =+'Indicadores SIAR EVOLUCION'!F2 -> 43435 | E4: =+'Indicadores SIAR EVOLUCION'!G2 -> 43800 | F4: =+'Indicadores SIAR EVOLUCION'!H2 -> 44166 | G4: =+'Indicadores SIAR EVOLUCION'!I2 -> 44561 | H4: =+'Indicadores SIAR EVOLUCION'!J2 -> 44651
A5: 146110 | B5: =PROPER(VLOOKUP($A5,cuc!$A$4:$AA$2090,B$3,FALSE)) -> Categoría B Riesgo Aceptable | C5: =VLOOKUP($A5,cuc!$A$4:$AA$2090,C$3,FALSE) -> 0 | D5: =VLOOKUP($A5,cuc!$A$4:$AA$2090,D$3,FALSE) -> 0 | E5: =VLOOKUP($A5,cuc!$A$4:$AA$2090,E$3,FALSE) -> 0 | F5: =VLOOKUP($A5,cuc!$A$4:$AA$2090,F$3,FALSE) -> 0 | G5: =VLOOKUP($A5,cuc!$A$4:$AA$2090,G$3,FALSE) -> 0 | H5: =VLOOKUP($A5,cuc!$A$4:$AA$2090,H$3,FALSE) -> 0
A6: 144810 | B6: =PROPER(VLOOKUP($A6,cuc!$A$4:$AA$2090,B$3,FALSE)) -> Categoría B Riesgo Aceptable | C6: =VLOOKUP($A6,cuc!$A$4:$AA$2090,C$3,FALSE) -> 0 | D6: =VLOOKUP($A6,cuc!$A$4:$AA$2090,D$3,FALSE) -> 0 | E6: =VLOOKUP($A6,cuc!$A$4:$AA$2090,E$3,FALSE) -> 0 | F6: =VLOOKUP($A6,cuc!$A$4:$AA$2090,F$3,FALSE) -> 0 | G6: =VLOOKUP($A6,cuc!$A$4:$AA$2090,G$3,FALSE) -> 0 | H6: =VLOOKUP($A6,cuc!$A$4:$AA$2090,H$3,FALSE) -> 0
A7: 144815 | B7: =PROPER(VLOOKUP($A7,cuc!$A$4:$AA$2090,B$3,FALSE)) -> Categoría C Riesgo Apreciable | C7: =VLOOKUP($A7,cuc!$A$4:$AA$2090,C$3,FALSE) -> 0 | D7: =VLOOKUP($A7,cuc!$A$4:$AA$2090,D$3,FALSE) -> 0 | E7: =VLOOKUP($A7,cuc!$A$4:$AA$2090,E$3,FALSE) -> 0 | F7: =VLOOKUP($A7,cuc!$A$4:$AA$2090,F$3,FALSE) -> 0 | G7: =VLOOKUP($A7,cuc!$A$4:$AA$2090,G$3,FALSE) -> 0 | H7: =VLOOKUP($A7,cuc!$A$4:$AA$2090,H$3,FALSE) -> 0
A8: 144820 | B8: =PROPER(VLOOKUP($A8,cuc!$A$4:$AA$2090,B$3,FALSE)) -> Categoría D Riesgo Significativo | C8: =VLOOKUP($A8,cuc!$A$4:$AA$2090,C$3,FALSE) -> 0 | D8: =VLOOKUP($A8,cuc!$A$4:$AA$2090,D$3,FALSE) -> 0 | E8: =VLOOKUP($A8,cuc!$A$4:$AA$2090,E$3,FALSE) -> 0 | F8: =VLOOKUP($A8,cuc!$A$4:$AA$2090,F$3,FALSE) -> 0 | G8: =VLOOKUP($A8,cuc!$A$4:$AA$2090,G$3,FALSE) -> 0 | H8: =VLOOKUP($A8,cuc!$A$4:$AA$2090,H$3,FALSE) -> 0
A9: 144825 | B9: =PROPER(VLOOKUP($A9,cuc!$A$4:$AA$2090,B$3,FALSE)) -> Categoría E Riesgo De Incobrabilidad | C9: =VLOOKUP($A9,cuc!$A$4:$AA$2090,C$3,FALSE) -> 0 | D9: =VLOOKUP($A9,cuc!$A$4:$AA$2090,D$3,FALSE) -> 0 | E9: =VLOOKUP($A9,cuc!$A$4:$AA$2090,E$3,FALSE) -> 0 | F9: =VLOOKUP($A9,cuc!$A$4:$AA$2090,F$3,FALSE) -> 0 | G9: =VLOOKUP($A9,cuc!$A$4:$AA$2090,G$3,FALSE) -> 0 | H9: =VLOOKUP($A9,cuc!$A$4:$AA$2090,H$3,FALSE) -> 0
A10: 145410 | B10: =PROPER(VLOOKUP($A10,cuc!$A$4:$AA$2090,B$3,FALSE)) -> Categoría B Riesgo Aceptable | C10: =VLOOKUP($A10,cuc!$A$4:$AA$2090,C$3,FALSE) -> 0 | D10: =VLOOKUP($A10,cuc!$A$4:$AA$2090,D$3,FALSE) -> 0 | E10: =VLOOKUP($A10,cuc!$A$4:$AA$2090,E$3,FALSE) -> 0 | F10: =VLOOKUP($A10,cuc!$A$4:$AA$2090,F$3,FALSE) -> 0 | G10: =VLOOKUP($A10,cuc!$A$4:$AA$2090,G$3,FALSE) -> 0 | H10: =VLOOKUP($A10,cuc!$A$4:$AA$2090,H$3,FALSE) -> 0
A11: 145415 | B11: =PROPER(VLOOKUP($A11,cuc!$A$4:$AA$2090,B$3,FALSE)) -> Categoría C Riesgo Apreciable | C11: =VLOOKUP($A11,cuc!$A$4:$AA$2090,C$3,FALSE) -> 0 | D11: =VLOOKUP($A11,cuc!$A$4:$AA$2090,D$3,FALSE) -> 0 | E11: =VLOOKUP($A11,cuc!$A$4:$AA$2090,E$3,FALSE) -> 0 | F11: =VLOOKUP($A11,cuc!$A$4:$AA$2090,F$3,FALSE) -> 0 | G11: =VLOOKUP($A11,cuc!$A$4:$AA$2090,G$3,FALSE) -> 0 | H11: =VLOOKUP($A11,cuc!$A$4:$AA$2090,H$3,FALSE) -> 0
A12: 145420 | B12: =PROPER(VLOOKUP($A12,cuc!$A$4:$AA$2090,B$3,FALSE)) -> Categoría D Riesgo Significativo | C12: =VLOOKUP($A12,cuc!$A$4:$AA$2090,C$3,FALSE) -> 0 | D12: =VLOOKUP($A12,cuc!$A$4:$AA$2090,D$3,FALSE) -> 0 | E12: =VLOOKUP($A12,cuc!$A$4:$AA$2090,E$3,FALSE) -> 0 | F12: =VLOOKUP($A12,cuc!$A$4:$AA$2090,F$3,FALSE) -> 0 | G12: =VLOOKUP($A12,cuc!$A$4:$AA$2090,G$3,FALSE) -> 0 | H12: =VLOOKUP($A12,cuc!$A$4:$AA$2090,H$3,FALSE) -> 0
A13: 145425 | B13: =PROPER(VLOOKUP($A13,cuc!$A$4:$AA$2090,B$3,FALSE)) -> Categoría E Riesgo De Incobrabilidad | C13: =VLOOKUP($A13,cuc!$A$4:$AA$2090,C$3,FALSE) -> 0 | D13: =VLOOKUP($A13,cuc!$A$4:$AA$2090,D$3,FALSE) -> 0 | E13: =VLOOKUP($A13,cuc!$A$4:$AA$2090,E$3,FALSE) -> 0 | F13: =VLOOKUP($A13,cuc!$A$4:$AA$2090,F$3,FALSE) -> 0 | G13: =VLOOKUP($A13,cuc!$A$4:$AA$2090,G$3,FALSE) -> 0 | H13: =VLOOKUP($A13,cuc!$A$4:$AA$2090,H$3,FALSE) -> 0
A14: 145510 | B14: =PROPER(VLOOKUP($A14,cuc!$A$4:$AA$2090,B$3,FALSE)) -> Categoría B Riesgo Aceptable | C14: =VLOOKUP($A14,cuc!$A$4:$AA$2090,C$3,FALSE) -> 0 | D14: =VLOOKUP($A14,cuc!$A$4:$AA$2090,D$3,FALSE) -> 0 | E14: =VLOOKUP($A14,cuc!$A$4:$AA$2090,E$3,FALSE) -> 0 | F14: =VLOOKUP($A14,cuc!$A$4:$AA$2090,F$3,FALSE) -> 0 | G14: =VLOOKUP($A14,cuc!$A$4:$AA$2090,G$3,FALSE) -> 0 | H14: =VLOOKUP($A14,cuc!$A$4:$AA$2090,H$3,FALSE) -> 0
A15: 145515 | B15: =PROPER(VLOOKUP($A15,cuc!$A$4:$AA$2090,B$3,FALSE)) -> Categoría C Riesgo Apreciable | C15: =VLOOKUP($A15,cuc!$A$4:$AA$2090,C$3,FALSE) -> 0 | D15: =VLOOKUP($A15,cuc!$A$4:$AA$2090,D$3,FALSE) -> 0 | E15: =VLOOKUP($A15,cuc!$A$4:$AA$2090,E$3,FALSE) -> 0 | F15: =VLOOKUP($A15,cuc!$A$4:$AA$2090,F$3,FALSE) -> 0 | G15: =VLOOKUP($A15,cuc!$A$4:$AA$2090,G$3,FALSE) -> 0 | H15: =VLOOKUP($A15,cuc!$A$4:$AA$2090,H$3,FALSE) -> 0
A16: 145520 | B16: =PROPER(VLOOKUP($A16,cuc!$A$4:$AA$2090,B$3,FALSE)) -> Categoría D Riesgo Significativo | C16: =VLOOKUP($A16,cuc!$A$4:$AA$2090,C$3,FALSE) -> 0 | D16: =VLOOKUP($A16,cuc!$A$4:$AA$2090,D$3,FALSE) -> 0 | E16: =VLOOKUP($A16,cuc!$A$4:$AA$2090,E$3,FALSE) -> 0 | F16: =VLOOKUP($A16,cuc!$A$4:$AA$2090,F$3,FALSE) -> 0 | G16: =VLOOKUP($A16,cuc!$A$4:$AA$2090,G$3,FALSE) -> 0 | H16: =VLOOKUP($A16,cuc!$A$4:$AA$2090,H$3,FALSE) -> 0
A17: 145525 | B17: =PROPER(VLOOKUP($A17,cuc!$A$4:$AA$2090,B$3,FALSE)) -> Categoría E Riesgo De Incobrabilidad | C17: =VLOOKUP($A17,cuc!$A$4:$AA$2090,C$3,FALSE) -> 0 | D17: =VLOOKUP($A17,cuc!$A$4:$AA$2090,D$3,FALSE) -> 0 | E17: =VLOOKUP($A17,cuc!$A$4:$AA$2090,E$3,FALSE) -> 0 | F17: =VLOOKUP($A17,cuc!$A$4:$AA$2090,F$3,FALSE) -> 0 | G17: =VLOOKUP($A17,cuc!$A$4:$AA$2090,G$3,FALSE) -> 0 | H17: =VLOOKUP($A17,cuc!$A$4:$AA$2090,H$3,FALSE) -> 0
B18: Total MORA MICROCREDITO | C18: =+SUM(C5:C17) -> 0 | D18: =+SUM(D5:D17) -> 0 | E18: =+SUM(E5:E17) -> 0 | F18: =+SUM(F5:F17) -> 0 | G18: =+SUM(G5:G17) -> 0 | H18: =+SUM(H5:H17) -> 0
A20: Cuenta | B20: Descripción | C20: =+C$4 -> 43070 | D20: =+D$4 -> 43435 | E20: =+E$4 -> 43800 | F20: =+F$4 -> 44166 | G20: =+G$4 -> 44561 | H20: =+H$4 -> 44651
A21: 145400 | B21: =PROPER(VLOOKUP($A21,cuc!$A$4:$AA$2090,B$3,FALSE)) -> Microcrédito Empresarial - Garantía Admisible | C21: =VLOOKUP($A21,cuc!$A$4:$AA$2090,C$3,FALSE) -> 0 | D21: =VLOOKUP($A21,cuc!$A$4:$AA$2090,D$3,FALSE) -> 0 | E21: =VLOOKUP($A21,cuc!$A$4:$AA$2090,E$3,FALSE) -> 0 | F21: =VLOOKUP($A21,cuc!$A$4:$AA$2090,F$3,FALSE) -> 0 | G21: =VLOOKUP($A21,cuc!$A$4:$AA$2090,G$3,FALSE) -> 0 | H21: =VLOOKUP($A21,cuc!$A$4:$AA$2090,H$3,FALSE) -> 0
A22: 145500 | B22: =PROPER(VLOOKUP($A22,cuc!$A$4:$AA$2090,B$3,FALSE)) -> Microcrédito Empresarial - Otras Garantías | C22: =VLOOKUP($A22,cuc!$A$4:$AA$2090,C$3,FALSE) -> 0 | D22: =VLOOKUP($A22,cuc!$A$4:$AA$2090,D$3,FALSE) -> 0 | E22: =VLOOKUP($A22,cuc!$A$4:$AA$2090,E$3,FALSE) -> 0 | F22: =VLOOKUP($A22,cuc!$A$4:$AA$2090,F$3,FALSE) -> 0 | G22: =VLOOKUP($A22,cuc!$A$4:$AA$2090,G$3,FALSE) -> 0 | H22: =VLOOKUP($A22,cuc!$A$4:$AA$2090,H$3,FALSE) -> 0
A23: 144800 | B23: =PROPER(VLOOKUP($A23,cuc!$A$4:$AA$2090,B$3,FALSE)) -> Microcrédito Inmobiliario | C23: =VLOOKUP($A23,cuc!$A$4:$AA$2090,C$3,FALSE) -> 0 | D23: =VLOOKUP($A23,cuc!$A$4:$AA$2090,D$3,FALSE) -> 0 | E23: =VLOOKUP($A23,cuc!$A$4:$AA$2090,E$3,FALSE) -> 0 | F23: =VLOOKUP($A23,cuc!$A$4:$AA$2090,F$3,FALSE) -> 0 | G23: =VLOOKUP($A23,cuc!$A$4:$AA$2090,G$3,FALSE) -> 0 | H23: =VLOOKUP($A23,cuc!$A$4:$AA$2090,H$3,FALSE) -> 0
B24: Total BRUTA MICROCREDITO | C24: =SUM(C21:C23) -> 0 | D24: =SUM(D21:D23) -> 0 | E24: =SUM(E21:E23) -> 0 | F24: =SUM(F21:F23) -> 0 | G24: =SUM(G21:G23) -> 0 | H24: =SUM(H21:H23) -> 0
B26: Descripcion | C26: =+'ALN vs Depositos'!C$19 -> Año 17 | D26: =+'ALN vs Depositos'!D$19 -> Año 18 | E26: =+'ALN vs Depositos'!E$19 -> Año 19 | F26: =+'ALN vs Depositos'!F$19 -> Año 20 | G26: =+'ALN vs Depositos'!G$19 -> Año 21 | H26: =+'ALN vs Depositos'!H$19 -> Año 22
B27: Mora MICRO / Bruta MICRO | C27: =IFERROR(+C18/C24,0%) -> 0 | D27: =IFERROR(+D18/D24,0%) -> 0 | E27: =IFERROR(+E18/E24,0%) -> 0 | F27: =IFERROR(+F18/F24,0%) -> 0 | G27: =IFERROR(+G18/G24,0%) -> 0 | H27: =IFERROR(+H18/H24,0%) -> 0

Sheet 6. SARC - Calidad VIVI
A1: Indicador | B1: Descripción Formula | C1: TIPO | D1: NOMBRE INDICADOR | E1: Descripcion Indicador
A2: RIESGO | B2: =+Indicadores!E7 -> Cartera Calificada en Categorías B, C, D y E "Vivienda" / Cartera Bruta "Vivienda" | C2: =+Indicadores!B7 -> Riesgo Credito | D2: =+Indicadores!C7 -> Indicador de cartera por Riesgo en Vivienda | E2: =+Indicadores!D7 -> Calidad x Riesgo (B,C,D,E)
B3: 2 | C3: 3 | D3: 4 | E3: 5 | F3: 6 | G3: 7 | H3: 8
A4: Cuenta | B4: Descripcion | C4: =+'Indicadores SIAR EVOLUCION'!E2 -> 43070 | D4: =+'Indicadores SIAR EVOLUCION'!F2 -> 43435 | E4: =+'Indicadores SIAR EVOLUCION'!G2 -> 43800 | F4: =+'Indicadores SIAR EVOLUCION'!H2 -> 44166 | G4: =+'Indicadores SIAR EVOLUCION'!I2 -> 44561 | H4: =+'Indicadores SIAR EVOLUCION'!J2 -> 44651
A5: 140410 | B5: =PROPER(VLOOKUP($A5,cuc!$A$4:$AA$2090,B$3,FALSE)) -> Categoría B Riesgo Aceptable | C5: =VLOOKUP($A5,cuc!$A$4:$AA$2090,C$3,FALSE) -> 0 | D5: =VLOOKUP($A5,cuc!$A$4:$AA$2090,D$3,FALSE) -> 0 | E5: =VLOOKUP($A5,cuc!$A$4:$AA$2090,E$3,FALSE) -> 0 | F5: =VLOOKUP($A5,cuc!$A$4:$AA$2090,F$3,FALSE) -> 0 | G5: =VLOOKUP($A5,cuc!$A$4:$AA$2090,G$3,FALSE) -> 0 | H5: =VLOOKUP($A5,cuc!$A$4:$AA$2090,H$3,FALSE) -> 0 | X5: 140400 | Y5: 140500 | Z5: 146905 | AA5: 146910 | AB5: 146915 | AC5: 146920 | AD5: 146925
A6: 140415 | B6: =PROPER(VLOOKUP($A6,cuc!$A$4:$AA$2090,B$3,FALSE)) -> Categoría C Riesgo Apreciable | C6: =VLOOKUP($A6,cuc!$A$4:$AA$2090,C$3,FALSE) -> 0 | D6: =VLOOKUP($A6,cuc!$A$4:$AA$2090,D$3,FALSE) -> 0 | E6: =VLOOKUP($A6,cuc!$A$4:$AA$2090,E$3,FALSE) -> 0 | F6: =VLOOKUP($A6,cuc!$A$4:$AA$2090,F$3,FALSE) -> 0 | G6: =VLOOKUP($A6,cuc!$A$4:$AA$2090,G$3,FALSE) -> 0 | H6: =VLOOKUP($A6,cuc!$A$4:$AA$2090,H$3,FALSE) -> 0
A7: 140420 | B7: =PROPER(VLOOKUP($A7,cuc!$A$4:$AA$2090,B$3,FALSE)) -> Categoría D Riesgo Significativo | C7: =VLOOKUP($A7,cuc!$A$4:$AA$2090,C$3,FALSE) -> 0 | D7: =VLOOKUP($A7,cuc!$A$4:$AA$2090,D$3,FALSE) -> 0 | E7: =VLOOKUP($A7,cuc!$A$4:$AA$2090,E$3,FALSE) -> 0 | F7: =VLOOKUP($A7,cuc!$A$4:$AA$2090,F$3,FALSE) -> 0 | G7: =VLOOKUP($A7,cuc!$A$4:$AA$2090,G$3,FALSE) -> 0 | H7: =VLOOKUP($A7,cuc!$A$4:$AA$2090,H$3,FALSE) -> 0
A8: 140425 | B8: =PROPER(VLOOKUP($A8,cuc!$A$4:$AA$2090,B$3,FALSE)) -> Categoría E Riesgo De Incobrabilidad | C8: =VLOOKUP($A8,cuc!$A$4:$AA$2090,C$3,FALSE) -> 0 | D8: =VLOOKUP($A8,cuc!$A$4:$AA$2090,D$3,FALSE) -> 0 | E8: =VLOOKUP($A8,cuc!$A$4:$AA$2090,E$3,FALSE) -> 0 | F8: =VLOOKUP($A8,cuc!$A$4:$AA$2090,F$3,FALSE) -> 0 | G8: =VLOOKUP($A8,cuc!$A$4:$AA$2090,G$3,FALSE) -> 0 | H8: =VLOOKUP($A8,cuc!$A$4:$AA$2090,H$3,FALSE) -> 0
A9: 140510 | B9: =PROPER(VLOOKUP($A9,cuc!$A$4:$AA$2090,B$3,FALSE)) -> Categoría B Riesgo Aceptable | C9: =VLOOKUP($A9,cuc!$A$4:$AA$2090,C$3,FALSE) -> 0 | D9: =VLOOKUP($A9,cuc!$A$4:$AA$2090,D$3,FALSE) -> 0 | E9: =VLOOKUP($A9,cuc!$A$4:$AA$2090,E$3,FALSE) -> 0 | F9: =VLOOKUP($A9,cuc!$A$4:$AA$2090,F$3,FALSE) -> 0 | G9: =VLOOKUP($A9,cuc!$A$4:$AA$2090,G$3,FALSE) -> 0 | H9: =VLOOKUP($A9,cuc!$A$4:$AA$2090,H$3,FALSE) -> 0
A10: 140515 | B10: =PROPER(VLOOKUP($A10,cuc!$A$4:$AA$2090,B$3,FALSE)) -> Categoría C Riesgo Apreciable | C10: =VLOOKUP($A10,cuc!$A$4:$AA$2090,C$3,FALSE) -> 0 | D10: =VLOOKUP($A10,cuc!$A$4:$AA$2090,D$3,FALSE) -> 0 | E10: =VLOOKUP($A10,cuc!$A$4:$AA$2090,E$3,FALSE) -> 0 | F10: =VLOOKUP($A10,cuc!$A$4:$AA$2090,F$3,FALSE) -> 0 | G10: =VLOOKUP($A10,cuc!$A$4:$AA$2090,G$3,FALSE) -> 0 | H10: =VLOOKUP($A10,cuc!$A$4:$AA$2090,H$3,FALSE) -> 0
A11: 140520 | B11: =PROPER(VLOOKUP($A11,cuc!$A$4:$AA$2090,B$3,FALSE)) -> Categoría D Riesgo Significativo | C11: =VLOOKUP($A11,cuc!$A$4:$AA$2090,C$3,FALSE) -> 0 | D11: =VLOOKUP($A11,cuc!$A$4:$AA$2090,D$3,FALSE) -> 0 | E11: =VLOOKUP($A11,cuc!$A$4:$AA$2090,E$3,FALSE) -> 0 | F11: =VLOOKUP($A11,cuc!$A$4:$AA$2090,F$3,FALSE) -> 0 | G11: =VLOOKUP($A11,cuc!$A$4:$AA$2090,G$3,FALSE) -> 0 | H11: =VLOOKUP($A11,cuc!$A$4:$AA$2090,H$3,FALSE) -> 0
A12: 140525 | B12: =PROPER(VLOOKUP($A12,cuc!$A$4:$AA$2090,B$3,FALSE)) -> Categoría E Riesgo De Incobrabilidad | C12: =VLOOKUP($A12,cuc!$A$4:$AA$2090,C$3,FALSE) -> 0 | D12: =VLOOKUP($A12,cuc!$A$4:$AA$2090,D$3,FALSE) -> 0 | E12: =VLOOKUP($A12,cuc!$A$4:$AA$2090,E$3,FALSE) -> 0 | F12: =VLOOKUP($A12,cuc!$A$4:$AA$2090,F$3,FALSE) -> 0 | G12: =VLOOKUP($A12,cuc!$A$4:$AA$2090,G$3,FALSE) -> 0 | H12: =VLOOKUP($A12,cuc!$A$4:$AA$2090,H$3,FALSE) -> 0
A13: 146910 | B13: =PROPER(VLOOKUP($A13,cuc!$A$4:$AA$2090,B$3,FALSE)) -> Categoría B Riesgo Aceptable, Vivienda | C13: =VLOOKUP($A13,cuc!$A$4:$AA$2090,C$3,FALSE) -> 0 | D13: =VLOOKUP($A13,cuc!$A$4:$AA$2090,D$3,FALSE) -> 0 | E13: =VLOOKUP($A13,cuc!$A$4:$AA$2090,E$3,FALSE) -> 0 | F13: =VLOOKUP($A13,cuc!$A$4:$AA$2090,F$3,FALSE) -> 0 | G13: =VLOOKUP($A13,cuc!$A$4:$AA$2090,G$3,FALSE) -> 0 | H13: =VLOOKUP($A13,cuc!$A$4:$AA$2090,H$3,FALSE) -> 0
A14: 146915 | B14: =PROPER(VLOOKUP($A14,cuc!$A$4:$AA$2090,B$3,FALSE)) -> Categoría C Riesgo Apreciable, Vivienda | C14: =VLOOKUP($A14,cuc!$A$4:$AA$2090,C$3,FALSE) -> 0 | D14: =VLOOKUP($A14,cuc!$A$4:$AA$2090,D$3,FALSE) -> 0 | E14: =VLOOKUP($A14,cuc!$A$4:$AA$2090,E$3,FALSE) -> 0 | F14: =VLOOKUP($A14,cuc!$A$4:$AA$2090,F$3,FALSE) -> 0 | G14: =VLOOKUP($A14,cuc!$A$4:$AA$2090,G$3,FALSE) -> 0 | H14: =VLOOKUP($A14,cuc!$A$4:$AA$2090,H$3,FALSE) -> 0
A15: 146920 | B15: =PROPER(VLOOKUP($A15,cuc!$A$4:$AA$2090,B$3,FALSE)) -> Categoría D Riesgo Significativo, Vivienda | C15: =VLOOKUP($A15,cuc!$A$4:$AA$2090,C$3,FALSE) -> 0 | D15: =VLOOKUP($A15,cuc!$A$4:$AA$2090,D$3,FALSE) -> 0 | E15: =VLOOKUP($A15,cuc!$A$4:$AA$2090,E$3,FALSE) -> 0 | F15: =VLOOKUP($A15,cuc!$A$4:$AA$2090,F$3,FALSE) -> 0 | G15: =VLOOKUP($A15,cuc!$A$4:$AA$2090,G$3,FALSE) -> 0 | H15: =VLOOKUP($A15,cuc!$A$4:$AA$2090,H$3,FALSE) -> 0
A16: 146925 | B16: =PROPER(VLOOKUP($A16,cuc!$A$4:$AA$2090,B$3,FALSE)) -> Categoría E Riesgo De Incobrabilidad, Vivienda | C16: =VLOOKUP($A16,cuc!$A$4:$AA$2090,C$3,FALSE) -> 0 | D16: =VLOOKUP($A16,cuc!$A$4:$AA$2090,D$3,FALSE) -> 0 | E16: =VLOOKUP($A16,cuc!$A$4:$AA$2090,E$3,FALSE) -> 0 | F16: =VLOOKUP($A16,cuc!$A$4:$AA$2090,F$3,FALSE) -> 0 | G16: =VLOOKUP($A16,cuc!$A$4:$AA$2090,G$3,FALSE) -> 0 | H16: =VLOOKUP($A16,cuc!$A$4:$AA$2090,H$3,FALSE) -> 0
B17: Total MORA VIVIENDA | C17: =+SUM(C5:C16) -> 0 | D17: =+SUM(D5:D16) -> 0 | E17: =+SUM(E5:E16) -> 0 | F17: =+SUM(F5:F16) -> 0 | G17: =+SUM(G5:G16) -> 0 | H17: =+SUM(H5:H16) -> 0
A19: Cuenta | B19: Descripción | C19: =+C$4 -> 43070 | D19: =+D$4 -> 43435 | E19: =+E$4 -> 43800 | F19: =+F$4 -> 44166 | G19: =+G$4 -> 44561 | H19: =+H$4 -> 44651
A20: 140400 | B20: =PROPER(VLOOKUP($A20,cuc!$A$4:$AA$2090,B$3,FALSE)) -> Créditos De Vivienda - Con Libranza | C20: =VLOOKUP($A20,cuc!$A$4:$AA$2090,C$3,FALSE) -> 0 | D20: =VLOOKUP($A20,cuc!$A$4:$AA$2090,D$3,FALSE) -> 0 | E20: =VLOOKUP($A20,cuc!$A$4:$AA$2090,E$3,FALSE) -> 0 | F20: =VLOOKUP($A20,cuc!$A$4:$AA$2090,F$3,FALSE) -> 0 | G20: =VLOOKUP($A20,cuc!$A$4:$AA$2090,G$3,FALSE) -> 0 | H20: =VLOOKUP($A20,cuc!$A$4:$AA$2090,H$3,FALSE) -> 0
A21: 140500 | B21: =PROPER(VLOOKUP($A21,cuc!$A$4:$AA$2090,B$3,FALSE)) -> Créditos De Vivienda - Sin Libranza | C21: =VLOOKUP($A21,cuc!$A$4:$AA$2090,C$3,FALSE) -> 0 | D21: =VLOOKUP($A21,cuc!$A$4:$AA$2090,D$3,FALSE) -> 0 | E21: =VLOOKUP($A21,cuc!$A$4:$AA$2090,E$3,FALSE) -> 0 | F21: =VLOOKUP($A21,cuc!$A$4:$AA$2090,F$3,FALSE) -> 0 | G21: =VLOOKUP($A21,cuc!$A$4:$AA$2090,G$3,FALSE) -> 0 | H21: =VLOOKUP($A21,cuc!$A$4:$AA$2090,H$3,FALSE) -> 0
A22: 146905 | B22: =PROPER(VLOOKUP($A22,cuc!$A$4:$AA$2090,B$3,FALSE)) -> Categoría A Riesgo Normal, Vivienda | C22: =VLOOKUP($A22,cuc!$A$4:$AA$2090,C$3,FALSE) -> 0 | D22: =VLOOKUP($A22,cuc!$A$4:$AA$2090,D$3,FALSE) -> 0 | E22: =VLOOKUP($A22,cuc!$A$4:$AA$2090,E$3,FALSE) -> 0 | F22: =VLOOKUP($A22,cuc!$A$4:$AA$2090,F$3,FALSE) -> 0 | G22: =VLOOKUP($A22,cuc!$A$4:$AA$2090,G$3,FALSE) -> 0 | H22: =VLOOKUP($A22,cuc!$A$4:$AA$2090,H$3,FALSE) -> 0
A23: 146910 | B23: =PROPER(VLOOKUP($A23,cuc!$A$4:$AA$2090,B$3,FALSE)) -> Categoría B Riesgo Aceptable, Vivienda | C23: =VLOOKUP($A23,cuc!$A$4:$AA$2090,C$3,FALSE) -> 0 | D23: =VLOOKUP($A23,cuc!$A$4:$AA$2090,D$3,FALSE) -> 0 | E23: =VLOOKUP($A23,cuc!$A$4:$AA$2090,E$3,FALSE) -> 0 | F23: =VLOOKUP($A23,cuc!$A$4:$AA$2090,F$3,FALSE) -> 0 | G23: =VLOOKUP($A23,cuc!$A$4:$AA$2090,G$3,FALSE) -> 0 | H23: =VLOOKUP($A23,cuc!$A$4:$AA$2090,H$3,FALSE) -> 0
A24: 146915 | B24: =PROPER(VLOOKUP($A24,cuc!$A$4:$AA$2090,B$3,FALSE)) -> Categoría C Riesgo Apreciable, Vivienda | C24: =VLOOKUP($A24,cuc!$A$4:$AA$2090,C$3,FALSE) -> 0 | D24: =VLOOKUP($A24,cuc!$A$4:$AA$2090,D$3,FALSE) -> 0 | E24: =VLOOKUP($A24,cuc!$A$4:$AA$2090,E$3,FALSE) -> 0 | F24: =VLOOKUP($A24,cuc!$A$4:$AA$2090,F$3,FALSE) -> 0 | G24: =VLOOKUP($A24,cuc!$A$4:$AA$2090,G$3,FALSE) -> 0 | H24: =VLOOKUP($A24,cuc!$A$4:$AA$2090,H$3,FALSE) -> 0
A25: 146920 | B25: =PROPER(VLOOKUP($A25,cuc!$A$4:$AA$2090,B$3,FALSE)) -> Categoría D Riesgo Significativo, Vivienda | C25: =VLOOKUP($A25,cuc!$A$4:$AA$2090,C$3,FALSE) -> 0 | D25: =VLOOKUP($A25,cuc!$A$4:$AA$2090,D$3,FALSE) -> 0 | E25: =VLOOKUP($A25,cuc!$A$4:$AA$2090,E$3,FALSE) -> 0 | F25: =VLOOKUP($A25,cuc!$A$4:$AA$2090,F$3,FALSE) -> 0 | G25: =VLOOKUP($A25,cuc!$A$4:$AA$2090,G$3,FALSE) -> 0 | H25: =VLOOKUP($A25,cuc!$A$4:$AA$2090,H$3,FALSE) -> 0
A26: 146925 | B26: =PROPER(VLOOKUP($A26,cuc!$A$4:$AA$2090,B$3,FALSE)) -> Categoría E Riesgo De Incobrabilidad, Vivienda | C26: =VLOOKUP($A26,cuc!$A$4:$AA$2090,C$3,FALSE) -> 0 | D26: =VLOOKUP($A26,cuc!$A$4:$AA$2090,D$3,FALSE) -> 0 | E26: =VLOOKUP($A26,cuc!$A$4:$AA$2090,E$3,FALSE) -> 0 | F26: =VLOOKUP($A26,cuc!$A$4:$AA$2090,F$3,FALSE) -> 0 | G26: =VLOOKUP($A26,cuc!$A$4:$AA$2090,G$3,FALSE) -> 0 | H26: =VLOOKUP($A26,cuc!$A$4:$AA$2090,H$3,FALSE) -> 0
B27: Total BRUTA VIVIENDA | C27: =SUM(C20:C26) -> 0 | D27: =SUM(D20:D26) -> 0 | E27: =SUM(E20:E26) -> 0 | F27: =SUM(F20:F26) -> 0 | G27: =SUM(G20:G26) -> 0 | H27: =SUM(H20:H26) -> 0
C28: =+C27/'1. SARC - Calidad Cartera'!C72 -> 0 | D28: =+D27/'1. SARC - Calidad Cartera'!D72 -> 0 | E28: =+E27/'1. SARC - Calidad Cartera'!E72 -> 0 | F28: =+F27/'1. SARC - Calidad Cartera'!F72 -> 0 | G28: =+G27/'1. SARC - Calidad Cartera'!G72 -> 0 | H28: =+H27/'1. SARC - Calidad Cartera'!H72 -> 0
B29: Descripcion | C29: =+'ALN vs Depositos'!C$19 -> Año 17 | D29: =+'ALN vs Depositos'!D$19 -> Año 18 | E29: =+'ALN vs Depositos'!E$19 -> Año 19 | F29: =+'ALN vs Depositos'!F$19 -> Año 20 | G29: =+'ALN vs Depositos'!G$19 -> Año 21 | H29: =+'ALN vs Depositos'!H$19 -> Año 22
B30: Mora VIVI / Bruta VIVI | C30: =IFERROR(+C17/C27,0%) -> 0 | D30: =IFERROR(+D17/D27,0%) -> 0 | E30: =IFERROR(+E17/E27,0%) -> 0 | F30: =IFERROR(+F17/F27,0%) -> 0 | G30: =IFERROR(+G17/G27,0%) -> 0 | H30: =IFERROR(+H17/H27,0%) -> 0

Sheet 7. SARC - Cobertura TOTAL
A1: Indicador | B1: Descripción Formula | C1: TIPO | D1: NOMBRE INDICADOR | E1: Descripcion Indicador
A2: RIESGO | B2: =+Indicadores!E34 -> Deterioro / Cartera Bruta | C2: =+Indicadores!B34 -> Activo | D2: =+Indicadores!C34 -> Indicador de Cobertura de la Cartera Total en Riesgo | E2: =+Indicadores!D34 -> Deterioro / Cartera Bruta
B3: 2 | C3: 3 | D3: 4 | E3: 5 | F3: 6 | G3: 7 | H3: 8
A4: Cuenta | B4: Descripcion | C4: =+'Indicadores SIAR EVOLUCION'!E2 -> 43070 | D4: =+'Indicadores SIAR EVOLUCION'!F2 -> 43435 | E4: =+'Indicadores SIAR EVOLUCION'!G2 -> 43800 | F4: =+'Indicadores SIAR EVOLUCION'!H2 -> 44166 | G4: =+'Indicadores SIAR EVOLUCION'!I2 -> 44561 | H4: =+'Indicadores SIAR EVOLUCION'!J2 -> 44651
A5: 140800 | B5: =PROPER(VLOOKUP($A5,cuc!$A$4:$AA$2090,B$3,FALSE)) -> Deterioro Créditos De Vivienda (Cr) | C5: =VLOOKUP($A5,cuc!$A$4:$AA$2090,C$3,FALSE) -> 0 | D5: =VLOOKUP($A5,cuc!$A$4:$AA$2090,D$3,FALSE) -> 0 | E5: =VLOOKUP($A5,cuc!$A$4:$AA$2090,E$3,FALSE) -> 0 | F5: =VLOOKUP($A5,cuc!$A$4:$AA$2090,F$3,FALSE) -> 0 | G5: =VLOOKUP($A5,cuc!$A$4:$AA$2090,G$3,FALSE) -> 0 | H5: =VLOOKUP($A5,cuc!$A$4:$AA$2090,H$3,FALSE) -> 0 | X5: 140400 | Y5: 140500 | Z5: 146905 | AA5: 146910 | AB5: 146915 | AC5: 146920 | AD5: 146925
A6: 144500 | B6: =PROPER(VLOOKUP($A6,cuc!$A$4:$AA$2090,B$3,FALSE)) -> Deterioro CrÉditos De Consumo (Cr) | C6: =VLOOKUP($A6,cuc!$A$4:$AA$2090,C$3,FALSE) -> 6256630 | D6: =VLOOKUP($A6,cuc!$A$4:$AA$2090,D$3,FALSE) -> 41657975 | E6: =VLOOKUP($A6,cuc!$A$4:$AA$2090,E$3,FALSE) -> 99688699 | F6: =VLOOKUP($A6,cuc!$A$4:$AA$2090,F$3,FALSE) -> 197536581 | G6: =VLOOKUP($A6,cuc!$A$4:$AA$2090,G$3,FALSE) -> 221864110 | H6: =VLOOKUP($A6,cuc!$A$4:$AA$2090,H$3,FALSE) -> 253320178
A7: 145100 | B7: =PROPER(VLOOKUP($A7,cuc!$A$4:$AA$2090,B$3,FALSE)) -> Deterioro Microcrédito Inmobiliario (Cr) | C7: =VLOOKUP($A7,cuc!$A$4:$AA$2090,C$3,FALSE) -> 0 | D7: =VLOOKUP($A7,cuc!$A$4:$AA$2090,D$3,FALSE) -> 0 | E7: =VLOOKUP($A7,cuc!$A$4:$AA$2090,E$3,FALSE) -> 0 | F7: =VLOOKUP($A7,cuc!$A$4:$AA$2090,F$3,FALSE) -> 0 | G7: =VLOOKUP($A7,cuc!$A$4:$AA$2090,G$3,FALSE) -> 0 | H7: =VLOOKUP($A7,cuc!$A$4:$AA$2090,H$3,FALSE) -> 0
A8: 145800 | B8: =PROPER(VLOOKUP($A8,cuc!$A$4:$AA$2090,B$3,FALSE)) -> Deterioro Microcrédito Empresarial (Cr) | C8: =VLOOKUP($A8,cuc!$A$4:$AA$2090,C$3,FALSE) -> 0 | D8: =VLOOKUP($A8,cuc!$A$4:$AA$2090,D$3,FALSE) -> 0 | E8: =VLOOKUP($A8,cuc!$A$4:$AA$2090,E$3,FALSE) -> 0 | F8: =VLOOKUP($A8,cuc!$A$4:$AA$2090,F$3,FALSE) -> 0 | G8: =VLOOKUP($A8,cuc!$A$4:$AA$2090,G$3,FALSE) -> 0 | H8: =VLOOKUP($A8,cuc!$A$4:$AA$2090,H$3,FALSE) -> 0
A9: 146500 | B9: =PROPER(VLOOKUP($A9,cuc!$A$4:$AA$2090,B$3,FALSE)) -> Deterioro CréDitos Comerciales (Cr) | C9: =VLOOKUP($A9,cuc!$A$4:$AA$2090,C$3,FALSE) -> 0 | D9: =VLOOKUP($A9,cuc!$A$4:$AA$2090,D$3,FALSE) -> 0 | E9: =VLOOKUP($A9,cuc!$A$4:$AA$2090,E$3,FALSE) -> 0 | F9: =VLOOKUP($A9,cuc!$A$4:$AA$2090,F$3,FALSE) -> 0 | G9: =VLOOKUP($A9,cuc!$A$4:$AA$2090,G$3,FALSE) -> 0 | H9: =VLOOKUP($A9,cuc!$A$4:$AA$2090,H$3,FALSE) -> 0
A10: 146800 | B10: =PROPER(VLOOKUP($A10,cuc!$A$4:$AA$2090,B$3,FALSE)) -> Deterioro General De Cartera De CrÉditos (Cr) | C10: =VLOOKUP($A10,cuc!$A$4:$AA$2090,C$3,FALSE) -> 186160968 | D10: =VLOOKUP($A10,cuc!$A$4:$AA$2090,D$3,FALSE) -> 194960081 | E10: =VLOOKUP($A10,cuc!$A$4:$AA$2090,E$3,FALSE) -> 228267351 | F10: =VLOOKUP($A10,cuc!$A$4:$AA$2090,F$3,FALSE) -> 252558421 | G10: =VLOOKUP($A10,cuc!$A$4:$AA$2090,G$3,FALSE) -> 282321303 | H10: =VLOOKUP($A10,cuc!$A$4:$AA$2090,H$3,FALSE) -> 294206862
A11: 147100 | B11: =PROPER(VLOOKUP($A11,cuc!$A$4:$AA$2090,B$3,FALSE)) -> Deterioro CréDitos A Empleados (Cr) | C11: =VLOOKUP($A11,cuc!$A$4:$AA$2090,C$3,FALSE) -> 0 | D11: =VLOOKUP($A11,cuc!$A$4:$AA$2090,D$3,FALSE) -> 0 | E11: =VLOOKUP($A11,cuc!$A$4:$AA$2090,E$3,FALSE) -> 0 | F11: =VLOOKUP($A11,cuc!$A$4:$AA$2090,F$3,FALSE) -> 0 | G11: =VLOOKUP($A11,cuc!$A$4:$AA$2090,G$3,FALSE) -> 0 | H11: =VLOOKUP($A11,cuc!$A$4:$AA$2090,H$3,FALSE) -> 0
B12: Total Deterioro | C12: =+SUM(C5:C11) -> 192417598 | D12: =+SUM(D5:D11) -> 236618056 | E12: =+SUM(E5:E11) -> 327956050 | F12: =+SUM(F5:F11) -> 450095002 | G12: =+SUM(G5:G11) -> 504185413 | H12: =+SUM(H5:H11) -> 547527040
A14: Cuenta | B14: Descripción | C14: =+C$4 -> 43070 | D14: =+D$4 -> 43435 | E14: =+E$4 -> 43800 | F14: =+F$4 -> 44166 | G14: =+G$4 -> 44561 | H14: =+H$4 -> 44651
A15: 140400 | B15: =PROPER(VLOOKUP($A15,cuc!$A$4:$AA$2090,B$3,FALSE)) -> Créditos De Vivienda - Con Libranza | C15: =VLOOKUP($A15,cuc!$A$4:$AA$2090,C$3,FALSE) -> 0 | D15: =VLOOKUP($A15,cuc!$A$4:$AA$2090,D$3,FALSE) -> 0 | E15: =VLOOKUP($A15,cuc!$A$4:$AA$2090,E$3,FALSE) -> 0 | F15: =VLOOKUP($A15,cuc!$A$4:$AA$2090,F$3,FALSE) -> 0 | G15: =VLOOKUP($A15,cuc!$A$4:$AA$2090,G$3,FALSE) -> 0 | H15: =VLOOKUP($A15,cuc!$A$4:$AA$2090,H$3,FALSE) -> 0
A16: 140500 | B16: =PROPER(VLOOKUP($A16,cuc!$A$4:$AA$2090,B$3,FALSE)) -> Créditos De Vivienda - Sin Libranza | C16: =VLOOKUP($A16,cuc!$A$4:$AA$2090,C$3,FALSE) -> 0 | D16: =VLOOKUP($A16,cuc!$A$4:$AA$2090,D$3,FALSE) -> 0 | E16: =VLOOKUP($A16,cuc!$A$4:$AA$2090,E$3,FALSE) -> 0 | F16: =VLOOKUP($A16,cuc!$A$4:$AA$2090,F$3,FALSE) -> 0 | G16: =VLOOKUP($A16,cuc!$A$4:$AA$2090,G$3,FALSE) -> 0 | H16: =VLOOKUP($A16,cuc!$A$4:$AA$2090,H$3,FALSE) -> 0
A17: 141100 | B17: =PROPER(VLOOKUP($A17,cuc!$A$4:$AA$2090,B$3,FALSE)) -> Créditos De Consumo, Garantía Admisible - Con Libranza | C17: =VLOOKUP($A17,cuc!$A$4:$AA$2090,C$3,FALSE) -> 3518501134 | D17: =VLOOKUP($A17,cuc!$A$4:$AA$2090,D$3,FALSE) -> 4826506976 | E17: =VLOOKUP($A17,cuc!$A$4:$AA$2090,E$3,FALSE) -> 5853374514 | F17: =VLOOKUP($A17,cuc!$A$4:$AA$2090,F$3,FALSE) -> 6508331137 | G17: =VLOOKUP($A17,cuc!$A$4:$AA$2090,G$3,FALSE) -> 6860544148 | H17: =VLOOKUP($A17,cuc!$A$4:$AA$2090,H$3,FALSE) -> 7298307740
A18: 141200 | B18: =PROPER(VLOOKUP($A18,cuc!$A$4:$AA$2090,B$3,FALSE)) -> Créditos De Consumo, Garantía Admisible - Sin Libranza | C18: =VLOOKUP($A18,cuc!$A$4:$AA$2090,C$3,FALSE) -> 1408838496 | D18: =VLOOKUP($A18,cuc!$A$4:$AA$2090,D$3,FALSE) -> 1666978801 | E18: =VLOOKUP($A18,cuc!$A$4:$AA$2090,E$3,FALSE) -> 1585611712 | F18: =VLOOKUP($A18,cuc!$A$4:$AA$2090,F$3,FALSE) -> 1938844296 | G18: =VLOOKUP($A18,cuc!$A$4:$AA$2090,G$3,FALSE) -> 1617873248 | H18: =VLOOKUP($A18,cuc!$A$4:$AA$2090,H$3,FALSE) -> 1563257873
A19: 144100 | B19: =PROPER(VLOOKUP($A19,cuc!$A$4:$AA$2090,B$3,FALSE)) -> Créditos De Consumo, Otras Garantías - Con Libranza | C19: =VLOOKUP($A19,cuc!$A$4:$AA$2090,C$3,FALSE) -> 6419086829 | D19: =VLOOKUP($A19,cuc!$A$4:$AA$2090,D$3,FALSE) -> 6574595288 | E19: =VLOOKUP($A19,cuc!$A$4:$AA$2090,E$3,FALSE) -> 7280780874 | F19: =VLOOKUP($A19,cuc!$A$4:$AA$2090,F$3,FALSE) -> 8294925923 | G19: =VLOOKUP($A19,cuc!$A$4:$AA$2090,G$3,FALSE) -> 10425048411 | H19: =VLOOKUP($A19,cuc!$A$4:$AA$2090,H$3,FALSE) -> 10539919601
A20: 144200 | B20: =PROPER(VLOOKUP($A20,cuc!$A$4:$AA$2090,B$3,FALSE)) -> Créditos De Consumo, Otras Garantías - Sin Libranza | C20: =VLOOKUP($A20,cuc!$A$4:$AA$2090,C$3,FALSE) -> 2705901805 | D20: =VLOOKUP($A20,cuc!$A$4:$AA$2090,D$3,FALSE) -> 3.1364248e+09 | E20: =VLOOKUP($A20,cuc!$A$4:$AA$2090,E$3,FALSE) -> 4659986190 | F20: =VLOOKUP($A20,cuc!$A$4:$AA$2090,F$3,FALSE) -> 4845930937 | G20: =VLOOKUP($A20,cuc!$A$4:$AA$2090,G$3,FALSE) -> 5.3902831e+09 | H20: =VLOOKUP($A20,cuc!$A$4:$AA$2090,H$3,FALSE) -> 5.9727691e+09
A21: 145400 | B21: =PROPER(VLOOKUP($A21,cuc!$A$4:$AA$2090,B$3,FALSE)) -> Microcrédito Empresarial - Garantía Admisible | C21: =VLOOKUP($A21,cuc!$A$4:$AA$2090,C$3,FALSE) -> 0 | D21: =VLOOKUP($A21,cuc!$A$4:$AA$2090,D$3,FALSE) -> 0 | E21: =VLOOKUP($A21,cuc!$A$4:$AA$2090,E$3,FALSE) -> 0 | F21: =VLOOKUP($A21,cuc!$A$4:$AA$2090,F$3,FALSE) -> 0 | G21: =VLOOKUP($A21,cuc!$A$4:$AA$2090,G$3,FALSE) -> 0 | H21: =VLOOKUP($A21,cuc!$A$4:$AA$2090,H$3,FALSE) -> 0
A22: 144800 | B22: =PROPER(VLOOKUP($A22,cuc!$A$4:$AA$2090,B$3,FALSE)) -> Microcrédito Inmobiliario | C22: =VLOOKUP($A22,cuc!$A$4:$AA$2090,C$3,FALSE) -> 0 | D22: =VLOOKUP($A22,cuc!$A$4:$AA$2090,D$3,FALSE) -> 0 | E22: =VLOOKUP($A22,cuc!$A$4:$AA$2090,E$3,FALSE) -> 0 | F22: =VLOOKUP($A22,cuc!$A$4:$AA$2090,F$3,FALSE) -> 0 | G22: =VLOOKUP($A22,cuc!$A$4:$AA$2090,G$3,FALSE) -> 0 | H22: =VLOOKUP($A22,cuc!$A$4:$AA$2090,H$3,FALSE) -> 0
A23: 145500 | B23: =PROPER(VLOOKUP($A23,cuc!$A$4:$AA$2090,B$3,FALSE)) -> Microcrédito Empresarial - Otras Garantías | C23: =VLOOKUP($A23,cuc!$A$4:$AA$2090,C$3,FALSE) -> 0 | D23: =VLOOKUP($A23,cuc!$A$4:$AA$2090,D$3,FALSE) -> 0 | E23: =VLOOKUP($A23,cuc!$A$4:$AA$2090,E$3,FALSE) -> 0 | F23: =VLOOKUP($A23,cuc!$A$4:$AA$2090,F$3,FALSE) -> 0 | G23: =VLOOKUP($A23,cuc!$A$4:$AA$2090,G$3,FALSE) -> 0 | H23: =VLOOKUP($A23,cuc!$A$4:$AA$2090,H$3,FALSE) -> 0
A24: 146100 | B24: =PROPER(VLOOKUP($A24,cuc!$A$4:$AA$2090,B$3,FALSE)) -> Créditos Comerciales - Garantía Admisible | C24: =VLOOKUP($A24,cuc!$A$4:$AA$2090,C$3,FALSE) -> 0 | D24: =VLOOKUP($A24,cuc!$A$4:$AA$2090,D$3,FALSE) -> 0 | E24: =VLOOKUP($A24,cuc!$A$4:$AA$2090,E$3,FALSE) -> 0 | F24: =VLOOKUP($A24,cuc!$A$4:$AA$2090,F$3,FALSE) -> 0 | G24: =VLOOKUP($A24,cuc!$A$4:$AA$2090,G$3,FALSE) -> 0 | H24: =VLOOKUP($A24,cuc!$A$4:$AA$2090,H$3,FALSE) -> 0
A25: 146200 | B25: =PROPER(VLOOKUP($A25,cuc!$A$4:$AA$2090,B$3,FALSE)) -> Créditos Comerciales - Otras Garantías | C25: =VLOOKUP($A25,cuc!$A$4:$AA$2090,C$3,FALSE) -> 0 | D25: =VLOOKUP($A25,cuc!$A$4:$AA$2090,D$3,FALSE) -> 0 | E25: =VLOOKUP($A25,cuc!$A$4:$AA$2090,E$3,FALSE) -> 0 | F25: =VLOOKUP($A25,cuc!$A$4:$AA$2090,F$3,FALSE) -> 0 | G25: =VLOOKUP($A25,cuc!$A$4:$AA$2090,G$3,FALSE) -> 0 | H25: =VLOOKUP($A25,cuc!$A$4:$AA$2090,H$3,FALSE) -> 0
A26: 146900 | B26: =PROPER(VLOOKUP($A26,cuc!$A$4:$AA$2090,B$3,FALSE)) -> CréDitos A Empleados | C26: =VLOOKUP($A26,cuc!$A$4:$AA$2090,C$3,FALSE) -> 0 | D26: =VLOOKUP($A26,cuc!$A$4:$AA$2090,D$3,FALSE) -> 0 | E26: =VLOOKUP($A26,cuc!$A$4:$AA$2090,E$3,FALSE) -> 0 | F26: =VLOOKUP($A26,cuc!$A$4:$AA$2090,F$3,FALSE) -> 0 | G26: =VLOOKUP($A26,cuc!$A$4:$AA$2090,G$3,FALSE) -> 0 | H26: =VLOOKUP($A26,cuc!$A$4:$AA$2090,H$3,FALSE) -> 0
B27: Total CARTERA BRUTA | C27: =SUM(C15:C26) -> 14052328264 | D27: =SUM(D15:D26) -> 1.6204506e+10 | E27: =SUM(E15:E26) -> 19379753290 | F27: =SUM(F15:F26) -> 21588032293 | G27: =SUM(G15:G26) -> 2.4293749e+10 | H27: =SUM(H15:H26) -> 2.5374254e+10
B29: Descripcion | C29: =+'ALN vs Depositos'!C$19 -> Año 17 | D29: =+'ALN vs Depositos'!D$19 -> Año 18 | E29: =+'ALN vs Depositos'!E$19 -> Año 19 | F29: =+'ALN vs Depositos'!F$19 -> Año 20 | G29: =+'ALN vs Depositos'!G$19 -> Año 21 | H29: =+'ALN vs Depositos'!H$19 -> Año 22
B30: Deterioro / Cartera Bruta | C30: =IFERROR(+C12/C27,0%) -> 0.013692934 | D30: =IFERROR(+D12/D27,0%) -> 0.014601991 | E30: =IFERROR(+E12/E27,0%) -> 0.016922612 | F30: =IFERROR(+F12/F27,0%) -> 0.020849283 | G30: =IFERROR(+G12/G27,0%) -> 0.02075371 | H30: =IFERROR(+H12/H27,0%) -> 0.021578054

Sheet 7. SARC - Cobertura consumo
A1: Indicador | B1: Descripción Formula | C1: TIPO | D1: NOMBRE INDICADOR | E1: Descripcion Indicador
A2: RIESGO | B2: =+Indicadores!E8 -> Deterioro / Cartera Vencida | C2: =+Indicadores!B8 -> Riesgo Credito | D2: =+Indicadores!C8 -> Indicador de Cobertura de la Cartera de Consumo en Riesgo | E2: =+Indicadores!D8 -> Cobertura (B, C, D, E)
B3: 2 | C3: 3 | D3: 4 | E3: 5 | F3: 6 | G3: 7 | H3: 8
A4: Cuenta | B4: Descripcion | C4: =+'Indicadores SIAR EVOLUCION'!E2 -> 43070 | D4: =+'Indicadores SIAR EVOLUCION'!F2 -> 43435 | E4: =+'Indicadores SIAR EVOLUCION'!G2 -> 43800 | F4: =+'Indicadores SIAR EVOLUCION'!H2 -> 44166 | G4: =+'Indicadores SIAR EVOLUCION'!I2 -> 44561 | H4: =+'Indicadores SIAR EVOLUCION'!J2 -> 44651
A5: 144505 | B5: =PROPER(VLOOKUP($A5,cuc!$A$4:$AA$2090,B$3,FALSE)) -> Categoría A Riesgo Normal Garantía Admisible | C5: =VLOOKUP($A5,cuc!$A$4:$AA$2090,C$3,FALSE) -> 0 | D5: =VLOOKUP($A5,cuc!$A$4:$AA$2090,D$3,FALSE) -> 0 | E5: =VLOOKUP($A5,cuc!$A$4:$AA$2090,E$3,FALSE) -> 0 | F5: =VLOOKUP($A5,cuc!$A$4:$AA$2090,F$3,FALSE) -> 0 | G5: =VLOOKUP($A5,cuc!$A$4:$AA$2090,G$3,FALSE) -> 0 | H5: =VLOOKUP($A5,cuc!$A$4:$AA$2090,H$3,FALSE) -> 0 | X5: 140400 | Y5: 140500 | Z5: 146905 | AA5: 146910 | AB5: 146915 | AC5: 146920 | AD5: 146925
A6: 144510 | B6: =PROPER(VLOOKUP($A6,cuc!$A$4:$AA$2090,B$3,FALSE)) -> Categoría A Riesgo Normal Otras Garantías | C6: =VLOOKUP($A6,cuc!$A$4:$AA$2090,C$3,FALSE) -> 0 | D6: =VLOOKUP($A6,cuc!$A$4:$AA$2090,D$3,FALSE) -> 0 | E6: =VLOOKUP($A6,cuc!$A$4:$AA$2090,E$3,FALSE) -> 0 | F6: =VLOOKUP($A6,cuc!$A$4:$AA$2090,F$3,FALSE) -> 0 | G6: =VLOOKUP($A6,cuc!$A$4:$AA$2090,G$3,FALSE) -> 0 | H6: =VLOOKUP($A6,cuc!$A$4:$AA$2090,H$3,FALSE) -> 0
A7: 144515 | B7: =PROPER(VLOOKUP($A7,cuc!$A$4:$AA$2090,B$3,FALSE)) -> Categoría B Riesgo Aceptable Garantía Admisible | C7: =VLOOKUP($A7,cuc!$A$4:$AA$2090,C$3,FALSE) -> 0 | D7: =VLOOKUP($A7,cuc!$A$4:$AA$2090,D$3,FALSE) -> 0 | E7: =VLOOKUP($A7,cuc!$A$4:$AA$2090,E$3,FALSE) -> 0 | F7: =VLOOKUP($A7,cuc!$A$4:$AA$2090,F$3,FALSE) -> 0 | G7: =VLOOKUP($A7,cuc!$A$4:$AA$2090,G$3,FALSE) -> 0 | H7: =VLOOKUP($A7,cuc!$A$4:$AA$2090,H$3,FALSE) -> 0
A8: 144520 | B8: =PROPER(VLOOKUP($A8,cuc!$A$4:$AA$2090,B$3,FALSE)) -> Categoría B Riesgo Aceptable Otras Garantías | C8: =VLOOKUP($A8,cuc!$A$4:$AA$2090,C$3,FALSE) -> 31444 | D8: =VLOOKUP($A8,cuc!$A$4:$AA$2090,D$3,FALSE) -> 65555 | E8: =VLOOKUP($A8,cuc!$A$4:$AA$2090,E$3,FALSE) -> 549943 | F8: =VLOOKUP($A8,cuc!$A$4:$AA$2090,F$3,FALSE) -> 127430 | G8: =VLOOKUP($A8,cuc!$A$4:$AA$2090,G$3,FALSE) -> 3593997 | H8: =VLOOKUP($A8,cuc!$A$4:$AA$2090,H$3,FALSE) -> 2583088
A9: 144525 | B9: =PROPER(VLOOKUP($A9,cuc!$A$4:$AA$2090,B$3,FALSE)) -> Categoría C Riesgo Apreciable Garantía Admisible | C9: =VLOOKUP($A9,cuc!$A$4:$AA$2090,C$3,FALSE) -> 0 | D9: =VLOOKUP($A9,cuc!$A$4:$AA$2090,D$3,FALSE) -> 0 | E9: =VLOOKUP($A9,cuc!$A$4:$AA$2090,E$3,FALSE) -> 0 | F9: =VLOOKUP($A9,cuc!$A$4:$AA$2090,F$3,FALSE) -> 0 | G9: =VLOOKUP($A9,cuc!$A$4:$AA$2090,G$3,FALSE) -> 0 | H9: =VLOOKUP($A9,cuc!$A$4:$AA$2090,H$3,FALSE) -> 8498355
A10: 144530 | B10: =PROPER(VLOOKUP($A10,cuc!$A$4:$AA$2090,B$3,FALSE)) -> Categoría C Riesgo Apreciable Otras Garantías | C10: =VLOOKUP($A10,cuc!$A$4:$AA$2090,C$3,FALSE) -> 0 | D10: =VLOOKUP($A10,cuc!$A$4:$AA$2090,D$3,FALSE) -> 1294825 | E10: =VLOOKUP($A10,cuc!$A$4:$AA$2090,E$3,FALSE) -> 996500 | F10: =VLOOKUP($A10,cuc!$A$4:$AA$2090,F$3,FALSE) -> 1866879 | G10: =VLOOKUP($A10,cuc!$A$4:$AA$2090,G$3,FALSE) -> 3518639 | H10: =VLOOKUP($A10,cuc!$A$4:$AA$2090,H$3,FALSE) -> 11725149
A11: 144535 | B11: =PROPER(VLOOKUP($A11,cuc!$A$4:$AA$2090,B$3,FALSE)) -> Categoría D Riesgo Significativo Garantía Admisible | C11: =VLOOKUP($A11,cuc!$A$4:$AA$2090,C$3,FALSE) -> 0 | D11: =VLOOKUP($A11,cuc!$A$4:$AA$2090,D$3,FALSE) -> 0 | E11: =VLOOKUP($A11,cuc!$A$4:$AA$2090,E$3,FALSE) -> 0 | F11: =VLOOKUP($A11,cuc!$A$4:$AA$2090,F$3,FALSE) -> 0 | G11: =VLOOKUP($A11,cuc!$A$4:$AA$2090,G$3,FALSE) -> 0 | H11: =VLOOKUP($A11,cuc!$A$4:$AA$2090,H$3,FALSE) -> 0
A12: 144540 | B12: =PROPER(VLOOKUP($A12,cuc!$A$4:$AA$2090,B$3,FALSE)) -> Categoría D Riesgo Significativo Otras Garantías | C12: =VLOOKUP($A12,cuc!$A$4:$AA$2090,C$3,FALSE) -> 5188862 | D12: =VLOOKUP($A12,cuc!$A$4:$AA$2090,D$3,FALSE) -> 11915005 | E12: =VLOOKUP($A12,cuc!$A$4:$AA$2090,E$3,FALSE) -> 4477116 | F12: =VLOOKUP($A12,cuc!$A$4:$AA$2090,F$3,FALSE) -> 8252404 | G12: =VLOOKUP($A12,cuc!$A$4:$AA$2090,G$3,FALSE) -> 5369814 | H12: =VLOOKUP($A12,cuc!$A$4:$AA$2090,H$3,FALSE) -> 11424042
A13: 144545 | B13: =PROPER(VLOOKUP($A13,cuc!$A$4:$AA$2090,B$3,FALSE)) -> Categoría E Riesgo De Incobrabilidad Garantía Admisible | C13: =VLOOKUP($A13,cuc!$A$4:$AA$2090,C$3,FALSE) -> 0 | D13: =VLOOKUP($A13,cuc!$A$4:$AA$2090,D$3,FALSE) -> 0 | E13: =VLOOKUP($A13,cuc!$A$4:$AA$2090,E$3,FALSE) -> 0 | F13: =VLOOKUP($A13,cuc!$A$4:$AA$2090,F$3,FALSE) -> 0 | G13: =VLOOKUP($A13,cuc!$A$4:$AA$2090,G$3,FALSE) -> 0 | H13: =VLOOKUP($A13,cuc!$A$4:$AA$2090,H$3,FALSE) -> 0
A14: 144550 | B14: =PROPER(VLOOKUP($A14,cuc!$A$4:$AA$2090,B$3,FALSE)) -> Categoría E Riesgo De Incobrabilidad Otras Garantías | C14: =VLOOKUP($A14,cuc!$A$4:$AA$2090,C$3,FALSE) -> 1036324 | D14: =VLOOKUP($A14,cuc!$A$4:$AA$2090,D$3,FALSE) -> 28382590 | E14: =VLOOKUP($A14,cuc!$A$4:$AA$2090,E$3,FALSE) -> 93665140 | F14: =VLOOKUP($A14,cuc!$A$4:$AA$2090,F$3,FALSE) -> 187289868 | G14: =VLOOKUP($A14,cuc!$A$4:$AA$2090,G$3,FALSE) -> 209381660 | H14: =VLOOKUP($A14,cuc!$A$4:$AA$2090,H$3,FALSE) -> 219089544
